Workbook
Name Print_Area_MI: #REF!
Name Print_Area_MI: #REF!

Sheet 索引目录
B2: 资产评估明细表索引目录
B4: 填表说明（填表前请先阅读）
B5: 企业基本情况表 | C5: 资产负债表 | D5: 汇总表 | E5: 分类汇总表
C7: 流动资产 | D7: 货币资金 | E7: 现金 | G7: 流动负债 | I7: 短期借款
E8: 银行存款 | I8: 交易性金融负债
E9: 其他货币资金 | I9: 衍生金融负债
D10: 交易性金融资产 | E10: 股票投资 | I10: 应付票据
D11: 衍生金融资产 | E11: 债券投资 | I11: 应付账款
D12: 应收票据 | E12: 基金投资 | I12: 预收款项
D13: 应收账款 | I13: 合同负债
D14: 应收款项融资 | I14: 职工薪酬
D15: 预付账款 | I15: 应交税费
D16: 其他应收款 | E16: 应收利息 | I16: 应付利息
E17: 应收股利 | I17: 应付股利（应付利润）
E18: 其他应收款 | I18: 其他应付款
D19: 存货 | E19: 材料采购（在途物资） | I19: 持有待售负债
E20: 原材料 | I20: 一年内到期的非流动负债
E21: 在库周转材料 | I21: 其他流动负债
E22: 委托加工物资
E23: 产成品（库存商品）
E24: 在产品（自制半成品） | G24: 非流动负债 | I24: 长期借款
E25: 发出商品 | I25: 应付债券
E26: 在用周转材料 | I26: 租赁负债
E27: 未结算工程 | I27: 长期应付款
E28: 消耗性生物性资产 | I28: 预计负债
D29: 合同资产 | I29: 递延收益
D30: 持有待售资产 | I30: 递延所得税负债
D31: 一年到期非流动资产 | I31: 其他非流动负债
D32: 其他流动资产
D33: 债券投资
C34: 非流动资产 | D34: 其他债券投资
D35: 长期应收款
D36: 长期股权投资
D37: 其他权益工具投资
D38: 其他非流动金融资产
D39: 投资性房地产 | E39: 投资性房地产（成本计量）
E40: 投资性房地产（公允计量）
E41: 投资性地产（成本计量）
E42: 投资性地产(公允计量）
D44: 固定资产 | E44: 房屋建筑物
E45: 构筑物及其他辅助设施
E46: 管道及沟槽
E47: 机器设备
E48: 车辆
E49: 电子设备
E50: 土地
D51: 在建工程 | E51: 在建工程-土建工程
E52: 在建工程-设备安装工程
D53: 工程物资
D54: 固定资产清理
D55: 生产性生物资产
D56: 油气资产
D57: 使用权资产
D58: 无形资产 | E58: 土地使用权
E59: 无形-矿业权
E60: 其他无形资产
D61: 商誉
D62: 长期待摊费用
D63: 递延所得税资产
D64: 其他非流动资产

Sheet 填表说明
B1: 资产评估申报表填表说明
B3: 一、基本要求
B4: 1、填表范围：
B5: 对于纳入评估范围的各科目申报表余额要保证与评估基准日被评估单位的资产负债表（或模拟资产负债表）完全一致，如出现差异，请核对所填报明细是否有误。请查看2-分类汇总表中H列，以核对所有科目申报表数据和资产负债表是否一致。
B6: 2、“评估基准日”、“被评估单位(或者产权持有单位)名称”、填表人、填表日期,请在“封面”中填列，各明细表会自动生成。单位名称要与该单位的营业执照所列示的名称完全一致,如经检查各明细表与报表的余额数据完全一致，填表人员需与评估人员沟通无异议后再在打印好的A4纸每页明细表左上角单位名称处加盖单位公章上报。
B7: 3、对于企业资产负债表中没有的会计科目不必填写相应的评估申报表，对应申报表可隐藏但不可删除。
B8: 4、对于各科目评估申报表中“评估价值”一栏(不含本栏)左方的所有空白栏请企业填写齐全。尤其与实物类资产评估作价密切相关的信息必须填报完整，不能出现空白项，该类信息往往包括规格、厂家、单位、数量、产权证号、产权人名称、车辆行驶里程、不良资产实际状态等，此类信息财务人员往往不掌握，需要由资产管理相关部门协助财务人员进行填报。
B9: 5、评估申报表中填列金额单位为“人民币元”，精确到小数点后两位。
B10: 6、评估申报表中涉及发生日期的项目，根据要求请填至月(如建成年月)或日(如出票日期)，填写日期格式为“2017-01”（不能写为2017.1）或 “2017-01-01”（不能填为2017.1.1）。
B11: 7、评估申报表中未指明月利率的项目应填写年利率，计量单位为“%”。若原始资料中为月利率或日利率,请换算为年利率。
B12: 8、评估申报表和各级汇总表之间的数据已建立链接关系，带“汇总”字样的评估申报表不能修改链接、录入数据。
B13: 9、评估申报表对应会计科目的项目超过表中行数时，务必请在申报表中间插入行。注意，不能在第一行和合计行插入行。
... B168: ******

Sheet 企业基本情况
A1: 返回索引目录
A2: 企业基本情况表
A3: ="评估基准日："&#REF!&#REF!&#REF!&#REF!&#REF!&#REF! -> #REF!
A4: 企业填写以下内容：
A5: 被评估单位名称： | B5: 中文 | H5: 法定代表人 | J5: 移动电话
B6: 英文 | H6: 财务负责人 | J6: 固定电话
A7: 法定地址 | F7: 邮政编码 | J7: 手机
A8: 办公地址 | F8: 邮政编码 | H8: 主要填表人 | J8: 固定电话
A9: 联系人办公电话 | C9: 传真 | E9: E-mail | J9: 手机
A10: 经营范围 | H10: 成立日期 | I10: 年 月 日 | J10: 经营期限 | K10: 年 月 日至 年 月 日
A11: 企业股东名称 | H11: 注册资本 | J11: 实收资本
H12: 金额（万元） | I12: 出资比例% | J12: 金额（万元） | K12: 出资比例%
A13: 1 | H13: 0
A14: 2 | H14: 0
A15: 3
A16: 4
A17: 5
A18: 合计
A19: 下属长期投资单位（或异地分支机构）名称 | F19: 地址 | I19: 注册资金% | J19: 持股比例% | K19: 核算方式
A20: 1
A21: 2
A22: 3
A23: 4
A24: 5
A25: 6
A26: 7
A27: 8
A28: 9
A29: 10

Sheet 资产负债表
A1: 返回索引目录
A2: 资产负债表
A3: =企业基本情况!A3 -> #REF!
A4: ="编制单位:"&#REF! -> #REF! | J4: 金额单位：人民币元
A5: 资产 | B5: 序号 | C5: 期初数 | D5: 期末数 | E5: 备注 | F5: 负债及所有者权益 | G5: 序号 | H5: 期初数 | I5: 期末数 | J5: 备注
A6: 流动资产： | B6: 1 | F6: 流动负债： | G6: 37
A7: 货币资金 | B7: 2 | F7: 短期借款 | G7: 38
A8: 交易性金融资产 | B8: 3 | F8: 交易性金融负债 | G8: 39
A9: 衍生金融资产 | B9: 4 | F9: 衍生金融负债 | G9: 40
A10: 应收票据 | B10: 5 | F10: 应付票据 | G10: 41
A11: 应收账款 | B11: 6 | F11: 应付账款 | G11: 42
A12: 应收款项融资 | B12: 7 | F12: 预收款项 | G12: 43
A13: 预付款项 | B13: 8 | F13: 合同负债 | G13: 44 | H13: 0
A14: 其他应收款 | B14: 9 | F14: 应付职工薪酬 | G14: 45 | H14: 0
A15: 存货 | B15: 10 | F15: 应交税费 | G15: 46
A16: 合同资产 | B16: 11 | F16: 其他应付款 | G16: 47
A17: 持有待售资产 | B17: 12 | F17: 持有待售负债 | G17: 48
A18: 一年内到期的非流动资产 | B18: 13 | F18: 一年内到期的非流动负债 | G18: 49
A19: 其他流动资产 | B19: 14 | F19: 其他流动负债 | G19: 50
A22: 流动资产合计 | B22: 15 | C22: =SUM(C7:C19) -> 0 | D22: =SUM(D7:D19) -> 0 | F22: 流动负债合计 | G22: 51 | H22: =SUM(H7:H20) -> 0 | I22: =SUM(I7:I20) -> 0
A23: 非流动资产： | B23: 16 | F23: 非流动负债： | G23: 52
A24: 债权投资 | B24: 17 | F24: 长期借款 | G24: 53
A25: 其他债权投资 | B25: 18 | F25: 应付债券 | G25: 54
A26: 长期应收款 | B26: 19 | F26: 租赁负债 | G26: 55
A27: 长期股权投资 | B27: 20 | F27: 长期应付款 | G27: 56
A28: 其他权益工具投资 | B28: 21 | F28: 预计负债 | G28: 57
A29: 其他非流动金融资产 | B29: 22 | F29: 递延收益 | G29: 58
A30: 投资性房地产 | B30: 23 | F30: 递延所得税负债 | G30: 59
A31: 固定资产 | B31: 24 | F31: 其他非流动负债 | G31: 60
A32: 在建工程 | B32: 25
A33: 生产性生物资产 | B33: 26
A34: 油气资产 | B34: 27 | F34: 非流动负债合计 | G34: 61 | H34: =SUM(H24:H31) -> 0 | I34: =SUM(I24:I31) -> 0
A35: 使用权资产 | B35: 28
A36: 无形资产 | B36: 29 | F36: 负债合计 | G36: 62 | H36: =H22+H34 -> 0 | I36: =I22+I34 -> 0
A37: 开发支出 | B37: 30 | F37: 实收资本（或股本）
A38: 商誉 | B38: 31 | F38: 其他权益工具
A39: 长期待摊费用 | B39: 32 | F39: 其中：优先股
A40: 递延所得税资产 | B40: 33 | F40: 永续债
A41: 其他非流动资产 | B41: 34 | F41: 资本公积
F42: 减：库存股
F43: 其他综合收益
F44: 专项储备
F45: 盈余公积
F46: 未分配利润
F47: 所有者权益合计 | G47: 63 | H47: =SUM(H37,H38,H41,-H42,H43,H44,H45,H46) -> 0 | I47: =SUM(I37,I38,I41,-I42,I43,I44,I45,I46) -> 0
A48: 非流动资产合计 | B48: 35 | C48: =SUM(C24:C41) -> 0 | D48: =SUM(D24:D41) -> 0
A49: 资产总计 | B49: 36 | C49: =SUM(C48,C22) -> 0 | D49: =SUM(D48,D22) -> 0 | F49: 负债及所有者权益合计 | G49: 64 | H49: =H36+H47 -> 0 | I49: =I36+I47 -> 0
A51: ="填表人："&#REF! -> #REF! | E51: 财务主管： | I51: 负责人：

Sheet 表3-1货币资金汇总表
A1: 返回索引目录
A2: 货币资金评估汇总表
A4: =#REF! -> #REF!
A6: =#REF! -> #REF!
A7: 编号 | B7: 科目名称 | C7: 账面价值 | D7: 评估价值 | E7: 增减值 | F7: 增值率% | G7: 备注
A8: 3-1-1 | B8: 现金 | C8: ='3-1-1现金'!F31 -> 0 | D8: ='3-1-1现金'!G31 -> 0 | E8: =D8-C8 -> 0 | F8: =IF(C8=0,"",E8/C8*100)
A9: 3-1-2 | B9: 银行存款 | C9: ='3-1-2银行存款'!J31 -> 0 | D9: ='3-1-2银行存款'!K31 -> 0 | E9: =D9-C9 -> 0 | F9: =IF(C9=0,"",E9/C9*100)
A10: 3-1-3 | B10: 其他货币资金 | C10: ='3-1-3其他货币资金'!L31 -> 0 | D10: ='3-1-3其他货币资金'!M31 -> 0 | E10: =D10-C10 -> 0 | F10: =IF(C10=0,"",E10/C10*100)
H13: 0
H14: 0
A31: 合 计 | C31: =SUM(C8:C30) -> 0 | D31: =SUM(D8:D30) -> 0 | E31: =D31-C31 -> 0 | F31: =IF(C31=0,"",E31/C31*100)

Sheet 3-1-1现金
A1: 返回索引目录
A2: ="货币资金—现金评估"&#REF! -> #REF!
A4: ='表3-1货币资金汇总表'!A4:G4 -> #REF!
A6: ='表3-1货币资金汇总表'!A6 -> #REF!
A7: 序号 | B7: 存放部门（单位) | C7: 币种 | D7: 外币账面金额 | E7: 评估基准日汇率 | F7: 账面价值 | G7: 评估价值 | H7: 增减值 | I7: 增值率% | J7: 备注 | K7: 核算单位
A8: 1 | H8: =IF(F8=0,"",G8-F8) | I8: =IF(F8=0,"",H8/F8*100)
H9: =IF(F9=0,"",G9-F9) | I9: =IF(F9=0,"",H9/F9*100)
F10: 0 | H10: =IF(F10=0,"",G10-F10) | I10: =IF(F10=0,"",H10/F10*100)
H11: =IF(F11=0,"",G11-F11) | I11: =IF(F11=0,"",H11/F11*100)
H12: =IF(F12=0,"",G12-F12) | I12: =IF(F12=0,"",H12/F12*100)
H13: 0 | I13: =IF(F13=0,"",H13/F13*100)
H14: 0 | I14: =IF(F14=0,"",H14/F14*100)
H15: =IF(F15=0,"",G15-F15) | I15: =IF(F15=0,"",H15/F15*100)
H16: =IF(F16=0,"",G16-F16) | I16: =IF(F16=0,"",H16/F16*100)
H17: =IF(F17=0,"",G17-F17) | I17: =IF(F17=0,"",H17/F17*100)
H18: =IF(F18=0,"",G18-F18) | I18: =IF(F18=0,"",H18/F18*100)
H19: =IF(F19=0,"",G19-F19) | I19: =IF(F19=0,"",H19/F19*100)
H20: =IF(F20=0,"",G20-F20) | I20: =IF(F20=0,"",H20/F20*100)
H21: =IF(F21=0,"",G21-F21) | I21: =IF(F21=0,"",H21/F21*100)
H22: =IF(F22=0,"",G22-F22) | I22: =IF(F22=0,"",H22/F22*100)
H25: =IF(F25=0,"",G25-F25) | I25: =IF(F25=0,"",H25/F25*100)
H26: =IF(F26=0,"",G26-F26) | I26: =IF(F26=0,"",H26/F26*100)
H27: =IF(F27=0,"",G27-F27) | I27: =IF(F27=0,"",H27/F27*100)
H28: =IF(F28=0,"",G28-F28) | I28: =IF(F28=0,"",H28/F28*100)
... H30: =IF(F30=0,"",G30-F30) | I30: =IF(F30=0,"",H30/F30*100)
A31: 合 计 | F31: =SUM(F8:F30) -> 0 | G31: =SUM(G8:G30) -> 0 | H31: =IF(F31=0,"",G31-F31) | I31: =IF(F31=0,"",H31/F31*100)
A32: =#REF!&#REF! -> #REF! | G32: ="评估人员："&#REF! -> #REF!
A33: =#REF!&#REF!&#REF!&#REF!&#REF!&#REF!&#REF! -> #REF!

Sheet 3-1-2银行存款
A1: 返回索引目录
A2: ="货币资金—银行存款评估"&#REF! -> #REF!
A4: ='3-1-1现金'!A4:J4 -> #REF!
A6: ='3-1-1现金'!A6 -> #REF!
A7: 序号 | B7: 开户银行 | C7: 账号 | D7: 币种 | E7: 外币账面金额 | F7: 评估基准日汇率 | G7: 银行对账单户名 | H7: 调节表调节后余额 | I7: 是否质押冻结 | J7: 账面价值 | K7: 评估价值 | L7: 增减值 | M7: 增值率% | N7: 备注 | O7: 核算单位
L8: =IF(J8=0,"",K8-J8) | M8: =IF(J8=0,"",L8/J8*100)
L9: =IF(J9=0,"",K9-J9) | M9: =IF(J9=0,"",L9/J9*100)
L10: =IF(J10=0,"",K10-J10) | M10: =IF(J10=0,"",L10/J10*100)
L11: =IF(J11=0,"",K11-J11) | M11: =IF(J11=0,"",L11/J11*100)
L12: =IF(J12=0,"",K12-J12) | M12: =IF(J12=0,"",L12/J12*100)
H13: 0 | L13: =IF(J13=0,"",K13-J13) | M13: =IF(J13=0,"",L13/J13*100)
H14: 0 | L14: =IF(J14=0,"",K14-J14) | M14: =IF(J14=0,"",L14/J14*100)
L15: =IF(J15=0,"",K15-J15) | M15: =IF(J15=0,"",L15/J15*100)
L16: =IF(J16=0,"",K16-J16) | M16: =IF(J16=0,"",L16/J16*100)
L17: =IF(J17=0,"",K17-J17) | M17: =IF(J17=0,"",L17/J17*100)
L18: =IF(J18=0,"",K18-J18) | M18: =IF(J18=0,"",L18/J18*100)
L19: =IF(J19=0,"",K19-J19) | M19: =IF(J19=0,"",L19/J19*100)
L20: =IF(J20=0,"",K20-J20) | M20: =IF(J20=0,"",L20/J20*100)
L21: =IF(J21=0,"",K21-J21) | M21: =IF(J21=0,"",L21/J21*100)
L22: =IF(J22=0,"",K22-J22) | M22: =IF(J22=0,"",L22/J22*100)
L23: =IF(J23=0,"",K23-J23) | M23: =IF(J23=0,"",L23/J23*100)
L24: =IF(J24=0,"",K24-J24) | M24: =IF(J24=0,"",L24/J24*100)
L25: =IF(J25=0,"",K25-J25) | M25: =IF(J25=0,"",L25/J25*100)
L26: =IF(J26=0,"",K26-J26) | M26: =IF(J26=0,"",L26/J26*100)
... L30: =IF(J30=0,"",K30-J30) | M30: =IF(J30=0,"",L30/J30*100)
A31: 合 计 | J31: =SUM(J8:J30) -> 0 | K31: =SUM(K8:K30) -> 0 | L31: =IF(J31=0,"",K31-J31) | M31: =IF(J31=0,"",L31/J31*100)
A32: ='3-1-1现金'!A32:D32 -> #REF! | K32: ='3-1-1现金'!G32 -> #REF!
A33: ='3-1-1现金'!A33:D33 -> #REF!

Sheet 3-1-3其他货币资金
A1: 返回索引目录
A2: ="货币资金—其他货币资金评估"&#REF! -> #REF!
A4: ='3-1-2银行存款'!A4:N4 -> #REF!
A6: ='3-1-2银行存款'!A6 -> #REF!
A7: 序号 | B7: 名称及内容 | C7: 用途 | D7: 币种 | E7: 外币账面金额 | F7: 评估基准日汇率 | G7: 开户银行 | H7: 账号 | I7: 对账单户名 | J7: 调节表调节后余额 | K7: 是否质押冻结 | L7: 账面价值 | M7: 评估价值 | N7: 增减值 | O7: 增值率% | P7: 备注 | Q7: 核算单位
N8: =IF(L8=0,"",M8-L8) | O8: =IF(L8=0,"",N8/L8*100)
N9: =IF(L9=0,"",M9-L9) | O9: =IF(L9=0,"",N9/L9*100)
N10: =IF(L10=0,"",M10-L10) | O10: =IF(L10=0,"",N10/L10*100)
N11: =IF(L11=0,"",M11-L11) | O11: =IF(L11=0,"",N11/L11*100)
N12: =IF(L12=0,"",M12-L12) | O12: =IF(L12=0,"",N12/L12*100)
H13: 0 | N13: =IF(L13=0,"",M13-L13) | O13: =IF(L13=0,"",N13/L13*100)
H14: 0 | N14: =IF(L14=0,"",M14-L14) | O14: =IF(L14=0,"",N14/L14*100)
N15: =IF(L15=0,"",M15-L15) | O15: =IF(L15=0,"",N15/L15*100)
N16: =IF(L16=0,"",M16-L16) | O16: =IF(L16=0,"",N16/L16*100)
N17: =IF(L17=0,"",M17-L17) | O17: =IF(L17=0,"",N17/L17*100)
N18: =IF(L18=0,"",M18-L18) | O18: =IF(L18=0,"",N18/L18*100)
N19: =IF(L19=0,"",M19-L19) | O19: =IF(L19=0,"",N19/L19*100)
N20: =IF(L20=0,"",M20-L20) | O20: =IF(L20=0,"",N20/L20*100)
N21: =IF(L21=0,"",M21-L21) | O21: =IF(L21=0,"",N21/L21*100)
N22: =IF(L22=0,"",M22-L22) | O22: =IF(L22=0,"",N22/L22*100)
N23: =IF(L23=0,"",M23-L23) | O23: =IF(L23=0,"",N23/L23*100)
N24: =IF(L24=0,"",M24-L24) | O24: =IF(L24=0,"",N24/L24*100)
N25: =IF(L25=0,"",M25-L25) | O25: =IF(L25=0,"",N25/L25*100)
N26: =IF(L26=0,"",M26-L26) | O26: =IF(L26=0,"",N26/L26*100)
... N30: =IF(L30=0,"",M30-L30) | O30: =IF(L30=0,"",N30/L30*100)
A31: 合 计 | L31: =SUM(L8:L30) -> 0 | M31: =SUM(M8:M30) -> 0 | N31: =IF(L31=0,"",M31-L31) | O31: =IF(L31=0,"",N31/L31*100)
A32: ='3-1-2银行存款'!A32 -> #REF! | M32: ='3-1-2银行存款'!K32 -> #REF!
A33: ='3-1-2银行存款'!A33 -> #REF!

Sheet 3-2交易性金融资产汇总
A1: 返回索引目录
A2: 交易性金融资产评估汇总表
A3: =#REF! -> #REF!
A5: =#REF! -> #REF!
A6: 编号 | B6: 科目名称 | C6: 账面价值 | D6: 评估价值 | E6: 增减值 | F6: 增值率%
A7: 3-2-1 | B7: 交易性金融资产-股票投资 | C7: ='3-2-1交易性-股票'!H31 -> 0 | D7: ='3-2-1交易性-股票'!J31 -> 0 | E7: =D7-C7 -> 0 | F7: =IF(C7=0,"",E7/C7*100)
A8: 3-2-2 | B8: 交易性金融资产-债券投资 | C8: ='3-2-2交易性-债券'!H29 -> 0 | D8: ='3-2-2交易性-债券'!I29 -> 0 | E8: =D8-C8 -> 0 | F8: =IF(C8=0,"",E8/C8*100)
A9: 3-2-3 | B9: 交易性金融资产-基金投资 | C9: ='3-2-3交易性-基金'!H31 -> 0 | D9: ='3-2-3交易性-基金'!J31 -> 0 | E9: =D9-C9 -> 0 | F9: =IF(C9=0,"",E9/C9*100)
H13: 0
H14: 0
A32: 合 计 | C32: =SUM(C7:C31) -> 0 | D32: =SUM(D7:D31) -> 0 | E32: =D32-C32 -> 0 | F32: =IF(C32=0,"",E32/C32*100)

Sheet 3-2-1交易性-股票
A1: 返回索引目录
A2: ="交易性金融资产-股票投资评估"&#REF! -> #REF!
A4: ='3-2交易性金融资产汇总'!A3:F3 -> #REF!
A6: ='3-2交易性金融资产汇总'!A5 -> #REF!
A7: 序号 | B7: 被投资单位名称 | C7: 股票名称 | D7: 股票性质 | E7: 投资日期 | F7: 持股数量 | G7: 成 本 | H7: 账面价值 | I7: 基准日收盘价元/股 | J7: 评估价值 | K7: 增减值 | L7: 增值率% | M7: 备注 | N7: 核算单位
A8: 1 | E8: 43830 | J8: =H8 -> 0 | K8: =IF(H8=0,"",J8-H8) | L8: =IF(H8=0,"",K8/H8*100)
K9: =IF(H9=0,"",J9-H9) | L9: =IF(H9=0,"",K9/H9*100)
K10: =IF(H10=0,"",J10-H10) | L10: =IF(H10=0,"",K10/H10*100)
K11: =IF(H11=0,"",J11-H11) | L11: =IF(H11=0,"",K11/H11*100)
K12: =IF(H12=0,"",J12-H12) | L12: =IF(H12=0,"",K12/H12*100)
H13: 0 | K13: =IF(H13=0,"",J13-H13) | L13: =IF(H13=0,"",K13/H13*100)
H14: 0 | K14: =IF(H14=0,"",J14-H14) | L14: =IF(H14=0,"",K14/H14*100)
K15: =IF(H15=0,"",J15-H15) | L15: =IF(H15=0,"",K15/H15*100)
K16: =IF(H16=0,"",J16-H16) | L16: =IF(H16=0,"",K16/H16*100)
K17: =IF(H17=0,"",J17-H17) | L17: =IF(H17=0,"",K17/H17*100)
K18: =IF(H18=0,"",J18-H18) | L18: =IF(H18=0,"",K18/H18*100)
K19: =IF(H19=0,"",J19-H19) | L19: =IF(H19=0,"",K19/H19*100)
K20: =IF(H20=0,"",J20-H20) | L20: =IF(H20=0,"",K20/H20*100)
K21: =IF(H21=0,"",J21-H21) | L21: =IF(H21=0,"",K21/H21*100)
K22: =IF(H22=0,"",J22-H22) | L22: =IF(H22=0,"",K22/H22*100)
K23: =IF(H23=0,"",J23-H23) | L23: =IF(H23=0,"",K23/H23*100)
K24: =IF(H24=0,"",J24-H24) | L24: =IF(H24=0,"",K24/H24*100)
K25: =IF(H25=0,"",J25-H25) | L25: =IF(H25=0,"",K25/H25*100)
K26: =IF(H26=0,"",J26-H26) | L26: =IF(H26=0,"",K26/H26*100)
... K30: =IF(H30=0,"",J30-H30) | L30: =IF(H30=0,"",K30/H30*100)
A31: 合 计 | H31: =SUM(H8:H30) -> 0 | J31: =SUM(J8:J30) -> 0 | K31: =IF(H31=0,"",J31-H31) | L31: =IF(H31=0,"",K31/H31*100)
A32: ='3-1-3其他货币资金'!A32 -> #REF! | J32: ='3-1-3其他货币资金'!M32 -> #REF!
A33: ='3-1-3其他货币资金'!A33 -> #REF!

Sheet 3-2-2交易性-债券
A1: 返回索引目录
A2: ="交易性金融资产-债券投资评估"&#REF! -> #REF!
A4: ='3-2-1交易性-股票'!A4:M4 -> #REF!
A6: ='3-2-1交易性-股票'!A6 -> #REF!
A7: 序号 | B7: 被投资单位名称 | C7: 债券种类 | D7: 发行日期 | E7: 投资日期 | F7: 票面利率% | G7: 成本 | H7: 账面价值 | I7: 评估价值 | J7: 增减值 | K7: 增值率% | L7: 备注 | M7: 核算单位
A8: 1 | D8: 43830 | E8: 43830 | I8: =H8 -> 0 | J8: =IF(H8=0,"",I8-H8) | K8: =IF(H8=0,"",J8/H8*100)
J9: =IF(H9=0,"",I9-H9) | K9: =IF(H9=0,"",J9/H9*100)
J10: =IF(H10=0,"",I10-H10) | K10: =IF(H10=0,"",J10/H10*100)
J11: =IF(H11=0,"",I11-H11) | K11: =IF(H11=0,"",J11/H11*100)
J12: =IF(H12=0,"",I12-H12) | K12: =IF(H12=0,"",J12/H12*100)
H13: 0 | J13: =IF(H13=0,"",I13-H13) | K13: =IF(H13=0,"",J13/H13*100)
H14: 0 | J14: =IF(H14=0,"",I14-H14) | K14: =IF(H14=0,"",J14/H14*100)
J15: =IF(H15=0,"",I15-H15) | K15: =IF(H15=0,"",J15/H15*100)
J16: =IF(H16=0,"",I16-H16) | K16: =IF(H16=0,"",J16/H16*100)
J17: =IF(H17=0,"",I17-H17) | K17: =IF(H17=0,"",J17/H17*100)
J18: =IF(H18=0,"",I18-H18) | K18: =IF(H18=0,"",J18/H18*100)
J19: =IF(H19=0,"",I19-H19) | K19: =IF(H19=0,"",J19/H19*100)
J20: =IF(H20=0,"",I20-H20) | K20: =IF(H20=0,"",J20/H20*100)
J21: =IF(H21=0,"",I21-H21) | K21: =IF(H21=0,"",J21/H21*100)
J22: =IF(H22=0,"",I22-H22) | K22: =IF(H22=0,"",J22/H22*100)
J23: =IF(H23=0,"",I23-H23) | K23: =IF(H23=0,"",J23/H23*100)
J24: =IF(H24=0,"",I24-H24) | K24: =IF(H24=0,"",J24/H24*100)
J25: =IF(H25=0,"",I25-H25) | K25: =IF(H25=0,"",J25/H25*100)
J26: =IF(H26=0,"",I26-H26) | K26: =IF(H26=0,"",J26/H26*100)
... J28: =IF(H28=0,"",I28-H28) | K28: =IF(H28=0,"",J28/H28*100)
A29: 合 计 | H29: =SUM(H8:H28) -> 0 | I29: =SUM(I8:I28) -> 0 | J29: =IF(H29=0,"",I29-H29) | K29: =IF(H29=0,"",J29/H29*100)
A30: ='3-2-1交易性-股票'!A32 -> #REF! | I30: ='3-2-1交易性-股票'!J32 -> #REF!
A31: ='3-2-1交易性-股票'!A33 -> #REF!

Sheet 3-2-3交易性-基金
A1: 返回索引目录
A2: ="交易性金融资产-基金投资评估"&#REF! -> #REF!
A4: ='3-2-2交易性-债券'!A4:K4 -> #REF!
A6: ='3-2-2交易性-债券'!A6 -> #REF!
A7: 序号 | B7: 基金发行单位 | C7: 基金名称 | D7: 基金代码 | E7: 基金类型 | F7: 投资日期 | G7: 成本 | H7: 账面价值 | I7: 基准日净值/份 | J7: 评估价值 | K7: 增减值 | L7: 增值率% | M7: 备注 | N7: 核算单位
A8: 1 | F8: 43800 | J8: =H8 -> 0 | K8: =IF(H8=0,"",J8-H8) | L8: =IF(H8=0,"",K8/H8*100)
K9: =IF(H9=0,"",J9-H9) | L9: =IF(H9=0,"",K9/H9*100)
K10: =IF(H10=0,"",J10-H10) | L10: =IF(H10=0,"",K10/H10*100)
K11: =IF(H11=0,"",J11-H11) | L11: =IF(H11=0,"",K11/H11*100)
K12: =IF(H12=0,"",J12-H12) | L12: =IF(H12=0,"",K12/H12*100)
H13: 0 | K13: =IF(H13=0,"",J13-H13) | L13: =IF(H13=0,"",K13/H13*100)
H14: 0 | K14: =IF(H14=0,"",J14-H14) | L14: =IF(H14=0,"",K14/H14*100)
K15: =IF(H15=0,"",J15-H15) | L15: =IF(H15=0,"",K15/H15*100)
K16: =IF(H16=0,"",J16-H16) | L16: =IF(H16=0,"",K16/H16*100)
K17: =IF(H17=0,"",J17-H17) | L17: =IF(H17=0,"",K17/H17*100)
K18: =IF(H18=0,"",J18-H18) | L18: =IF(H18=0,"",K18/H18*100)
K19: =IF(H19=0,"",J19-H19) | L19: =IF(H19=0,"",K19/H19*100)
K20: =IF(H20=0,"",J20-H20) | L20: =IF(H20=0,"",K20/H20*100)
K21: =IF(H21=0,"",J21-H21) | L21: =IF(H21=0,"",K21/H21*100)
K22: =IF(H22=0,"",J22-H22) | L22: =IF(H22=0,"",K22/H22*100)
K23: =IF(H23=0,"",J23-H23) | L23: =IF(H23=0,"",K23/H23*100)
K24: =IF(H24=0,"",J24-H24) | L24: =IF(H24=0,"",K24/H24*100)
K25: =IF(H25=0,"",J25-H25) | L25: =IF(H25=0,"",K25/H25*100)
K26: =IF(H26=0,"",J26-H26) | L26: =IF(H26=0,"",K26/H26*100)
... K30: =IF(H30=0,"",J30-H30) | L30: =IF(H30=0,"",K30/H30*100)
A31: 合 计 | H31: =SUM(H8:H30) -> 0 | J31: =SUM(J8:J30) -> 0 | K31: =IF(H31=0,"",J31-H31) | L31: =IF(H31=0,"",K31/H31*100)
A32: ='3-2-2交易性-债券'!A30 -> #REF! | J32: ='3-2-2交易性-债券'!I30 -> #REF!
A33: ='3-2-2交易性-债券'!A31 -> #REF!

Sheet 3-3衍生金融资产
A1: 返回索引目录
A2: ="衍生金融资产评估"&#REF! -> #REF!
A4: ='3-2-2交易性-债券'!A4:K4 -> #REF!
A6: ='3-2-2交易性-债券'!A6 -> #REF!
A7: 序号 | B7: 工具种类 | C7: 合同名称 | D7: 合同号 | E7: 合同对方 | F7: 合同日期 | G7: 初始计量 | H7: 账面价值 | I7: 评估价值 | J7: 增减值 | K7: 增值率% | L7: 备注 | M7: 核算单位
A8: 1 | F8: 43800 | J8: =IF(H8=0,"",I8-H8) | K8: =IF(H8=0,"",J8/H8*100)
J9: =IF(H9=0,"",I9-H9) | K9: =IF(H9=0,"",J9/H9*100)
J10: =IF(H10=0,"",I10-H10) | K10: =IF(H10=0,"",J10/H10*100)
J11: =IF(H11=0,"",I11-H11) | K11: =IF(H11=0,"",J11/H11*100)
J12: =IF(H12=0,"",I12-H12) | K12: =IF(H12=0,"",J12/H12*100)
H13: 0 | J13: =IF(H13=0,"",I13-H13) | K13: =IF(H13=0,"",J13/H13*100)
H14: 0 | J14: =IF(H14=0,"",I14-H14) | K14: =IF(H14=0,"",J14/H14*100)
J15: =IF(H15=0,"",I15-H15) | K15: =IF(H15=0,"",J15/H15*100)
J16: =IF(H16=0,"",I16-H16) | K16: =IF(H16=0,"",J16/H16*100)
J17: =IF(H17=0,"",I17-H17) | K17: =IF(H17=0,"",J17/H17*100)
J18: =IF(H18=0,"",I18-H18) | K18: =IF(H18=0,"",J18/H18*100)
J19: =IF(H19=0,"",I19-H19) | K19: =IF(H19=0,"",J19/H19*100)
J20: =IF(H20=0,"",I20-H20) | K20: =IF(H20=0,"",J20/H20*100)
J21: =IF(H21=0,"",I21-H21) | K21: =IF(H21=0,"",J21/H21*100)
J22: =IF(H22=0,"",I22-H22) | K22: =IF(H22=0,"",J22/H22*100)
J23: =IF(H23=0,"",I23-H23) | K23: =IF(H23=0,"",J23/H23*100)
J24: =IF(H24=0,"",I24-H24) | K24: =IF(H24=0,"",J24/H24*100)
J25: =IF(H25=0,"",I25-H25) | K25: =IF(H25=0,"",J25/H25*100)
J26: =IF(H26=0,"",I26-H26) | K26: =IF(H26=0,"",J26/H26*100)
... J30: =IF(H30=0,"",I30-H30) | K30: =IF(H30=0,"",J30/H30*100)
A31: 合 计 | H31: =SUM(H8:H30) -> 0 | I31: =SUM(I8:I30) -> 0 | J31: =IF(H31=0,"",I31-H31) | K31: =IF(H31=0,"",J31/H31*100)
A32: ='3-2-2交易性-债券'!A30 -> #REF! | I32: ='3-2-2交易性-债券'!I30 -> #REF!
A33: ='3-2-2交易性-债券'!A31 -> #REF!

Sheet 3-4应收票据
A1: 返回索引目录
A2: ="应收票据评估"&#REF! -> #REF!
A4: ='3-2-3交易性-基金'!A4:M4 -> #REF!
A6: ='3-2-3交易性-基金'!A6 -> #REF!
A7: 序号 | B7: 户名（结算对象) | C7: 出票日期 | D7: 到期日期 | E7: 票面利率% | F7: 票据种类 | G7: 票据号 | H7: 是否为关联方 | I7: 基准日后是否贴现 | J7: 是否质押 | K7: 是否背书 | L7: 贴现是否附连带责任 | M7: 背书是否附连带责任 | N7: 合同号 | O7: 账面价值 | P7: 评估价值 | Q7: 增减值 | R7: 增值率% | S7: 备注 | T7: 核算单位
A8: 1 | C8: 43466 | D8: 43646 | Q8: =IF(O8=0,"",P8-O8) | R8: =IF(O8=0,"",Q8/O8*100)
Q9: =IF(O9=0,"",P9-O9) | R9: =IF(O9=0,"",Q9/O9*100)
Q10: =IF(O10=0,"",P10-O10) | R10: =IF(O10=0,"",Q10/O10*100)
Q11: =IF(O11=0,"",P11-O11) | R11: =IF(O11=0,"",Q11/O11*100)
Q12: =IF(O12=0,"",P12-O12) | R12: =IF(O12=0,"",Q12/O12*100)
H13: 0 | Q13: =IF(O13=0,"",P13-O13) | R13: =IF(O13=0,"",Q13/O13*100)
H14: 0 | Q14: =IF(O14=0,"",P14-O14) | R14: =IF(O14=0,"",Q14/O14*100)
Q15: =IF(O15=0,"",P15-O15) | R15: =IF(O15=0,"",Q15/O15*100)
Q16: =IF(O16=0,"",P16-O16) | R16: =IF(O16=0,"",Q16/O16*100)
Q17: =IF(O17=0,"",P17-O17) | R17: =IF(O17=0,"",Q17/O17*100)
Q18: =IF(O18=0,"",P18-O18) | R18: =IF(O18=0,"",Q18/O18*100)
Q19: =IF(O19=0,"",P19-O19) | R19: =IF(O19=0,"",Q19/O19*100)
Q20: =IF(O20=0,"",P20-O20) | R20: =IF(O20=0,"",Q20/O20*100)
Q21: =IF(O21=0,"",P21-O21) | R21: =IF(O21=0,"",Q21/O21*100)
Q22: =IF(O22=0,"",P22-O22) | R22: =IF(O22=0,"",Q22/O22*100)
Q23: =IF(O23=0,"",P23-O23) | R23: =IF(O23=0,"",Q23/O23*100)
Q24: =IF(O24=0,"",P24-O24) | R24: =IF(O24=0,"",Q24/O24*100)
Q25: =IF(O25=0,"",P25-O25) | R25: =IF(O25=0,"",Q25/O25*100)
Q26: =IF(O26=0,"",P26-O26) | R26: =IF(O26=0,"",Q26/O26*100)
... Q28: =IF(O28=0,"",P28-O28) | R28: =IF(O28=0,"",Q28/O28*100)
A29: 合 计 | O29: =SUM(O8:O28) -> 0 | P29: =SUM(P8:P28) -> 0 | Q29: =IF(O29=0,"",P29-O29) | R29: =IF(O29=0,"",Q29/O29*100)
A30: 减：应收票据坏账准备 | R30: =IF(O30=0,"",Q30/O30*100)
A31: 合 计 | O31: =O29-O30 -> 0 | P31: =P29-P30 -> 0 | Q31: =IF(O31=0,"",P31-O31) | R31: =IF(O31=0,"",Q31/O31*100)
A32: ='3-2-3交易性-基金'!A32 -> #REF! | P32: ='3-2-3交易性-基金'!J32 -> #REF!
A33: ='3-2-3交易性-基金'!A33 -> #REF!

Sheet 3-5应收账款
A1: 返回索引目录
A2: ="应收账款评估"&#REF! -> #REF!
A4: ='3-4应收票据'!A4:S4 -> #REF!
B5: =#REF!&#REF!&#REF!&#REF!&#REF!&#REF! -> #REF!
A6: ='3-4应收票据'!A6 -> #REF! | S6: 放入备注中说明
A7: 序号 | B7: 欠款单位名称（结算对象) | C7: 业务内容 | D7: 发生日期 | E7: 账龄 | F7: 1年以内金额 | G7: 1~2年金额 | H7: 2~3年金额 | I7: 3~4年金额 | J7: 4~5年金额 | K7: 5年以上金额 | L7: 账龄总数与账面价值差异(应等于0) | M7: 账面价值 | N7: 评估价值 | O7: 增减值 | P7: 增值率% | Q7: 备注 | R7: 核算单位 | S7: 是否为关联方 | T7: 是否仍有业务往来 | U7: 长期挂账原因 | V7: 对方单位是否破产/注销
A8: 1 | D8: 43800 | E8: =IF(D8=0,"",(IF(($B$5-D8)<366,"1年以内",IF(($B$5-D8)<731,"1-2年",IF(($B$5-D8)<1096,"2-3年",IF(($B$5-D8)<1461,"3-4年",IF(($B$5-D8)<1826,"4-5年","5年以上"))))))) -> #REF! | L8: =SUM(F8:K8)-M8 -> 0 | N8: =M8 -> 0 | O8: =IF(M8=0,"",N8-M8) | P8: =IF(M8=0,"",O8/(M8)*100)
E9: =IF(D9=0,"",(IF(($B$5-D9)<366,"1年以内",IF(($B$5-D9)<731,"1-2年",IF(($B$5-D9)<1096,"2-3年",IF(($B$5-D9)<1461,"3-4年",IF(($B$5-D9)<1826,"4-5年","5年以上"))))))) | L9: =SUM(F9:K9)-M9 -> 0 | O9: =IF(M9=0,"",N9-M9) | P9: =IF(M9=0,"",O9/(M9)*100)
E10: =IF(D10=0,"",(IF(($B$5-D10)<366,"1年以内",IF(($B$5-D10)<731,"1-2年",IF(($B$5-D10)<1096,"2-3年",IF(($B$5-D10)<1461,"3-4年",IF(($B$5-D10)<1826,"4-5年","5年以上"))))))) | L10: =SUM(F10:K10)-M10 -> 0 | O10: =IF(M10=0,"",N10-M10) | P10: =IF(M10=0,"",O10/(M10)*100)
E11: =IF(D11=0,"",(IF(($B$5-D11)<366,"1年以内",IF(($B$5-D11)<731,"1-2年",IF(($B$5-D11)<1096,"2-3年",IF(($B$5-D11)<1461,"3-4年",IF(($B$5-D11)<1826,"4-5年","5年以上"))))))) | L11: =SUM(F11:K11)-M11 -> 0 | O11: =IF(M11=0,"",N11-M11) | P11: =IF(M11=0,"",O11/(M11)*100)
E12: =IF(D12=0,"",(IF(($B$5-D12)<366,"1年以内",IF(($B$5-D12)<731,"1-2年",IF(($B$5-D12)<1096,"2-3年",IF(($B$5-D12)<1461,"3-4年",IF(($B$5-D12)<1826,"4-5年","5年以上"))))))) | L12: =SUM(F12:K12)-M12 -> 0 | O12: =IF(M12=0,"",N12-M12) | P12: =IF(M12=0,"",O12/(M12)*100)
E13: =IF(D13=0,"",(IF(($B$5-D13)<366,"1年以内",IF(($B$5-D13)<731,"1-2年",IF(($B$5-D13)<1096,"2-3年",IF(($B$5-D13)<1461,"3-4年",IF(($B$5-D13)<1826,"4-5年","5年以上"))))))) | L13: =SUM(F13:K13)-M13 -> 0 | O13: =IF(M13=0,"",N13-M13) | P13: =IF(M13=0,"",O13/(M13)*100)
E14: =IF(D14=0,"",(IF(($B$5-D14)<366,"1年以内",IF(($B$5-D14)<731,"1-2年",IF(($B$5-D14)<1096,"2-3年",IF(($B$5-D14)<1461,"3-4年",IF(($B$5-D14)<1826,"4-5年","5年以上"))))))) | L14: =SUM(F14:K14)-M14 -> 0 | O14: =IF(M14=0,"",N14-M14) | P14: =IF(M14=0,"",O14/(M14)*100)
E15: =IF(D15=0,"",(IF(($B$5-D15)<366,"1年以内",IF(($B$5-D15)<731,"1-2年",IF(($B$5-D15)<1096,"2-3年",IF(($B$5-D15)<1461,"3-4年",IF(($B$5-D15)<1826,"4-5年","5年以上"))))))) | L15: =SUM(F15:K15)-M15 -> 0 | O15: =IF(M15=0,"",N15-M15) | P15: =IF(M15=0,"",O15/(M15)*100)
E16: =IF(D16=0,"",(IF(($B$5-D16)<366,"1年以内",IF(($B$5-D16)<731,"1-2年",IF(($B$5-D16)<1096,"2-3年",IF(($B$5-D16)<1461,"3-4年",IF(($B$5-D16)<1826,"4-5年","5年以上"))))))) | L16: =SUM(F16:K16)-M16 -> 0 | O16: =IF(M16=0,"",N16-M16) | P16: =IF(M16=0,"",O16/(M16)*100)
E17: =IF(D17=0,"",(IF(($B$5-D17)<366,"1年以内",IF(($B$5-D17)<731,"1-2年",IF(($B$5-D17)<1096,"2-3年",IF(($B$5-D17)<1461,"3-4年",IF(($B$5-D17)<1826,"4-5年","5年以上"))))))) | L17: =SUM(F17:K17)-M17 -> 0 | O17: =IF(M17=0,"",N17-M17) | P17: =IF(M17=0,"",O17/(M17)*100)
E18: =IF(D18=0,"",(IF(($B$5-D18)<366,"1年以内",IF(($B$5-D18)<731,"1-2年",IF(($B$5-D18)<1096,"2-3年",IF(($B$5-D18)<1461,"3-4年",IF(($B$5-D18)<1826,"4-5年","5年以上"))))))) | L18: =SUM(F18:K18)-M18 -> 0 | O18: =IF(M18=0,"",N18-M18) | P18: =IF(M18=0,"",O18/(M18)*100)
E19: =IF(D19=0,"",(IF(($B$5-D19)<366,"1年以内",IF(($B$5-D19)<731,"1-2年",IF(($B$5-D19)<1096,"2-3年",IF(($B$5-D19)<1461,"3-4年",IF(($B$5-D19)<1826,"4-5年","5年以上"))))))) | L19: =SUM(F19:K19)-M19 -> 0 | O19: =IF(M19=0,"",N19-M19) | P19: =IF(M19=0,"",O19/(M19)*100)
E20: =IF(D20=0,"",(IF(($B$5-D20)<366,"1年以内",IF(($B$5-D20)<731,"1-2年",IF(($B$5-D20)<1096,"2-3年",IF(($B$5-D20)<1461,"3-4年",IF(($B$5-D20)<1826,"4-5年","5年以上"))))))) | L20: =SUM(F20:K20)-M20 -> 0 | O20: =IF(M20=0,"",N20-M20) | P20: =IF(M20=0,"",O20/(M20)*100)
... E26: =IF(D26=0,"",(IF(($B$5-D26)<366,"1年以内",IF(($B$5-D26)<731,"1-2年",IF(($B$5-D26)<1096,"2-3年",IF(($B$5-D26)<1461,"3-4年",IF(($B$5-D26)<1826,"4-5年","5年以上"))))))) | L26: =SUM(F26:K26)-M26 -> 0 | O26: =IF(M26=0,"",N26-M26) | P26: =IF(M26=0,"",O26/(M26)*100)
A27: 合 计 | L27: =SUM(F27:K27)-M27 -> 0 | M27: =SUM(M8:M26) -> 0 | N27: =SUM(N8:N26) -> 0 | O27: =IF(M27=0,"",N27-M27) | P27: =IF(M27=0,"",O27/(M27)*100)
A28: 减：应收账款坏账准备 | L28: =SUM(F28:K28)-M28 -> 0
A29: 减：评估风险损失 | N29: =M28 -> 0
A30: 合 计 | M30: =M27-M28 -> 0 | N30: =N27-N29 -> 0 | O30: =IF(M30=0,"",N30-M30) | P30: =IF(M30=0,"",O30/(M30)*100)
A31: ='3-4应收票据'!A32 -> #REF! | N31: ='3-4应收票据'!P32 -> #REF!
A32: ='3-4应收票据'!A33 -> #REF!

Sheet 3-6应收款项融资
A1: 返回索引目录
A2: ="应收款项融资评估"&#REF! -> #REF!
A4: ='3-4应收票据'!A4:S4 -> #REF!
B5: =#REF!&#REF!&#REF!&#REF!&#REF!&#REF! -> #REF!
A6: ='3-4应收票据'!A6 -> #REF!
A7: 序号 | B7: 融资单位名称 | C7: 融资合同号 | D7: 融资内容 | E7: 合同日期 | F7: 应收款项结算对方名称 | G7: 业务内容 | H7: 发生日期 | I7: 初始计量 | J7: 账面价值 | K7: 评估价值 | L7: 增减值 | M7: 增值率% | N7: 备注 | O7: 核算单位
A8: 1 | E8: 43800 | H8: 43800 | K8: =J8 -> 0 | L8: =IF(J8=0,"",K8-J8) | M8: =IF(J8=0,"",L8/(J8)*100)
L9: =IF(J9=0,"",K9-J9) | M9: =IF(J9=0,"",L9/(J9)*100)
L10: =IF(J10=0,"",K10-J10) | M10: =IF(J10=0,"",L10/(J10)*100)
L11: =IF(J11=0,"",K11-J11) | M11: =IF(J11=0,"",L11/(J11)*100)
L12: =IF(J12=0,"",K12-J12) | M12: =IF(J12=0,"",L12/(J12)*100)
L13: =IF(J13=0,"",K13-J13) | M13: =IF(J13=0,"",L13/(J13)*100)
L14: =IF(J14=0,"",K14-J14) | M14: =IF(J14=0,"",L14/(J14)*100)
L15: =IF(J15=0,"",K15-J15) | M15: =IF(J15=0,"",L15/(J15)*100)
L16: =IF(J16=0,"",K16-J16) | M16: =IF(J16=0,"",L16/(J16)*100)
L17: =IF(J17=0,"",K17-J17) | M17: =IF(J17=0,"",L17/(J17)*100)
L18: =IF(J18=0,"",K18-J18) | M18: =IF(J18=0,"",L18/(J18)*100)
L19: =IF(J19=0,"",K19-J19) | M19: =IF(J19=0,"",L19/(J19)*100)
L20: =IF(J20=0,"",K20-J20) | M20: =IF(J20=0,"",L20/(J20)*100)
... L26: =IF(J26=0,"",K26-J26) | M26: =IF(J26=0,"",L26/(J26)*100)
A27: 合 计 | J27: =SUM(J8:J26) -> 0 | K27: =SUM(K8:K26) -> 0 | L27: =IF(J27=0,"",K27-J27) | M27: =IF(J27=0,"",L27/(J27)*100)
A28: 减：应收款项融资坏账准备
A29: 减：评估风险损失 | K29: =J28 -> 0
A30: 合 计 | J30: =J27-J28 -> 0 | K30: =K27-K29 -> 0 | L30: =IF(J30=0,"",K30-J30) | M30: =IF(J30=0,"",L30/(J30)*100)
A31: ='3-4应收票据'!A32 -> #REF! | K31: ='3-4应收票据'!P32 -> #REF!
A32: ='3-4应收票据'!A33 -> #REF!

Sheet 3-7预付账款
A1: 返回索引目录
A2: ="预付账款评估"&#REF! -> #REF!
A4: ='3-5应收账款'!A4:Q4 -> #REF!
B5: ='3-5应收账款'!B5 -> #REF!
A6: ='3-5应收账款'!A6 -> #REF! | L6: 放入备注中说明
A7: 序号 | B7: 收款单位名称（结算对象) | C7: 业务内容 | D7: 发生日期 | E7: 账龄 | F7: 账面价值 | G7: 评估价值 | H7: 增减值 | I7: 增值率% | J7: 备注 | K7: 核算单位 | L7: 最后一次变动日期 | M7: 是否为关联方 | N7: 是否仍有业务往来 | O7: 长期挂账原因 | P7: 对方单位是否破产/注销
A8: 1 | D8: 43800 | E8: =IF(D8=0,"",(IF(($B$5-D8)<366,"1年以内",IF(($B$5-D8)<731,"1-2年",IF(($B$5-D8)<1096,"2-3年",IF(($B$5-D8)<1461,"3-4年",IF(($B$5-D8)<1826,"4-5年","5年以上"))))))) -> #REF! | H8: =IF(F8=0,"",G8-F8) | I8: =IF(F8=0,"",H8/(F8)*100)
E9: =IF(D9=0,"",(IF(($B$5-D9)<366,"1年以内",IF(($B$5-D9)<731,"1-2年",IF(($B$5-D9)<1096,"2-3年",IF(($B$5-D9)<1461,"3-4年",IF(($B$5-D9)<1826,"4-5年","5年以上"))))))) | H9: =IF(F9=0,"",G9-F9) | I9: =IF(F9=0,"",H9/(F9)*100)
E10: =IF(D10=0,"",(IF(($B$5-D10)<366,"1年以内",IF(($B$5-D10)<731,"1-2年",IF(($B$5-D10)<1096,"2-3年",IF(($B$5-D10)<1461,"3-4年",IF(($B$5-D10)<1826,"4-5年","5年以上"))))))) | H10: =IF(F10=0,"",G10-F10) | I10: =IF(F10=0,"",H10/(F10)*100)
E11: =IF(D11=0,"",(IF(($B$5-D11)<366,"1年以内",IF(($B$5-D11)<731,"1-2年",IF(($B$5-D11)<1096,"2-3年",IF(($B$5-D11)<1461,"3-4年",IF(($B$5-D11)<1826,"4-5年","5年以上"))))))) | H11: =IF(F11=0,"",G11-F11) | I11: =IF(F11=0,"",H11/(F11)*100)
E12: =IF(D12=0,"",(IF(($B$5-D12)<366,"1年以内",IF(($B$5-D12)<731,"1-2年",IF(($B$5-D12)<1096,"2-3年",IF(($B$5-D12)<1461,"3-4年",IF(($B$5-D12)<1826,"4-5年","5年以上"))))))) | H12: =IF(F12=0,"",G12-F12) | I12: =IF(F12=0,"",H12/(F12)*100)
E13: =IF(D13=0,"",(IF(($B$5-D13)<366,"1年以内",IF(($B$5-D13)<731,"1-2年",IF(($B$5-D13)<1096,"2-3年",IF(($B$5-D13)<1461,"3-4年",IF(($B$5-D13)<1826,"4-5年","5年以上"))))))) | H13: =IF(F13=0,"",G13-F13) | I13: =IF(F13=0,"",H13/(F13)*100)
E14: =IF(D14=0,"",(IF(($B$5-D14)<366,"1年以内",IF(($B$5-D14)<731,"1-2年",IF(($B$5-D14)<1096,"2-3年",IF(($B$5-D14)<1461,"3-4年",IF(($B$5-D14)<1826,"4-5年","5年以上"))))))) | H14: =IF(F14=0,"",G14-F14) | I14: =IF(F14=0,"",H14/(F14)*100)
E15: =IF(D15=0,"",(IF(($B$5-D15)<366,"1年以内",IF(($B$5-D15)<731,"1-2年",IF(($B$5-D15)<1096,"2-3年",IF(($B$5-D15)<1461,"3-4年",IF(($B$5-D15)<1826,"4-5年","5年以上"))))))) | H15: =IF(F15=0,"",G15-F15) | I15: =IF(F15=0,"",H15/(F15)*100)
E16: =IF(D16=0,"",(IF(($B$5-D16)<366,"1年以内",IF(($B$5-D16)<731,"1-2年",IF(($B$5-D16)<1096,"2-3年",IF(($B$5-D16)<1461,"3-4年",IF(($B$5-D16)<1826,"4-5年","5年以上"))))))) | H16: =IF(F16=0,"",G16-F16) | I16: =IF(F16=0,"",H16/(F16)*100)
E17: =IF(D17=0,"",(IF(($B$5-D17)<366,"1年以内",IF(($B$5-D17)<731,"1-2年",IF(($B$5-D17)<1096,"2-3年",IF(($B$5-D17)<1461,"3-4年",IF(($B$5-D17)<1826,"4-5年","5年以上"))))))) | H17: =IF(F17=0,"",G17-F17) | I17: =IF(F17=0,"",H17/(F17)*100)
E18: =IF(D18=0,"",(IF(($B$5-D18)<366,"1年以内",IF(($B$5-D18)<731,"1-2年",IF(($B$5-D18)<1096,"2-3年",IF(($B$5-D18)<1461,"3-4年",IF(($B$5-D18)<1826,"4-5年","5年以上"))))))) | H18: =IF(F18=0,"",G18-F18) | I18: =IF(F18=0,"",H18/(F18)*100)
E19: =IF(D19=0,"",(IF(($B$5-D19)<366,"1年以内",IF(($B$5-D19)<731,"1-2年",IF(($B$5-D19)<1096,"2-3年",IF(($B$5-D19)<1461,"3-4年",IF(($B$5-D19)<1826,"4-5年","5年以上"))))))) | H19: =IF(F19=0,"",G19-F19) | I19: =IF(F19=0,"",H19/(F19)*100)
E20: =IF(D20=0,"",(IF(($B$5-D20)<366,"1年以内",IF(($B$5-D20)<731,"1-2年",IF(($B$5-D20)<1096,"2-3年",IF(($B$5-D20)<1461,"3-4年",IF(($B$5-D20)<1826,"4-5年","5年以上"))))))) | H20: =IF(F20=0,"",G20-F20) | I20: =IF(F20=0,"",H20/(F20)*100)
... E26: =IF(D26=0,"",(IF(($B$5-D26)<366,"1年以内",IF(($B$5-D26)<731,"1-2年",IF(($B$5-D26)<1096,"2-3年",IF(($B$5-D26)<1461,"3-4年",IF(($B$5-D26)<1826,"4-5年","5年以上"))))))) | H26: =IF(F26=0,"",G26-F26) | I26: =IF(F26=0,"",H26/(F26)*100)
A27: 合 计 | F27: =SUM(F8:F26) -> 0 | G27: =SUM(G8:G26) -> 0 | H27: =IF(F27=0,"",G27-F27) | I27: =IF(F27=0,"",H27/(F27)*100)
A28: 减：预付账款坏账准备
A29: 减：评估风险损失 | G29: =F28 -> 0
A30: 合 计 | F30: =F27-F28 -> 0 | G30: =G27-G29 -> 0 | H30: =IF(F30=0,"",G30-F30) | I30: =IF(F30=0,"",H30/(F30)*100)
A31: ='3-5应收账款'!A31 -> #REF! | G31: ='3-5应收账款'!N31 -> #REF!
A32: ='3-5应收账款'!A32 -> #REF!

Sheet 3-8其他应收款汇总
A1: 返回索引目录
A2: 其他应收款评估汇总表
A4: ='3-8-3其他应收款'!A4:Q4 -> #REF!
A6: ='3-8-3其他应收款'!A6 -> #REF!
A7: 编号 | B7: 科目名称 | C7: 账面价值 | D7: 评估价值 | E7: 增减值 | F7: 增值率%
A8: 3-8-1 | B8: 应收利息 | C8: ='3-8-1应收利息'!G31 -> 0 | D8: ='3-8-1应收利息'!H31 -> 0 | E8: =D8-C8 -> 0 | F8: =IF(C8=0,"",E8/C8*100)
A9: 3-9-2 | B9: 应收股利 | C9: ='3-8-2应收股利'!E31 -> 0 | D9: ='3-8-2应收股利'!F31 -> 0 | E9: =D9-C9 -> 0 | F9: =IF(C9=0,"",E9/C9*100)
A10: 3-9-3 | B10: 其他应收款 | C10: ='3-8-3其他应收款'!M26 -> 0 | D10: ='3-8-3其他应收款'!N26 -> 0 | E10: =D10-C10 -> 0 | F10: =IF(C10=0,"",E10/C10*100)
H13: 0
H14: 0
A22: 合计 | C22: =C8+C9+C10 -> 0 | D22: =SUM(D8:D10) -> 0 | E22: =D22-C22 -> 0 | F22: =IF(C22=0,"",E22/C22*100)
A23: 减：坏账准备 | C23: ='3-8-3其他应收款'!M27 -> 0
A24: 减：评估风险损失 | D24: ='3-8-3其他应收款'!N28 -> 0
A25: 合计 | C25: =C22-C23 -> 0 | D25: =D22-D24 -> 0 | E25: =D25-C25 -> 0 | F25: =IF(C25=0,"",E25/C25*100)

Sheet 3-8-1应收利息
A1: 返回索引目录
A2: ="应收利息评估"&#REF! -> #REF!
A4: ='3-7预付账款'!A4:J4 -> #REF!
A6: ='3-7预付账款'!A6 -> #REF!
A7: 序号 | B7: 欠款单位名称（结算对象) | C7: 发生日期 | D7: 本金 | E7: 利息所属期间 | F7: 利息率% | G7: 账面价值 | H7: 评估价值 | I7: 增减值 | J7: 增值率% | K7: 是否为关联方 | L7: 核算单位
A8: 1 | C8: 43830 | I8: =IF(G8=0,"",H8-G8) | J8: =IF(G8=0,"",I8/G8*100)
I9: =IF(G9=0,"",H9-G9) | J9: =IF(G9=0,"",I9/G9*100)
I10: =IF(G10=0,"",H10-G10) | J10: =IF(G10=0,"",I10/G10*100)
I11: =IF(G11=0,"",H11-G11) | J11: =IF(G11=0,"",I11/G11*100)
I12: =IF(G12=0,"",H12-G12) | J12: =IF(G12=0,"",I12/G12*100)
H13: 0 | I13: =IF(G13=0,"",H13-G13) | J13: =IF(G13=0,"",I13/G13*100)
H14: 0 | I14: =IF(G14=0,"",H14-G14) | J14: =IF(G14=0,"",I14/G14*100)
I15: =IF(G15=0,"",H15-G15) | J15: =IF(G15=0,"",I15/G15*100)
I16: =IF(G16=0,"",H16-G16) | J16: =IF(G16=0,"",I16/G16*100)
I17: =IF(G17=0,"",H17-G17) | J17: =IF(G17=0,"",I17/G17*100)
I18: =IF(G18=0,"",H18-G18) | J18: =IF(G18=0,"",I18/G18*100)
I19: =IF(G19=0,"",H19-G19) | J19: =IF(G19=0,"",I19/G19*100)
I20: =IF(G20=0,"",H20-G20) | J20: =IF(G20=0,"",I20/G20*100)
I21: =IF(G21=0,"",H21-G21) | J21: =IF(G21=0,"",I21/G21*100)
I22: =IF(G22=0,"",H22-G22) | J22: =IF(G22=0,"",I22/G22*100)
I23: =IF(G23=0,"",H23-G23) | J23: =IF(G23=0,"",I23/G23*100)
I24: =IF(G24=0,"",H24-G24) | J24: =IF(G24=0,"",I24/G24*100)
I25: =IF(G25=0,"",H25-G25) | J25: =IF(G25=0,"",I25/G25*100)
I26: =IF(G26=0,"",H26-G26) | J26: =IF(G26=0,"",I26/G26*100)
... I30: =IF(G30=0,"",H30-G30) | J30: =IF(G30=0,"",I30/G30*100)
A31: 合 计 | G31: =SUM(G8:G30) -> 0 | H31: =SUM(H8:H30) -> 0 | I31: =IF(G31=0,"",H31-G31) | J31: =IF(G31=0,"",I31/G31*100)
A32: ='3-7预付账款'!A31 -> #REF! | H32: ='3-7预付账款'!G31 -> #REF!
A33: ='3-7预付账款'!A32 -> #REF!

Sheet 3-8-2应收股利
A1: 返回索引目录
A2: ="应收股利（应收利润）评估"&#REF! -> #REF!
A4: ='3-8-1应收利息'!A4:K4 -> #REF!
A6: ='3-8-1应收利息'!A6 -> #REF!
A7: 序号 | B7: 户名（结算对象) | C7: 发生日期 | D7: 股利（利润）所属期间 | E7: 账面价值 | F7: 评估价值 | G7: 增减值 | H7: 增值率% | I7: 备注 | J7: 核算单位
A8: 1 | G8: =IF(E8=0,"",F8-E8) | H8: =IF(E8=0,"",G8/E8*100)
G9: =IF(E9=0,"",F9-E9) | H9: =IF(E9=0,"",G9/E9*100)
G10: =IF(E10=0,"",F10-E10) | H10: =IF(E10=0,"",G10/E10*100)
G11: =IF(E11=0,"",F11-E11) | H11: =IF(E11=0,"",G11/E11*100)
G12: =IF(E12=0,"",F12-E12) | H12: =IF(E12=0,"",G12/E12*100)
G13: =IF(E13=0,"",F13-E13) | H13: 0
G14: =IF(E14=0,"",F14-E14) | H14: 0
G15: =IF(E15=0,"",F15-E15) | H15: =IF(E15=0,"",G15/E15*100)
G16: =IF(E16=0,"",F16-E16) | H16: =IF(E16=0,"",G16/E16*100)
G17: =IF(E17=0,"",F17-E17) | H17: =IF(E17=0,"",G17/E17*100)
G18: =IF(E18=0,"",F18-E18) | H18: =IF(E18=0,"",G18/E18*100)
G19: =IF(E19=0,"",F19-E19) | H19: =IF(E19=0,"",G19/E19*100)
G20: =IF(E20=0,"",F20-E20) | H20: =IF(E20=0,"",G20/E20*100)
G21: =IF(E21=0,"",F21-E21) | H21: =IF(E21=0,"",G21/E21*100)
G22: =IF(E22=0,"",F22-E22) | H22: =IF(E22=0,"",G22/E22*100)
G23: =IF(E23=0,"",F23-E23) | H23: =IF(E23=0,"",G23/E23*100)
G24: =IF(E24=0,"",F24-E24) | H24: =IF(E24=0,"",G24/E24*100)
G25: =IF(E25=0,"",F25-E25) | H25: =IF(E25=0,"",G25/E25*100)
G26: =IF(E26=0,"",F26-E26) | H26: =IF(E26=0,"",G26/E26*100)
... G30: =IF(E30=0,"",F30-E30) | H30: =IF(E30=0,"",G30/E30*100)
A31: 合 计 | E31: =SUM(E8:E30) -> 0 | F31: =SUM(F8:F30) -> 0 | G31: =IF(E31=0,"",F31-E31) | H31: =IF(E31=0,"",G31/E31*100)
A32: ='3-8-1应收利息'!A32 -> #REF! | F32: ='3-8-1应收利息'!H32 -> #REF!
A33: ='3-8-1应收利息'!A33 -> #REF!

Sheet 3-8-3其他应收款
A1: 返回索引目录
A2: ="其他应收款评估"&#REF! -> #REF!
A4: ='3-8-2应收股利'!A4:I4 -> #REF!
B5: ='3-5应收账款'!B5 -> #REF!
A6: ='3-8-2应收股利'!A6 -> #REF! | S6: 放入备注中说明
A7: 序号 | B7: 欠款单位（人）名称（结算对象) | C7: 业务内容 | D7: 发生日期 | E7: 账龄 | F7: 1年以内金额 | G7: 1~2年金额 | H7: 2~3年金额 | I7: 3~4年金额 | J7: 4~5年金额 | K7: 5年以上金额 | L7: 账龄总数与账面价值差异(应等于0) | M7: 账面价值 | N7: 评估价值 | O7: 增减值 | P7: 增值率% | Q7: 备注 | R7: 核算单位 | S7: 是否为关联方 | T7: 是否仍有业务往来 | U7: 长期挂账原因 | V7: 对方单位是否破产/注销
A8: 1 | D8: 43800 | E8: =IF(D8=0,"",(IF(($B$5-D8)<366,"1年以内",IF(($B$5-D8)<731,"1-2年",IF(($B$5-D8)<1096,"2-3年",IF(($B$5-D8)<1461,"3-4年",IF(($B$5-D8)<1826,"4-5年","5年以上"))))))) -> #REF! | L8: =SUM(F8:K8)-M8 -> 0 | O8: =IF(M8=0,"",N8-M8) | P8: =IF(M8=0,"",O8/(M8)*100)
E9: =IF(D9=0,"",(IF(($B$5-D9)<366,"1年以内",IF(($B$5-D9)<731,"1-2年",IF(($B$5-D9)<1096,"2-3年",IF(($B$5-D9)<1461,"3-4年",IF(($B$5-D9)<1826,"4-5年","5年以上"))))))) | L9: =SUM(F9:K9)-M9 -> 0 | O9: =IF(M9=0,"",N9-M9) | P9: =IF(M9=0,"",O9/(M9)*100)
E10: =IF(D10=0,"",(IF(($B$5-D10)<366,"1年以内",IF(($B$5-D10)<731,"1-2年",IF(($B$5-D10)<1096,"2-3年",IF(($B$5-D10)<1461,"3-4年",IF(($B$5-D10)<1826,"4-5年","5年以上"))))))) | L10: =SUM(F10:K10)-M10 -> 0 | O10: =IF(M10=0,"",N10-M10) | P10: =IF(M10=0,"",O10/(M10)*100)
E11: =IF(D11=0,"",(IF(($B$5-D11)<366,"1年以内",IF(($B$5-D11)<731,"1-2年",IF(($B$5-D11)<1096,"2-3年",IF(($B$5-D11)<1461,"3-4年",IF(($B$5-D11)<1826,"4-5年","5年以上"))))))) | L11: =SUM(F11:K11)-M11 -> 0 | O11: =IF(M11=0,"",N11-M11) | P11: =IF(M11=0,"",O11/(M11)*100)
E12: =IF(D12=0,"",(IF(($B$5-D12)<366,"1年以内",IF(($B$5-D12)<731,"1-2年",IF(($B$5-D12)<1096,"2-3年",IF(($B$5-D12)<1461,"3-4年",IF(($B$5-D12)<1826,"4-5年","5年以上"))))))) | L12: =SUM(F12:K12)-M12 -> 0 | O12: =IF(M12=0,"",N12-M12) | P12: =IF(M12=0,"",O12/(M12)*100)
E13: =IF(D13=0,"",(IF(($B$5-D13)<366,"1年以内",IF(($B$5-D13)<731,"1-2年",IF(($B$5-D13)<1096,"2-3年",IF(($B$5-D13)<1461,"3-4年",IF(($B$5-D13)<1826,"4-5年","5年以上"))))))) | L13: =SUM(F13:K13)-M13 -> 0 | O13: =IF(M13=0,"",N13-M13) | P13: =IF(M13=0,"",O13/(M13)*100)
E14: =IF(D14=0,"",(IF(($B$5-D14)<366,"1年以内",IF(($B$5-D14)<731,"1-2年",IF(($B$5-D14)<1096,"2-3年",IF(($B$5-D14)<1461,"3-4年",IF(($B$5-D14)<1826,"4-5年","5年以上"))))))) | L14: =SUM(F14:K14)-M14 -> 0 | O14: =IF(M14=0,"",N14-M14) | P14: =IF(M14=0,"",O14/(M14)*100)
E15: =IF(D15=0,"",(IF(($B$5-D15)<366,"1年以内",IF(($B$5-D15)<731,"1-2年",IF(($B$5-D15)<1096,"2-3年",IF(($B$5-D15)<1461,"3-4年",IF(($B$5-D15)<1826,"4-5年","5年以上"))))))) | L15: =SUM(F15:K15)-M15 -> 0 | O15: =IF(M15=0,"",N15-M15) | P15: =IF(M15=0,"",O15/(M15)*100)
E16: =IF(D16=0,"",(IF(($B$5-D16)<366,"1年以内",IF(($B$5-D16)<731,"1-2年",IF(($B$5-D16)<1096,"2-3年",IF(($B$5-D16)<1461,"3-4年",IF(($B$5-D16)<1826,"4-5年","5年以上"))))))) | L16: =SUM(F16:K16)-M16 -> 0 | O16: =IF(M16=0,"",N16-M16) | P16: =IF(M16=0,"",O16/(M16)*100)
E17: =IF(D17=0,"",(IF(($B$5-D17)<366,"1年以内",IF(($B$5-D17)<731,"1-2年",IF(($B$5-D17)<1096,"2-3年",IF(($B$5-D17)<1461,"3-4年",IF(($B$5-D17)<1826,"4-5年","5年以上"))))))) | L17: =SUM(F17:K17)-M17 -> 0 | O17: =IF(M17=0,"",N17-M17) | P17: =IF(M17=0,"",O17/(M17)*100)
E18: =IF(D18=0,"",(IF(($B$5-D18)<366,"1年以内",IF(($B$5-D18)<731,"1-2年",IF(($B$5-D18)<1096,"2-3年",IF(($B$5-D18)<1461,"3-4年",IF(($B$5-D18)<1826,"4-5年","5年以上"))))))) | L18: =SUM(F18:K18)-M18 -> 0 | O18: =IF(M18=0,"",N18-M18) | P18: =IF(M18=0,"",O18/(M18)*100)
E19: =IF(D19=0,"",(IF(($B$5-D19)<366,"1年以内",IF(($B$5-D19)<731,"1-2年",IF(($B$5-D19)<1096,"2-3年",IF(($B$5-D19)<1461,"3-4年",IF(($B$5-D19)<1826,"4-5年","5年以上"))))))) | L19: =SUM(F19:K19)-M19 -> 0 | O19: =IF(M19=0,"",N19-M19) | P19: =IF(M19=0,"",O19/(M19)*100)
E20: =IF(D20=0,"",(IF(($B$5-D20)<366,"1年以内",IF(($B$5-D20)<731,"1-2年",IF(($B$5-D20)<1096,"2-3年",IF(($B$5-D20)<1461,"3-4年",IF(($B$5-D20)<1826,"4-5年","5年以上"))))))) | L20: =SUM(F20:K20)-M20 -> 0 | O20: =IF(M20=0,"",N20-M20) | P20: =IF(M20=0,"",O20/(M20)*100)
... E25: =IF(D25=0,"",(IF(($B$5-D25)<366,"1年以内",IF(($B$5-D25)<731,"1-2年",IF(($B$5-D25)<1096,"2-3年",IF(($B$5-D25)<1461,"3-4年",IF(($B$5-D25)<1826,"4-5年","5年以上"))))))) | L25: =SUM(F25:K25)-M25 -> 0 | O25: =IF(M25=0,"",N25-M25) | P25: =IF(M25=0,"",O25/(M25)*100)
A26: 合 计 | M26: =SUM(M8:M25) -> 0 | N26: =SUM(N8:N25) -> 0 | O26: =IF(M26=0,"",N26-M26) | P26: =IF(M26=0,"",O26/(M26)*100)
A27: 减：其他应收款坏账准备
A28: 减：评估风险损失 | N28: =M27 -> 0
A29: 合 计 | M29: =M26-M27 -> 0 | N29: =N26-N28 -> 0 | O29: =IF(M29=0,"",N29-M29) | P29: =IF(M29=0,"",O29/(M29)*100)
A30: ='3-8-2应收股利'!A32 -> #REF! | N30: ='3-8-2应收股利'!F32 -> #REF!
A31: ='3-8-2应收股利'!A33 -> #REF!

Sheet 3-9-1材料采购（在途物资）
A1: 返回索引目录
A2: ="存货-材料采购（在途物资）评估"&#REF! -> #REF!
A4: =#REF! -> #REF!
A6: =#REF! -> #REF!
A7: 序号 | B7: 名称 | C7: 规格型号 | D7: 计量单位 | E7: 供货单位名称 | F7: 采购日期 | G7: 是否关联方 | H7: 账面价值 | K7: 评估价值 | N7: 增减值 | O7: 增值率% | P7: 备注 | Q7: 核算单位
H8: 数量 | I8: 单价 | J8: 金额 | K8: 实际数量 | L8: 评估单价 | M8: 金额
A9: 1 | F9: 2019/12 | N9: =IF(J9=0,"",M9-J9) | O9: =IF(J9=0,"",N9/(J9)*100)
N10: =IF(J10=0,"",M10-J10) | O10: =IF(J10=0,"",N10/(J10)*100)
N11: =IF(J11=0,"",M11-J11) | O11: =IF(J11=0,"",N11/(J11)*100)
N12: =IF(J12=0,"",M12-J12) | O12: =IF(J12=0,"",N12/(J12)*100)
H13: 0 | N13: =IF(J13=0,"",M13-J13) | O13: =IF(J13=0,"",N13/(J13)*100)
H14: 0 | N14: =IF(J14=0,"",M14-J14) | O14: =IF(J14=0,"",N14/(J14)*100)
N15: =IF(J15=0,"",M15-J15) | O15: =IF(J15=0,"",N15/(J15)*100)
N16: =IF(J16=0,"",M16-J16) | O16: =IF(J16=0,"",N16/(J16)*100)
N17: =IF(J17=0,"",M17-J17) | O17: =IF(J17=0,"",N17/(J17)*100)
N18: =IF(J18=0,"",M18-J18) | O18: =IF(J18=0,"",N18/(J18)*100)
N19: =IF(J19=0,"",M19-J19) | O19: =IF(J19=0,"",N19/(J19)*100)
N20: =IF(J20=0,"",M20-J20) | O20: =IF(J20=0,"",N20/(J20)*100)
N21: =IF(J21=0,"",M21-J21) | O21: =IF(J21=0,"",N21/(J21)*100)
N22: =IF(J22=0,"",M22-J22) | O22: =IF(J22=0,"",N22/(J22)*100)
N23: =IF(J23=0,"",M23-J23) | O23: =IF(J23=0,"",N23/(J23)*100)
N24: =IF(J24=0,"",M24-J24) | O24: =IF(J24=0,"",N24/(J24)*100)
N25: =IF(J25=0,"",M25-J25) | O25: =IF(J25=0,"",N25/(J25)*100)
N26: =IF(J26=0,"",M26-J26) | O26: =IF(J26=0,"",N26/(J26)*100)
... N29: =IF(J29=0,"",M29-J29) | O29: =IF(J29=0,"",N29/(J29)*100)
A30: 小计 | J30: =SUM(J9:J29) -> 0 | M30: =SUM(M9:M29) -> 0 | N30: =IF(J30=0,"",M30-J30) | O30: =IF(J30=0,"",N30/(J30)*100)
A31: 减：跌价准备
A32: 合 计 | J32: =J30-J31 -> 0 | M32: =M30 -> 0 | N32: =IF(J32=0,"",M32-J32) | O32: =IF(J32=0,"",N32/(J32)*100)
A33: ='3-8-3其他应收款'!A30 -> #REF! | L33: ='3-8-3其他应收款'!N30 -> #REF!
A34: ='3-8-3其他应收款'!A31 -> #REF!

Sheet 标的资产明细表
A1: 标的资产明细表
A2: 序号 | B2: 名称 | C2: 计量单位 | D2: 评估数量 | E2: 实物存放地点 | F2: 实物保管人、联系电话
A3: 1 | B3: 离心压缩机本体零件,干气密封维修包,157648-704,索拉 | C3: 套 | D3: 1 | E3: 压缩机关键备件储备库 | F3: 强雪娟 18691852359
A4: 2 | B4: 气动执行机构零件,接线端子,DN 2P TN 255,RMG | C4: 个 | D4: 2 | E4: 靖边作业区库 | F4: 于德淼 15691910029
A5: 3 | B5: 离心压缩机辅助系统零件,喷嘴,L31810G04,GE | C5: 个 | D5: 10 | E5: 压缩机关键备件储备库 | F5: 强雪娟 18691852359
A6: 4 | B6: 离心压缩机本体零件,推力轴承,210B528001,罗罗 | C6: 个 | D6: 2 | E6: 压缩机关键备件储备库 | F6: 强雪娟 18691852359
A7: 5 | B7: 离心压缩机本体零件,热力旁通阀,APSEM320-MA,GE | C7: 个 | D7: 1 | E7: 压缩机关键备件储备库 | F7: 强雪娟 18691852359
A8: 6 | B8: 气动执行机构零件,安全栅,LRTZ-50A | C8: 个 | D8: 3 | E8: 靖边作业区库 | F8: 于德淼 15691910029
A9: 7 | B9: 离心压缩机辅助系统零件,喷嘴,L31810G04,GE | C9: 个 | D9: 7 | E9: 压缩机关键备件储备库 | F9: 强雪娟 18691852359
A10: 8 | B10: 离心压缩机辅助系统零件,喷嘴,L31810G04,GE | C10: 个 | D10: 7 | E10: 压缩机关键备件储备库 | F10: 强雪娟 18691852359
A11: 9 | B11: 阀门本体零件,密封件,6-415-anr-20,丹尼尔 | C11: 个 | D11: 6 | E11: 高陵作业区库 | F11: 张彦宏18391305796
A12: 10 | B12: 离心压缩机本体零件,电机,R29-LW17395,罗罗 | C12: 台 | D12: 1 | E12: 压缩机关键备件储备库 | F12: 强雪娟 18691852359
A13: 11 | B13: 离心压缩机本体零件,电机,R29-LW17395,罗罗 | C13: 台 | D13: 1 | E13: 压缩机关键备件储备库 | F13: 强雪娟 18691852359
A14: 12 | B14: 离心压缩机本体零件,运算器&编程器,IQQ010080199,GE | C14: 个 | D14: 1 | E14: 压缩机关键备件储备库 | F14: 强雪娟 18691852359
... A2506: 2506 | B2506: 防爆电动球阀 PN100 DN200 | C2506: 个 | D2506: 1 | E2506: 晋中作业区 | F2506: 逯佳旺13546557520

Sheet 3-9-3在库周转材料
A1: 返回索引目录
A2: ="存货-在库周转材料评估"&#REF! -> #REF!
A4: =标的资产明细表!#REF! -> #REF!
B5: =标的资产明细表!#REF! -> #REF!
A6: =标的资产明细表!#REF! -> #REF!
A7: 序号 | B7: 名称 | C7: 规格型号 | D7: 计量单位 | E7: 存放地点 | F7: 最后一次购进日期 | G7: 库龄 | H7: 品质状况 | I7: 最后一次购进单价 | J7: 主要供应商是否关联方 | K7: 账面为负值的原因 | L7: 账面价值 | O7: 评估价值 | R7: 增减值 | S7: 增值率% | T7: 备注 | U7: 核算单位
L8: 数量 | M8: 单价 | N8: 金额 | O8: 实际数量 | P8: 评估单价 | Q8: 金额
A9: 1 | F9: 2019/11 | G9: =IF(F9=0,"",(IF(($B$5-F9)<366,"1年以内",IF(($B$5-F9)<731,"1-2年",IF(($B$5-F9)<1096,"2-3年",IF(($B$5-F9)<1461,"3-4年",IF(($B$5-F9)<1826,"4-5年","5年以上"))))))) -> #REF! | R9: =IF(N9=0,"",Q9-N9) | S9: =IF(N9=0,"",R9/(N9)*100)
G10: =IF(F10=0,"",(IF(($B$5-F10)<366,"1年以内",IF(($B$5-F10)<731,"1-2年",IF(($B$5-F10)<1096,"2-3年",IF(($B$5-F10)<1461,"3-4年",IF(($B$5-F10)<1826,"4-5年","5年以上"))))))) | R10: =IF(N10=0,"",Q10-N10) | S10: =IF(N10=0,"",R10/(N10)*100)
G11: =IF(F11=0,"",(IF(($B$5-F11)<366,"1年以内",IF(($B$5-F11)<731,"1-2年",IF(($B$5-F11)<1096,"2-3年",IF(($B$5-F11)<1461,"3-4年",IF(($B$5-F11)<1826,"4-5年","5年以上"))))))) | R11: =IF(N11=0,"",Q11-N11) | S11: =IF(N11=0,"",R11/(N11)*100)
G12: =IF(F12=0,"",(IF(($B$5-F12)<366,"1年以内",IF(($B$5-F12)<731,"1-2年",IF(($B$5-F12)<1096,"2-3年",IF(($B$5-F12)<1461,"3-4年",IF(($B$5-F12)<1826,"4-5年","5年以上"))))))) | R12: =IF(N12=0,"",Q12-N12) | S12: =IF(N12=0,"",R12/(N12)*100)
G13: =IF(F13=0,"",(IF(($B$5-F13)<366,"1年以内",IF(($B$5-F13)<731,"1-2年",IF(($B$5-F13)<1096,"2-3年",IF(($B$5-F13)<1461,"3-4年",IF(($B$5-F13)<1826,"4-5年","5年以上"))))))) | R13: =IF(N13=0,"",Q13-N13) | S13: =IF(N13=0,"",R13/(N13)*100)
G14: =IF(F14=0,"",(IF(($B$5-F14)<366,"1年以内",IF(($B$5-F14)<731,"1-2年",IF(($B$5-F14)<1096,"2-3年",IF(($B$5-F14)<1461,"3-4年",IF(($B$5-F14)<1826,"4-5年","5年以上"))))))) | R14: =IF(N14=0,"",Q14-N14) | S14: =IF(N14=0,"",R14/(N14)*100)
G15: =IF(F15=0,"",(IF(($B$5-F15)<366,"1年以内",IF(($B$5-F15)<731,"1-2年",IF(($B$5-F15)<1096,"2-3年",IF(($B$5-F15)<1461,"3-4年",IF(($B$5-F15)<1826,"4-5年","5年以上"))))))) | R15: =IF(N15=0,"",Q15-N15) | S15: =IF(N15=0,"",R15/(N15)*100)
G16: =IF(F16=0,"",(IF(($B$5-F16)<366,"1年以内",IF(($B$5-F16)<731,"1-2年",IF(($B$5-F16)<1096,"2-3年",IF(($B$5-F16)<1461,"3-4年",IF(($B$5-F16)<1826,"4-5年","5年以上"))))))) | R16: =IF(N16=0,"",Q16-N16) | S16: =IF(N16=0,"",R16/(N16)*100)
G17: =IF(F17=0,"",(IF(($B$5-F17)<366,"1年以内",IF(($B$5-F17)<731,"1-2年",IF(($B$5-F17)<1096,"2-3年",IF(($B$5-F17)<1461,"3-4年",IF(($B$5-F17)<1826,"4-5年","5年以上"))))))) | R17: =IF(N17=0,"",Q17-N17) | S17: =IF(N17=0,"",R17/(N17)*100)
G18: =IF(F18=0,"",(IF(($B$5-F18)<366,"1年以内",IF(($B$5-F18)<731,"1-2年",IF(($B$5-F18)<1096,"2-3年",IF(($B$5-F18)<1461,"3-4年",IF(($B$5-F18)<1826,"4-5年","5年以上"))))))) | R18: =IF(N18=0,"",Q18-N18) | S18: =IF(N18=0,"",R18/(N18)*100)
G19: =IF(F19=0,"",(IF(($B$5-F19)<366,"1年以内",IF(($B$5-F19)<731,"1-2年",IF(($B$5-F19)<1096,"2-3年",IF(($B$5-F19)<1461,"3-4年",IF(($B$5-F19)<1826,"4-5年","5年以上"))))))) | R19: =IF(N19=0,"",Q19-N19) | S19: =IF(N19=0,"",R19/(N19)*100)
G20: =IF(F20=0,"",(IF(($B$5-F20)<366,"1年以内",IF(($B$5-F20)<731,"1-2年",IF(($B$5-F20)<1096,"2-3年",IF(($B$5-F20)<1461,"3-4年",IF(($B$5-F20)<1826,"4-5年","5年以上"))))))) | R20: =IF(N20=0,"",Q20-N20) | S20: =IF(N20=0,"",R20/(N20)*100)
G21: =IF(F21=0,"",(IF(($B$5-F21)<366,"1年以内",IF(($B$5-F21)<731,"1-2年",IF(($B$5-F21)<1096,"2-3年",IF(($B$5-F21)<1461,"3-4年",IF(($B$5-F21)<1826,"4-5年","5年以上"))))))) | R21: =IF(N21=0,"",Q21-N21) | S21: =IF(N21=0,"",R21/(N21)*100)
... G30: =IF(F30=0,"",(IF(($B$5-F30)<366,"1年以内",IF(($B$5-F30)<731,"1-2年",IF(($B$5-F30)<1096,"2-3年",IF(($B$5-F30)<1461,"3-4年",IF(($B$5-F30)<1826,"4-5年","5年以上"))))))) | R30: =IF(N30=0,"",Q30-N30) | S30: =IF(N30=0,"",R30/(N30)*100)
A31: 小计 | N31: =SUM(N9:N30) -> 0 | Q31: =SUM(Q9:Q30) -> 0 | R31: =IF(N31=0,"",Q31-N31) | S31: =IF(N31=0,"",R31/(N31)*100)
A32: 减：跌价准备
A33: 合计 | N33: =N31-N32 -> 0 | Q33: =Q31 -> 0 | R33: =IF(N33=0,"",Q33-N33) | S33: =IF(N33=0,"",R33/(N33)*100)
A34: =标的资产明细表!#REF! -> #REF! | P34: =标的资产明细表!#REF! -> #REF!
A35: =标的资产明细表!#REF! -> #REF!

Sheet 3-9-4委托加工物资
A1: 返回索引目录
A2: ="存货-委托加工物资评估"&#REF! -> #REF!
A4: ='3-9-3在库周转材料'!A4:T4 -> #REF!
B5: ='3-9-3在库周转材料'!B5 -> #REF!
A6: ='3-9-3在库周转材料'!A6 -> #REF!
A7: 序号 | B7: 名称 | C7: 规格型号 | D7: 加工单位名称 | E7: 计量单位 | F7: 委托加工日期 | G7: 发出时间间隔 | H7: 委托加工合同号 | I7: 委托加工费金额 | J7: 发出材料成本 | K7: 收回材料成本 | L7: 未收回原因 | M7: 账面价值 | P7: 评估价值 | S7: 增减值 | T7: 增值率% | U7: 备注 | V7: 核算单位
M8: 数量 | N8: 单价 | O8: 金额 | P8: 实际数量 | Q8: 评估单价 | R8: 金额
A9: 1 | F9: 43800 | G9: =IF(F9=0,"",(IF(($B$5-F9)<366,"1年以内",IF(($B$5-F9)<731,"1-2年",IF(($B$5-F9)<1096,"2-3年",IF(($B$5-F9)<1461,"3-4年",IF(($B$5-F9)<1826,"4-5年","5年以上"))))))) -> #REF! | S9: =IF(O9=0,"",R9-O9) | T9: =IF(O9=0,"",S9/(O9)*100)
G10: =IF(F10=0,"",(IF(($B$5-F10)<366,"1年以内",IF(($B$5-F10)<731,"1-2年",IF(($B$5-F10)<1096,"2-3年",IF(($B$5-F10)<1461,"3-4年",IF(($B$5-F10)<1826,"4-5年","5年以上"))))))) | S10: =IF(O10=0,"",R10-O10) | T10: =IF(O10=0,"",S10/(O10)*100)
G11: =IF(F11=0,"",(IF(($B$5-F11)<366,"1年以内",IF(($B$5-F11)<731,"1-2年",IF(($B$5-F11)<1096,"2-3年",IF(($B$5-F11)<1461,"3-4年",IF(($B$5-F11)<1826,"4-5年","5年以上"))))))) | S11: =IF(O11=0,"",R11-O11) | T11: =IF(O11=0,"",S11/(O11)*100)
G12: =IF(F12=0,"",(IF(($B$5-F12)<366,"1年以内",IF(($B$5-F12)<731,"1-2年",IF(($B$5-F12)<1096,"2-3年",IF(($B$5-F12)<1461,"3-4年",IF(($B$5-F12)<1826,"4-5年","5年以上"))))))) | S12: =IF(O12=0,"",R12-O12) | T12: =IF(O12=0,"",S12/(O12)*100)
G13: =IF(F13=0,"",(IF(($B$5-F13)<366,"1年以内",IF(($B$5-F13)<731,"1-2年",IF(($B$5-F13)<1096,"2-3年",IF(($B$5-F13)<1461,"3-4年",IF(($B$5-F13)<1826,"4-5年","5年以上"))))))) | H13: 0 | S13: =IF(O13=0,"",R13-O13) | T13: =IF(O13=0,"",S13/(O13)*100)
G14: =IF(F14=0,"",(IF(($B$5-F14)<366,"1年以内",IF(($B$5-F14)<731,"1-2年",IF(($B$5-F14)<1096,"2-3年",IF(($B$5-F14)<1461,"3-4年",IF(($B$5-F14)<1826,"4-5年","5年以上"))))))) | H14: 0 | S14: =IF(O14=0,"",R14-O14) | T14: =IF(O14=0,"",S14/(O14)*100)
G15: =IF(F15=0,"",(IF(($B$5-F15)<366,"1年以内",IF(($B$5-F15)<731,"1-2年",IF(($B$5-F15)<1096,"2-3年",IF(($B$5-F15)<1461,"3-4年",IF(($B$5-F15)<1826,"4-5年","5年以上"))))))) | S15: =IF(O15=0,"",R15-O15) | T15: =IF(O15=0,"",S15/(O15)*100)
G16: =IF(F16=0,"",(IF(($B$5-F16)<366,"1年以内",IF(($B$5-F16)<731,"1-2年",IF(($B$5-F16)<1096,"2-3年",IF(($B$5-F16)<1461,"3-4年",IF(($B$5-F16)<1826,"4-5年","5年以上"))))))) | S16: =IF(O16=0,"",R16-O16) | T16: =IF(O16=0,"",S16/(O16)*100)
G17: =IF(F17=0,"",(IF(($B$5-F17)<366,"1年以内",IF(($B$5-F17)<731,"1-2年",IF(($B$5-F17)<1096,"2-3年",IF(($B$5-F17)<1461,"3-4年",IF(($B$5-F17)<1826,"4-5年","5年以上"))))))) | S17: =IF(O17=0,"",R17-O17) | T17: =IF(O17=0,"",S17/(O17)*100)
G18: =IF(F18=0,"",(IF(($B$5-F18)<366,"1年以内",IF(($B$5-F18)<731,"1-2年",IF(($B$5-F18)<1096,"2-3年",IF(($B$5-F18)<1461,"3-4年",IF(($B$5-F18)<1826,"4-5年","5年以上"))))))) | S18: =IF(O18=0,"",R18-O18) | T18: =IF(O18=0,"",S18/(O18)*100)
G19: =IF(F19=0,"",(IF(($B$5-F19)<366,"1年以内",IF(($B$5-F19)<731,"1-2年",IF(($B$5-F19)<1096,"2-3年",IF(($B$5-F19)<1461,"3-4年",IF(($B$5-F19)<1826,"4-5年","5年以上"))))))) | S19: =IF(O19=0,"",R19-O19) | T19: =IF(O19=0,"",S19/(O19)*100)
G20: =IF(F20=0,"",(IF(($B$5-F20)<366,"1年以内",IF(($B$5-F20)<731,"1-2年",IF(($B$5-F20)<1096,"2-3年",IF(($B$5-F20)<1461,"3-4年",IF(($B$5-F20)<1826,"4-5年","5年以上"))))))) | S20: =IF(O20=0,"",R20-O20) | T20: =IF(O20=0,"",S20/(O20)*100)
G21: =IF(F21=0,"",(IF(($B$5-F21)<366,"1年以内",IF(($B$5-F21)<731,"1-2年",IF(($B$5-F21)<1096,"2-3年",IF(($B$5-F21)<1461,"3-4年",IF(($B$5-F21)<1826,"4-5年","5年以上"))))))) | S21: =IF(O21=0,"",R21-O21) | T21: =IF(O21=0,"",S21/(O21)*100)
G22: =IF(F22=0,"",(IF(($B$5-F22)<366,"1年以内",IF(($B$5-F22)<731,"1-2年",IF(($B$5-F22)<1096,"2-3年",IF(($B$5-F22)<1461,"3-4年",IF(($B$5-F22)<1826,"4-5年","5年以上"))))))) | S22: =IF(O22=0,"",R22-O22) | T22: =IF(O22=0,"",S22/(O22)*100)
G23: =IF(F23=0,"",(IF(($B$5-F23)<366,"1年以内",IF(($B$5-F23)<731,"1-2年",IF(($B$5-F23)<1096,"2-3年",IF(($B$5-F23)<1461,"3-4年",IF(($B$5-F23)<1826,"4-5年","5年以上"))))))) | S23: =IF(O23=0,"",R23-O23) | T23: =IF(O23=0,"",S23/(O23)*100)
G24: =IF(F24=0,"",(IF(($B$5-F24)<366,"1年以内",IF(($B$5-F24)<731,"1-2年",IF(($B$5-F24)<1096,"2-3年",IF(($B$5-F24)<1461,"3-4年",IF(($B$5-F24)<1826,"4-5年","5年以上"))))))) | S24: =IF(O24=0,"",R24-O24) | T24: =IF(O24=0,"",S24/(O24)*100)
G25: =IF(F25=0,"",(IF(($B$5-F25)<366,"1年以内",IF(($B$5-F25)<731,"1-2年",IF(($B$5-F25)<1096,"2-3年",IF(($B$5-F25)<1461,"3-4年",IF(($B$5-F25)<1826,"4-5年","5年以上"))))))) | S25: =IF(O25=0,"",R25-O25) | T25: =IF(O25=0,"",S25/(O25)*100)
G26: =IF(F26=0,"",(IF(($B$5-F26)<366,"1年以内",IF(($B$5-F26)<731,"1-2年",IF(($B$5-F26)<1096,"2-3年",IF(($B$5-F26)<1461,"3-4年",IF(($B$5-F26)<1826,"4-5年","5年以上"))))))) | S26: =IF(O26=0,"",R26-O26) | T26: =IF(O26=0,"",S26/(O26)*100)
... G29: =IF(F29=0,"",(IF(($B$5-F29)<366,"1年以内",IF(($B$5-F29)<731,"1-2年",IF(($B$5-F29)<1096,"2-3年",IF(($B$5-F29)<1461,"3-4年",IF(($B$5-F29)<1826,"4-5年","5年以上"))))))) | S29: =IF(O29=0,"",R29-O29) | T29: =IF(O29=0,"",S29/(O29)*100)
A30: 小计 | O30: =SUM(O9:O29) -> 0 | R30: =SUM(R9:R29) -> 0 | S30: =IF(O30=0,"",R30-O30) | T30: =IF(O30=0,"",S30/(O30)*100)
A31: 减：跌价准备
A32: 合计 | O32: =O30-O31 -> 0 | R32: =R30 -> 0 | S32: =IF(O32=0,"",R32-O32) | T32: =IF(O32=0,"",S32/(O32)*100)
A33: ='3-9-3在库周转材料'!A34 -> #REF! | P33: ='3-9-3在库周转材料'!P34 -> #REF!
A34: ='3-9-3在库周转材料'!A35 -> #REF!

Sheet 3-9-5产成品（库存商品）
A1: 返回索引目录
A2: ="存货-产成品（库存商品、开发产品、农产品）评估"&#REF! -> #REF!
A4: ='3-9-4委托加工物资'!A4:U4 -> #REF!
B5: =标的资产明细表!#REF! -> #REF!
A6: ='3-9-4委托加工物资'!A6 -> #REF!
A7: 序号 | B7: 名称 | C7: 规格型号 | D7: 存放地点 | E7: 计量单位 | F7: 最早一批入库日期 | G7: 库龄 | H7: 产品品质 | I7: 主要客户是否关联方 | J7: 基准日平均销售单价（含税） | K7: 市场销售状况 | L7: 订货合同号 | M7: 账面价值 | Q7: 评估价值 | V7: 增减值 | W7: 增值率% | X7: 备注 | Y7: 核算单位
M8: 数量 | N8: 外币单价 | O8: 人民币单价 | P8: 金额 | Q8: 实际数量 | R8: 外币单价 | S8: 人民币单价 | T8: 汇率 | U8: 金额
A9: 1 | F9: 43800 | G9: =IF(F9=0,"",(IF(($B$5-F9)<366,"1年以内",IF(($B$5-F9)<731,"1-2年",IF(($B$5-F9)<1096,"2-3年",IF(($B$5-F9)<1461,"3-4年",IF(($B$5-F9)<1826,"4-5年","5年以上"))))))) -> #REF! | V9: =IF(P9=0,"",U9-P9) | W9: =IF(P9=0,"",V9/(P9)*100)
G10: =IF(F10=0,"",(IF(($B$5-F10)<366,"1年以内",IF(($B$5-F10)<731,"1-2年",IF(($B$5-F10)<1096,"2-3年",IF(($B$5-F10)<1461,"3-4年",IF(($B$5-F10)<1826,"4-5年","5年以上"))))))) | V10: =IF(P10=0,"",U10-P10) | W10: =IF(P10=0,"",V10/(P10)*100)
G11: =IF(F11=0,"",(IF(($B$5-F11)<366,"1年以内",IF(($B$5-F11)<731,"1-2年",IF(($B$5-F11)<1096,"2-3年",IF(($B$5-F11)<1461,"3-4年",IF(($B$5-F11)<1826,"4-5年","5年以上"))))))) | V11: =IF(P11=0,"",U11-P11) | W11: =IF(P11=0,"",V11/(P11)*100)
G12: =IF(F12=0,"",(IF(($B$5-F12)<366,"1年以内",IF(($B$5-F12)<731,"1-2年",IF(($B$5-F12)<1096,"2-3年",IF(($B$5-F12)<1461,"3-4年",IF(($B$5-F12)<1826,"4-5年","5年以上"))))))) | V12: =IF(P12=0,"",U12-P12) | W12: =IF(P12=0,"",V12/(P12)*100)
G13: =IF(F13=0,"",(IF(($B$5-F13)<366,"1年以内",IF(($B$5-F13)<731,"1-2年",IF(($B$5-F13)<1096,"2-3年",IF(($B$5-F13)<1461,"3-4年",IF(($B$5-F13)<1826,"4-5年","5年以上"))))))) | V13: =IF(P13=0,"",U13-P13) | W13: =IF(P13=0,"",V13/(P13)*100)
G14: =IF(F14=0,"",(IF(($B$5-F14)<366,"1年以内",IF(($B$5-F14)<731,"1-2年",IF(($B$5-F14)<1096,"2-3年",IF(($B$5-F14)<1461,"3-4年",IF(($B$5-F14)<1826,"4-5年","5年以上"))))))) | V14: =IF(P14=0,"",U14-P14) | W14: =IF(P14=0,"",V14/(P14)*100)
G15: =IF(F15=0,"",(IF(($B$5-F15)<366,"1年以内",IF(($B$5-F15)<731,"1-2年",IF(($B$5-F15)<1096,"2-3年",IF(($B$5-F15)<1461,"3-4年",IF(($B$5-F15)<1826,"4-5年","5年以上"))))))) | V15: =IF(P15=0,"",U15-P15) | W15: =IF(P15=0,"",V15/(P15)*100)
G16: =IF(F16=0,"",(IF(($B$5-F16)<366,"1年以内",IF(($B$5-F16)<731,"1-2年",IF(($B$5-F16)<1096,"2-3年",IF(($B$5-F16)<1461,"3-4年",IF(($B$5-F16)<1826,"4-5年","5年以上"))))))) | V16: =IF(P16=0,"",U16-P16) | W16: =IF(P16=0,"",V16/(P16)*100)
G17: =IF(F17=0,"",(IF(($B$5-F17)<366,"1年以内",IF(($B$5-F17)<731,"1-2年",IF(($B$5-F17)<1096,"2-3年",IF(($B$5-F17)<1461,"3-4年",IF(($B$5-F17)<1826,"4-5年","5年以上"))))))) | V17: =IF(P17=0,"",U17-P17) | W17: =IF(P17=0,"",V17/(P17)*100)
G18: =IF(F18=0,"",(IF(($B$5-F18)<366,"1年以内",IF(($B$5-F18)<731,"1-2年",IF(($B$5-F18)<1096,"2-3年",IF(($B$5-F18)<1461,"3-4年",IF(($B$5-F18)<1826,"4-5年","5年以上"))))))) | V18: =IF(P18=0,"",U18-P18) | W18: =IF(P18=0,"",V18/(P18)*100)
G19: =IF(F19=0,"",(IF(($B$5-F19)<366,"1年以内",IF(($B$5-F19)<731,"1-2年",IF(($B$5-F19)<1096,"2-3年",IF(($B$5-F19)<1461,"3-4年",IF(($B$5-F19)<1826,"4-5年","5年以上"))))))) | V19: =IF(P19=0,"",U19-P19) | W19: =IF(P19=0,"",V19/(P19)*100)
G20: =IF(F20=0,"",(IF(($B$5-F20)<366,"1年以内",IF(($B$5-F20)<731,"1-2年",IF(($B$5-F20)<1096,"2-3年",IF(($B$5-F20)<1461,"3-4年",IF(($B$5-F20)<1826,"4-5年","5年以上"))))))) | V20: =IF(P20=0,"",U20-P20) | W20: =IF(P20=0,"",V20/(P20)*100)
G21: =IF(F21=0,"",(IF(($B$5-F21)<366,"1年以内",IF(($B$5-F21)<731,"1-2年",IF(($B$5-F21)<1096,"2-3年",IF(($B$5-F21)<1461,"3-4年",IF(($B$5-F21)<1826,"4-5年","5年以上"))))))) | V21: =IF(P21=0,"",U21-P21) | W21: =IF(P21=0,"",V21/(P21)*100)
... G29: =IF(F29=0,"",(IF(($B$5-F29)<366,"1年以内",IF(($B$5-F29)<731,"1-2年",IF(($B$5-F29)<1096,"2-3年",IF(($B$5-F29)<1461,"3-4年",IF(($B$5-F29)<1826,"4-5年","5年以上"))))))) | V29: =IF(P29=0,"",U29-P29) | W29: =IF(P29=0,"",V29/(P29)*100)
A30: 小计 | P30: =SUM(P9:P29) -> 0 | U30: =SUM(U9:U29) -> 0 | V30: =IF(P30=0,"",U30-P30) | W30: =IF(P30=0,"",V30/(P30)*100)
A31: 减：跌价准备
A32: 合计 | P32: =P30-P31 -> 0 | U32: =U30 -> 0 | V32: =IF(P32=0,"",U32-P32) | W32: =IF(P32=0,"",V32/(P32)*100)
A33: ='3-9-4委托加工物资'!A33 -> #REF! | R33: ='3-9-4委托加工物资'!P33 -> #REF!
A34: ='3-9-4委托加工物资'!A34 -> #REF!

Sheet 3-9-6在产品（自制半成品）
A1: 返回索引目录
A2: ="存货-在产品（自制半成品）评估"&#REF! -> #REF!
A4: ='3-9-5产成品（库存商品）'!A4:X4 -> #REF!
B5: =标的资产明细表!#REF! -> #REF!
A6: ='3-9-5产成品（库存商品）'!A6 -> #REF!
A7: 序号 | B7: 名称 | C7: 规格型号 | D7: 存放地点 | E7: 计量单位 | F7: 开始加工日期 | G7: 库龄 | H7: 品质状况 | I7: 基准日产成品平均销售单价（含税） | J7: 完工程度 | K7: 账面价值 | N7: 评估价值 | Q7: 增减值 | R7: 增值率% | S7: 备注 | T7: 核算单位
K8: 数量 | L8: 单价 | M8: 金额 | N8: 实际数量 | O8: 评估单价 | P8: 金额
A9: 1 | F9: 43374 | G9: =IF(F9=0,"",(IF(($B$5-F9)<366,"1年以内",IF(($B$5-F9)<731,"1-2年",IF(($B$5-F9)<1096,"2-3年",IF(($B$5-F9)<1461,"3-4年",IF(($B$5-F9)<1826,"4-5年","5年以上"))))))) -> #REF! | Q9: =IF(M9=0,"",P9-M9) | R9: =IF(M9=0,"",Q9/(M9)*100)
G10: =IF(F10=0,"",(IF(($B$5-F10)<366,"1年以内",IF(($B$5-F10)<731,"1-2年",IF(($B$5-F10)<1096,"2-3年",IF(($B$5-F10)<1461,"3-4年",IF(($B$5-F10)<1826,"4-5年","5年以上"))))))) | Q10: =IF(M10=0,"",P10-M10) | R10: =IF(M10=0,"",Q10/(M10)*100)
G11: =IF(F11=0,"",(IF(($B$5-F11)<366,"1年以内",IF(($B$5-F11)<731,"1-2年",IF(($B$5-F11)<1096,"2-3年",IF(($B$5-F11)<1461,"3-4年",IF(($B$5-F11)<1826,"4-5年","5年以上"))))))) | Q11: =IF(M11=0,"",P11-M11) | R11: =IF(M11=0,"",Q11/(M11)*100)
G12: =IF(F12=0,"",(IF(($B$5-F12)<366,"1年以内",IF(($B$5-F12)<731,"1-2年",IF(($B$5-F12)<1096,"2-3年",IF(($B$5-F12)<1461,"3-4年",IF(($B$5-F12)<1826,"4-5年","5年以上"))))))) | Q12: =IF(M12=0,"",P12-M12) | R12: =IF(M12=0,"",Q12/(M12)*100)
G13: =IF(F13=0,"",(IF(($B$5-F13)<366,"1年以内",IF(($B$5-F13)<731,"1-2年",IF(($B$5-F13)<1096,"2-3年",IF(($B$5-F13)<1461,"3-4年",IF(($B$5-F13)<1826,"4-5年","5年以上"))))))) | H13: 0 | Q13: =IF(M13=0,"",P13-M13) | R13: =IF(M13=0,"",Q13/(M13)*100)
G14: =IF(F14=0,"",(IF(($B$5-F14)<366,"1年以内",IF(($B$5-F14)<731,"1-2年",IF(($B$5-F14)<1096,"2-3年",IF(($B$5-F14)<1461,"3-4年",IF(($B$5-F14)<1826,"4-5年","5年以上"))))))) | H14: 0 | Q14: =IF(M14=0,"",P14-M14) | R14: =IF(M14=0,"",Q14/(M14)*100)
G15: =IF(F15=0,"",(IF(($B$5-F15)<366,"1年以内",IF(($B$5-F15)<731,"1-2年",IF(($B$5-F15)<1096,"2-3年",IF(($B$5-F15)<1461,"3-4年",IF(($B$5-F15)<1826,"4-5年","5年以上"))))))) | Q15: =IF(M15=0,"",P15-M15) | R15: =IF(M15=0,"",Q15/(M15)*100)
G16: =IF(F16=0,"",(IF(($B$5-F16)<366,"1年以内",IF(($B$5-F16)<731,"1-2年",IF(($B$5-F16)<1096,"2-3年",IF(($B$5-F16)<1461,"3-4年",IF(($B$5-F16)<1826,"4-5年","5年以上"))))))) | Q16: =IF(M16=0,"",P16-M16) | R16: =IF(M16=0,"",Q16/(M16)*100)
G17: =IF(F17=0,"",(IF(($B$5-F17)<366,"1年以内",IF(($B$5-F17)<731,"1-2年",IF(($B$5-F17)<1096,"2-3年",IF(($B$5-F17)<1461,"3-4年",IF(($B$5-F17)<1826,"4-5年","5年以上"))))))) | Q17: =IF(M17=0,"",P17-M17) | R17: =IF(M17=0,"",Q17/(M17)*100)
G18: =IF(F18=0,"",(IF(($B$5-F18)<366,"1年以内",IF(($B$5-F18)<731,"1-2年",IF(($B$5-F18)<1096,"2-3年",IF(($B$5-F18)<1461,"3-4年",IF(($B$5-F18)<1826,"4-5年","5年以上"))))))) | Q18: =IF(M18=0,"",P18-M18) | R18: =IF(M18=0,"",Q18/(M18)*100)
G19: =IF(F19=0,"",(IF(($B$5-F19)<366,"1年以内",IF(($B$5-F19)<731,"1-2年",IF(($B$5-F19)<1096,"2-3年",IF(($B$5-F19)<1461,"3-4年",IF(($B$5-F19)<1826,"4-5年","5年以上"))))))) | Q19: =IF(M19=0,"",P19-M19) | R19: =IF(M19=0,"",Q19/(M19)*100)
G20: =IF(F20=0,"",(IF(($B$5-F20)<366,"1年以内",IF(($B$5-F20)<731,"1-2年",IF(($B$5-F20)<1096,"2-3年",IF(($B$5-F20)<1461,"3-4年",IF(($B$5-F20)<1826,"4-5年","5年以上"))))))) | Q20: =IF(M20=0,"",P20-M20) | R20: =IF(M20=0,"",Q20/(M20)*100)
G21: =IF(F21=0,"",(IF(($B$5-F21)<366,"1年以内",IF(($B$5-F21)<731,"1-2年",IF(($B$5-F21)<1096,"2-3年",IF(($B$5-F21)<1461,"3-4年",IF(($B$5-F21)<1826,"4-5年","5年以上"))))))) | Q21: =IF(M21=0,"",P21-M21) | R21: =IF(M21=0,"",Q21/(M21)*100)
G22: =IF(F22=0,"",(IF(($B$5-F22)<366,"1年以内",IF(($B$5-F22)<731,"1-2年",IF(($B$5-F22)<1096,"2-3年",IF(($B$5-F22)<1461,"3-4年",IF(($B$5-F22)<1826,"4-5年","5年以上"))))))) | Q22: =IF(M22=0,"",P22-M22) | R22: =IF(M22=0,"",Q22/(M22)*100)
G23: =IF(F23=0,"",(IF(($B$5-F23)<366,"1年以内",IF(($B$5-F23)<731,"1-2年",IF(($B$5-F23)<1096,"2-3年",IF(($B$5-F23)<1461,"3-4年",IF(($B$5-F23)<1826,"4-5年","5年以上"))))))) | Q23: =IF(M23=0,"",P23-M23) | R23: =IF(M23=0,"",Q23/(M23)*100)
G24: =IF(F24=0,"",(IF(($B$5-F24)<366,"1年以内",IF(($B$5-F24)<731,"1-2年",IF(($B$5-F24)<1096,"2-3年",IF(($B$5-F24)<1461,"3-4年",IF(($B$5-F24)<1826,"4-5年","5年以上"))))))) | Q24: =IF(M24=0,"",P24-M24) | R24: =IF(M24=0,"",Q24/(M24)*100)
G25: =IF(F25=0,"",(IF(($B$5-F25)<366,"1年以内",IF(($B$5-F25)<731,"1-2年",IF(($B$5-F25)<1096,"2-3年",IF(($B$5-F25)<1461,"3-4年",IF(($B$5-F25)<1826,"4-5年","5年以上"))))))) | Q25: =IF(M25=0,"",P25-M25) | R25: =IF(M25=0,"",Q25/(M25)*100)
G26: =IF(F26=0,"",(IF(($B$5-F26)<366,"1年以内",IF(($B$5-F26)<731,"1-2年",IF(($B$5-F26)<1096,"2-3年",IF(($B$5-F26)<1461,"3-4年",IF(($B$5-F26)<1826,"4-5年","5年以上"))))))) | Q26: =IF(M26=0,"",P26-M26) | R26: =IF(M26=0,"",Q26/(M26)*100)
... G29: =IF(F29=0,"",(IF(($B$5-F29)<366,"1年以内",IF(($B$5-F29)<731,"1-2年",IF(($B$5-F29)<1096,"2-3年",IF(($B$5-F29)<1461,"3-4年",IF(($B$5-F29)<1826,"4-5年","5年以上"))))))) | Q29: =IF(M29=0,"",P29-M29) | R29: =IF(M29=0,"",Q29/(M29)*100)
A30: 小计 | M30: =SUM(M9:M29) -> 0 | P30: =SUM(P9:P29) -> 0 | Q30: =IF(M30=0,"",P30-M30) | R30: =IF(M30=0,"",Q30/(M30)*100)
A31: 减：跌价准备
A32: 合计 | M32: =M30-M31 -> 0 | P32: =P30 -> 0 | Q32: =IF(M32=0,"",P32-M32) | R32: =IF(M32=0,"",Q32/(M32)*100)
A33: ='3-9-5产成品（库存商品）'!A33 -> #REF! | O33: ='3-9-5产成品（库存商品）'!R33 -> #REF!
A34: ='3-9-5产成品（库存商品）'!A34 -> #REF!

Sheet 3-9-7发出商品
A1: 返回索引目录
A2: ="存货-发出商品评估"&#REF! -> #REF!
A4: ='3-9-6在产品（自制半成品）'!A4:S4 -> #REF!
A6: ='3-9-6在产品（自制半成品）'!A6 -> #REF!
A7: 序号 | B7: 名称 | C7: 规格型号 | D7: 对方单位名称 | E7: 计量单位 | F7: 存放地点 | G7: 发出日期 | H7: 品质是否正常 | I7: 订货合同号 | J7: 是否为关联交易 | K7: 市场销售状况 | L7: 基准日平均销售单价（含税） | M7: 账面价值 | P7: 评估价值 | S7: 增减值 | T7: 增值率% | U7: 备注 | V7: 核算单位
M8: 数量 | N8: 单价 | O8: 金额 | P8: 实际数量 | Q8: 评估单价 | R8: 金额
A9: 1 | G9: 43800 | S9: =IF(O9=0,"",R9-O9) | T9: =IF(O9=0,"",S9/(O9)*100)
S10: =IF(O10=0,"",R10-O10) | T10: =IF(O10=0,"",S10/(O10)*100)
S11: =IF(O11=0,"",R11-O11) | T11: =IF(O11=0,"",S11/(O11)*100)
S12: =IF(O12=0,"",R12-O12) | T12: =IF(O12=0,"",S12/(O12)*100)
H13: 0 | S13: =IF(O13=0,"",R13-O13) | T13: =IF(O13=0,"",S13/(O13)*100)
H14: 0 | S14: =IF(O14=0,"",R14-O14) | T14: =IF(O14=0,"",S14/(O14)*100)
S15: =IF(O15=0,"",R15-O15) | T15: =IF(O15=0,"",S15/(O15)*100)
S16: =IF(O16=0,"",R16-O16) | T16: =IF(O16=0,"",S16/(O16)*100)
S17: =IF(O17=0,"",R17-O17) | T17: =IF(O17=0,"",S17/(O17)*100)
S18: =IF(O18=0,"",R18-O18) | T18: =IF(O18=0,"",S18/(O18)*100)
S19: =IF(O19=0,"",R19-O19) | T19: =IF(O19=0,"",S19/(O19)*100)
S20: =IF(O20=0,"",R20-O20) | T20: =IF(O20=0,"",S20/(O20)*100)
S21: =IF(O21=0,"",R21-O21) | T21: =IF(O21=0,"",S21/(O21)*100)
S22: =IF(O22=0,"",R22-O22) | T22: =IF(O22=0,"",S22/(O22)*100)
S23: =IF(O23=0,"",R23-O23) | T23: =IF(O23=0,"",S23/(O23)*100)
S24: =IF(O24=0,"",R24-O24) | T24: =IF(O24=0,"",S24/(O24)*100)
S25: =IF(O25=0,"",R25-O25) | T25: =IF(O25=0,"",S25/(O25)*100)
S26: =IF(O26=0,"",R26-O26) | T26: =IF(O26=0,"",S26/(O26)*100)
... S30: =IF(O30=0,"",R30-O30) | T30: =IF(O30=0,"",S30/(O30)*100)
A31: 小计 | O31: =SUM(O9:O30) -> 0 | R31: =SUM(R9:R30) -> 0 | S31: =IF(O31=0,"",R31-O31) | T31: =IF(O31=0,"",S31/(O31)*100)
A32: 减：跌价准备
A33: 合计 | O33: =O31-O32 -> 0 | R33: =R31 -> 0 | S33: =IF(O33=0,"",R33-O33) | T33: =IF(O33=0,"",S33/(O33)*100)
A34: ='3-9-6在产品（自制半成品）'!A33 -> #REF! | P34: ='3-9-6在产品（自制半成品）'!O33 -> #REF!
A35: ='3-9-6在产品（自制半成品）'!A34 -> #REF!

Sheet 3-9-8在用周转材料
A1: 返回索引目录
A2: ="存货-在用周转材料评估"&#REF! -> #REF!
A4: ='3-9-7发出商品'!A4:U4 -> #REF!
B5: ='3-9-5产成品（库存商品）'!B5 -> #REF!
A6: ='3-9-7发出商品'!A6 -> #REF!
A7: 序号 | B7: 名称 | C7: 规格型号 | D7: 启用日期 | E7: 原始入账价值 | F7: 计量单位 | G7: 存放地点 | H7: 已使用年限 | I7: 物品现状 | J7: 生产厂家 | K7: 账面价值（摊余价值） | N7: 实际数量 | O7: 评估价值 | R7: 增减值 | S7: 增值率% | T7: 备注 | U7: 核算单位
K8: 数量 | L8: 单价 | M8: 金额 | O8: 评估原价 | P8: 成新率% | Q8: 金额
A9: 1 | D9: 43800 | H9: =($B$5-D9)/365 -> #REF! | R9: =IF(M9=0,"",Q9-M9) | S9: =IF(M9=0,"",R9/(M9)*100)
R10: =IF(M10=0,"",Q10-M10) | S10: =IF(M10=0,"",R10/(M10)*100)
R11: =IF(M11=0,"",Q11-M11) | S11: =IF(M11=0,"",R11/(M11)*100)
R12: =IF(M12=0,"",Q12-M12) | S12: =IF(M12=0,"",R12/(M12)*100)
R13: =IF(M13=0,"",Q13-M13) | S13: =IF(M13=0,"",R13/(M13)*100)
H14: 0 | R14: =IF(M14=0,"",Q14-M14) | S14: =IF(M14=0,"",R14/(M14)*100)
R15: =IF(M15=0,"",Q15-M15) | S15: =IF(M15=0,"",R15/(M15)*100)
R16: =IF(M16=0,"",Q16-M16) | S16: =IF(M16=0,"",R16/(M16)*100)
R17: =IF(M17=0,"",Q17-M17) | S17: =IF(M17=0,"",R17/(M17)*100)
R18: =IF(M18=0,"",Q18-M18) | S18: =IF(M18=0,"",R18/(M18)*100)
R19: =IF(M19=0,"",Q19-M19) | S19: =IF(M19=0,"",R19/(M19)*100)
R20: =IF(M20=0,"",Q20-M20) | S20: =IF(M20=0,"",R20/(M20)*100)
R21: =IF(M21=0,"",Q21-M21) | S21: =IF(M21=0,"",R21/(M21)*100)
R22: =IF(M22=0,"",Q22-M22) | S22: =IF(M22=0,"",R22/(M22)*100)
R23: =IF(M23=0,"",Q23-M23) | S23: =IF(M23=0,"",R23/(M23)*100)
R24: =IF(M24=0,"",Q24-M24) | S24: =IF(M24=0,"",R24/(M24)*100)
R25: =IF(M25=0,"",Q25-M25) | S25: =IF(M25=0,"",R25/(M25)*100)
R26: =IF(M26=0,"",Q26-M26) | S26: =IF(M26=0,"",R26/(M26)*100)
... R31: =IF(M31=0,"",Q31-M31) | S31: =IF(M31=0,"",R31/(M31)*100)
A32: 小计 | M32: =SUM(M9:M31) -> 0 | Q32: =SUM(Q9:Q31) -> 0 | R32: =IF(M32=0,"",Q32-M32) | S32: =IF(M32=0,"",R32/(M32)*100)
A33: 减：跌价准备
A34: 合计 | M34: =M32-M33 -> 0 | Q34: =Q32 -> 0 | R34: =IF(M34=0,"",Q34-M34) | S34: =IF(M34=0,"",R34/(M34)*100)
A35: ='3-9-7发出商品'!A34 -> #REF! | O35: ='3-9-7发出商品'!P34 -> #REF!
A36: ='3-9-7发出商品'!A35 -> #REF!

Sheet 表3-9-9未结算工程
A1: 返回索引目录
A2: ="存货-未结算工程评估"&#REF! -> #REF!
A4: ='3-9-8在用周转材料'!A4:T4 -> #REF!
A5: ='3-9-8在用周转材料'!A6 -> #REF!
A6: 序号 | B6: 项目名称 | C6: 开工日期 | D6: 预计完工日期 | E6: 项目合同号 | F6: 合同额 | G6: 形象进度(%) | H6: 账面价值 | I6: 评估价值 | J6: 增值额 | K6: 增值率% | L6: 备注 | M6: 核算单位
A8: 1 | C8: 43800 | D8: 43952 | I8: =H8 -> 0 | J8: =IF(H8=0,"",I8-H8) | K8: =IF(H8=0,"",J8/H8*100)
J9: =IF(H9=0,"",I9-H9) | K9: =IF(H9=0,"",J9/H9*100)
J10: =IF(H10=0,"",I10-H10) | K10: =IF(H10=0,"",J10/H10*100)
J11: =IF(H11=0,"",I11-H11) | K11: =IF(H11=0,"",J11/H11*100)
J12: =IF(H12=0,"",I12-H12) | K12: =IF(H12=0,"",J12/H12*100)
H13: 0 | J13: =IF(H13=0,"",I13-H13) | K13: =IF(H13=0,"",J13/H13*100)
H14: 0 | J14: =IF(H14=0,"",I14-H14) | K14: =IF(H14=0,"",J14/H14*100)
J15: =IF(H15=0,"",I15-H15) | K15: =IF(H15=0,"",J15/H15*100)
J16: =IF(H16=0,"",I16-H16) | K16: =IF(H16=0,"",J16/H16*100)
J17: =IF(H17=0,"",I17-H17) | K17: =IF(H17=0,"",J17/H17*100)
J18: =IF(H18=0,"",I18-H18) | K18: =IF(H18=0,"",J18/H18*100)
J19: =IF(H19=0,"",I19-H19) | K19: =IF(H19=0,"",J19/H19*100)
J20: =IF(H20=0,"",I20-H20) | K20: =IF(H20=0,"",J20/H20*100)
J21: =IF(H21=0,"",I21-H21) | K21: =IF(H21=0,"",J21/H21*100)
J22: =IF(H22=0,"",I22-H22) | K22: =IF(H22=0,"",J22/H22*100)
J23: =IF(H23=0,"",I23-H23) | K23: =IF(H23=0,"",J23/H23*100)
J24: =IF(H24=0,"",I24-H24) | K24: =IF(H24=0,"",J24/H24*100)
A25: 合 计 | H25: =SUM(H8:H24) -> 0 | I25: =SUM(I8:I24) -> 0 | J25: =IF(H25=0,"",I25-H25) | K25: =IF(H25=0,"",J25/H25*100)
A26: ='3-9-8在用周转材料'!A35 -> #REF! | I26: ='3-9-8在用周转材料'!O35 -> #REF!
A27: ='3-9-8在用周转材料'!A36 -> #REF!

Sheet 3-9-10消耗性生物资产
A1: 返回索引目录
A2: ="存货-消耗性生物资产评估"&#REF! -> #REF!
A4: ='表3-9-9未结算工程'!A4:L4 -> #REF!
B5: ='3-9-6在产品（自制半成品）'!B5 -> #REF!
A6: ='表3-9-9未结算工程'!A5 -> #REF!
A7: 序号 | B7: 存放地点 | C7: 名称 | D7: 规格型号 | E7: 冠高 | F7: 胸径 | G7: 购进、种植、繁殖日期 | H7: 养殖时间 | I7: 主要客户是否关联方 | J7: 基准日平均销售单价（含税） | K7: 计量单位 | L7: 账面价值 | O7: 实际数量 | P7: 评估价值 | S7: 增值额 | T7: 增值率% | U7: 备注 | V7: 核算单位
L8: 数量 | M8: 单价 | N8: 金额 | P8: 单价 | Q8: 成新率% | R8: 金额
A9: 1 | G9: 43800 | H9: =IF(G9=0,"",(IF(($B$5-G9)<366,"1年以内",IF(($B$5-G9)<731,"1-2年",IF(($B$5-G9)<1096,"2-3年",IF(($B$5-G9)<1461,"3-4年",IF(($B$5-G9)<1826,"4-5年","5年以上"))))))) -> #REF! | S9: =IF(N9=0,"",R9-N9) | T9: =IF(N9=0,"",S9/(N9)*100)
H10: =IF(G10=0,"",(IF(($B$5-G10)<366,"1年以内",IF(($B$5-G10)<731,"1-2年",IF(($B$5-G10)<1096,"2-3年",IF(($B$5-G10)<1461,"3-4年",IF(($B$5-G10)<1826,"4-5年","5年以上"))))))) | S10: =IF(N10=0,"",R10-N10) | T10: =IF(N10=0,"",S10/(N10)*100)
H11: =IF(G11=0,"",(IF(($B$5-G11)<366,"1年以内",IF(($B$5-G11)<731,"1-2年",IF(($B$5-G11)<1096,"2-3年",IF(($B$5-G11)<1461,"3-4年",IF(($B$5-G11)<1826,"4-5年","5年以上"))))))) | S11: =IF(N11=0,"",R11-N11) | T11: =IF(N11=0,"",S11/(N11)*100)
H12: =IF(G12=0,"",(IF(($B$5-G12)<366,"1年以内",IF(($B$5-G12)<731,"1-2年",IF(($B$5-G12)<1096,"2-3年",IF(($B$5-G12)<1461,"3-4年",IF(($B$5-G12)<1826,"4-5年","5年以上"))))))) | S12: =IF(N12=0,"",R12-N12) | T12: =IF(N12=0,"",S12/(N12)*100)
H13: 0 | S13: =IF(N13=0,"",R13-N13) | T13: =IF(N13=0,"",S13/(N13)*100)
H14: 0 | S14: =IF(N14=0,"",R14-N14) | T14: =IF(N14=0,"",S14/(N14)*100)
H15: =IF(G15=0,"",(IF(($B$5-G15)<366,"1年以内",IF(($B$5-G15)<731,"1-2年",IF(($B$5-G15)<1096,"2-3年",IF(($B$5-G15)<1461,"3-4年",IF(($B$5-G15)<1826,"4-5年","5年以上"))))))) | S15: =IF(N15=0,"",R15-N15) | T15: =IF(N15=0,"",S15/(N15)*100)
H16: =IF(G16=0,"",(IF(($B$5-G16)<366,"1年以内",IF(($B$5-G16)<731,"1-2年",IF(($B$5-G16)<1096,"2-3年",IF(($B$5-G16)<1461,"3-4年",IF(($B$5-G16)<1826,"4-5年","5年以上"))))))) | S16: =IF(N16=0,"",R16-N16) | T16: =IF(N16=0,"",S16/(N16)*100)
H17: =IF(G17=0,"",(IF(($B$5-G17)<366,"1年以内",IF(($B$5-G17)<731,"1-2年",IF(($B$5-G17)<1096,"2-3年",IF(($B$5-G17)<1461,"3-4年",IF(($B$5-G17)<1826,"4-5年","5年以上"))))))) | S17: =IF(N17=0,"",R17-N17) | T17: =IF(N17=0,"",S17/(N17)*100)
H18: =IF(G18=0,"",(IF(($B$5-G18)<366,"1年以内",IF(($B$5-G18)<731,"1-2年",IF(($B$5-G18)<1096,"2-3年",IF(($B$5-G18)<1461,"3-4年",IF(($B$5-G18)<1826,"4-5年","5年以上"))))))) | S18: =IF(N18=0,"",R18-N18) | T18: =IF(N18=0,"",S18/(N18)*100)
H19: =IF(G19=0,"",(IF(($B$5-G19)<366,"1年以内",IF(($B$5-G19)<731,"1-2年",IF(($B$5-G19)<1096,"2-3年",IF(($B$5-G19)<1461,"3-4年",IF(($B$5-G19)<1826,"4-5年","5年以上"))))))) | S19: =IF(N19=0,"",R19-N19) | T19: =IF(N19=0,"",S19/(N19)*100)
H20: =IF(G20=0,"",(IF(($B$5-G20)<366,"1年以内",IF(($B$5-G20)<731,"1-2年",IF(($B$5-G20)<1096,"2-3年",IF(($B$5-G20)<1461,"3-4年",IF(($B$5-G20)<1826,"4-5年","5年以上"))))))) | S20: =IF(N20=0,"",R20-N20) | T20: =IF(N20=0,"",S20/(N20)*100)
H21: =IF(G21=0,"",(IF(($B$5-G21)<366,"1年以内",IF(($B$5-G21)<731,"1-2年",IF(($B$5-G21)<1096,"2-3年",IF(($B$5-G21)<1461,"3-4年",IF(($B$5-G21)<1826,"4-5年","5年以上"))))))) | S21: =IF(N21=0,"",R21-N21) | T21: =IF(N21=0,"",S21/(N21)*100)
H22: =IF(G22=0,"",(IF(($B$5-G22)<366,"1年以内",IF(($B$5-G22)<731,"1-2年",IF(($B$5-G22)<1096,"2-3年",IF(($B$5-G22)<1461,"3-4年",IF(($B$5-G22)<1826,"4-5年","5年以上"))))))) | S22: =IF(N22=0,"",R22-N22) | T22: =IF(N22=0,"",S22/(N22)*100)
H23: =IF(G23=0,"",(IF(($B$5-G23)<366,"1年以内",IF(($B$5-G23)<731,"1-2年",IF(($B$5-G23)<1096,"2-3年",IF(($B$5-G23)<1461,"3-4年",IF(($B$5-G23)<1826,"4-5年","5年以上"))))))) | S23: =IF(N23=0,"",R23-N23) | T23: =IF(N23=0,"",S23/(N23)*100)
H24: =IF(G24=0,"",(IF(($B$5-G24)<366,"1年以内",IF(($B$5-G24)<731,"1-2年",IF(($B$5-G24)<1096,"2-3年",IF(($B$5-G24)<1461,"3-4年",IF(($B$5-G24)<1826,"4-5年","5年以上"))))))) | S24: =IF(N24=0,"",R24-N24) | T24: =IF(N24=0,"",S24/(N24)*100)
H25: =IF(G25=0,"",(IF(($B$5-G25)<366,"1年以内",IF(($B$5-G25)<731,"1-2年",IF(($B$5-G25)<1096,"2-3年",IF(($B$5-G25)<1461,"3-4年",IF(($B$5-G25)<1826,"4-5年","5年以上"))))))) | S25: =IF(N25=0,"",R25-N25) | T25: =IF(N25=0,"",S25/(N25)*100)
H26: =IF(G26=0,"",(IF(($B$5-G26)<366,"1年以内",IF(($B$5-G26)<731,"1-2年",IF(($B$5-G26)<1096,"2-3年",IF(($B$5-G26)<1461,"3-4年",IF(($B$5-G26)<1826,"4-5年","5年以上"))))))) | S26: =IF(N26=0,"",R26-N26) | T26: =IF(N26=0,"",S26/(N26)*100)
... H32: =IF(G32=0,"",(IF(($B$5-G32)<366,"1年以内",IF(($B$5-G32)<731,"1-2年",IF(($B$5-G32)<1096,"2-3年",IF(($B$5-G32)<1461,"3-4年",IF(($B$5-G32)<1826,"4-5年","5年以上"))))))) | S32: =IF(N32=0,"",R32-N32) | T32: =IF(N32=0,"",S32/(N32)*100)
A33: 小计 | N33: =SUM(N9:N32) -> 0 | R33: =SUM(R9:R32) -> 0 | S33: =IF(N33=0,"",R33-N33) | T33: =IF(N33=0,"",S33/(N33)*100)
A34: 减：跌价准备
A35: 合计 | N35: =N33-N34 -> 0 | R35: =R33 -> 0 | S35: =IF(N35=0,"",R35-N35) | T35: =IF(N35=0,"",S35/(N35)*100)
A36: ='表3-9-9未结算工程'!A26 -> #REF! | P36: ='表3-9-9未结算工程'!I26 -> #REF!
A37: ='表3-9-9未结算工程'!A27 -> #REF!

Sheet 3-10合同资产
A1: 返回索引目录
A2: ="合同资产评估"&#REF! -> #REF!
A4: ='3-9-10消耗性生物资产'!A4:U4 -> #REF!
B5: ='3-5应收账款'!B5 -> #REF!
A6: ='3-9-10消耗性生物资产'!A6 -> #REF!
A7: 序号 | B7: 项目名称 | C7: 结算对象名称 | D7: 合同号 | E7: 合同金额 | F7: 已结算金额 | G7: 已确认收入金额 | H7: 业务内容 | I7: 承担除信用风险之外的其他风险内容 | J7: 发生日期 | K7: 账龄 | L7: 币种 | M7: 外币金额 | N7: 账面价值 | O7: 评估价值 | P7: 增减值 | Q7: 增值率% | R7: 备注 | S7: 核算单位
A8: 1 | J8: 43800 | K8: =IF(J8=0,"",(IF(($B$5-J8)<366,"1年以内",IF(($B$5-J8)<731,"1-2年",IF(($B$5-J8)<1096,"2-3年",IF(($B$5-J8)<1461,"3-4年",IF(($B$5-J8)<1826,"4-5年","5年以上"))))))) -> #REF! | P8: =IF(N8=0,"",O8-N8) | Q8: =IF(N8=0,"",P8/N8*100)
K9: =IF(J9=0,"",(IF(($B$5-J9)<366,"1年以内",IF(($B$5-J9)<731,"1-2年",IF(($B$5-J9)<1096,"2-3年",IF(($B$5-J9)<1461,"3-4年",IF(($B$5-J9)<1826,"4-5年","5年以上"))))))) | P9: =IF(N9=0,"",O9-N9) | Q9: =IF(N9=0,"",P9/N9*100)
K10: =IF(J10=0,"",(IF(($B$5-J10)<366,"1年以内",IF(($B$5-J10)<731,"1-2年",IF(($B$5-J10)<1096,"2-3年",IF(($B$5-J10)<1461,"3-4年",IF(($B$5-J10)<1826,"4-5年","5年以上"))))))) | P10: =IF(N10=0,"",O10-N10) | Q10: =IF(N10=0,"",P10/N10*100)
K11: =IF(J11=0,"",(IF(($B$5-J11)<366,"1年以内",IF(($B$5-J11)<731,"1-2年",IF(($B$5-J11)<1096,"2-3年",IF(($B$5-J11)<1461,"3-4年",IF(($B$5-J11)<1826,"4-5年","5年以上"))))))) | P11: =IF(N11=0,"",O11-N11) | Q11: =IF(N11=0,"",P11/N11*100)
K12: =IF(J12=0,"",(IF(($B$5-J12)<366,"1年以内",IF(($B$5-J12)<731,"1-2年",IF(($B$5-J12)<1096,"2-3年",IF(($B$5-J12)<1461,"3-4年",IF(($B$5-J12)<1826,"4-5年","5年以上"))))))) | P12: =IF(N12=0,"",O12-N12) | Q12: =IF(N12=0,"",P12/N12*100)
K13: =IF(J13=0,"",(IF(($B$5-J13)<366,"1年以内",IF(($B$5-J13)<731,"1-2年",IF(($B$5-J13)<1096,"2-3年",IF(($B$5-J13)<1461,"3-4年",IF(($B$5-J13)<1826,"4-5年","5年以上"))))))) | N13: 0 | P13: =IF(N13=0,"",O13-N13) | Q13: =IF(N13=0,"",P13/N13*100)
K14: =IF(J14=0,"",(IF(($B$5-J14)<366,"1年以内",IF(($B$5-J14)<731,"1-2年",IF(($B$5-J14)<1096,"2-3年",IF(($B$5-J14)<1461,"3-4年",IF(($B$5-J14)<1826,"4-5年","5年以上"))))))) | N14: 0 | P14: =IF(N14=0,"",O14-N14) | Q14: =IF(N14=0,"",P14/N14*100)
K15: =IF(J15=0,"",(IF(($B$5-J15)<366,"1年以内",IF(($B$5-J15)<731,"1-2年",IF(($B$5-J15)<1096,"2-3年",IF(($B$5-J15)<1461,"3-4年",IF(($B$5-J15)<1826,"4-5年","5年以上"))))))) | P15: =IF(N15=0,"",O15-N15) | Q15: =IF(N15=0,"",P15/N15*100)
K16: =IF(J16=0,"",(IF(($B$5-J16)<366,"1年以内",IF(($B$5-J16)<731,"1-2年",IF(($B$5-J16)<1096,"2-3年",IF(($B$5-J16)<1461,"3-4年",IF(($B$5-J16)<1826,"4-5年","5年以上"))))))) | P16: =IF(N16=0,"",O16-N16) | Q16: =IF(N16=0,"",P16/N16*100)
K17: =IF(J17=0,"",(IF(($B$5-J17)<366,"1年以内",IF(($B$5-J17)<731,"1-2年",IF(($B$5-J17)<1096,"2-3年",IF(($B$5-J17)<1461,"3-4年",IF(($B$5-J17)<1826,"4-5年","5年以上"))))))) | P17: =IF(N17=0,"",O17-N17) | Q17: =IF(N17=0,"",P17/N17*100)
K18: =IF(J18=0,"",(IF(($B$5-J18)<366,"1年以内",IF(($B$5-J18)<731,"1-2年",IF(($B$5-J18)<1096,"2-3年",IF(($B$5-J18)<1461,"3-4年",IF(($B$5-J18)<1826,"4-5年","5年以上"))))))) | P18: =IF(N18=0,"",O18-N18) | Q18: =IF(N18=0,"",P18/N18*100)
K19: =IF(J19=0,"",(IF(($B$5-J19)<366,"1年以内",IF(($B$5-J19)<731,"1-2年",IF(($B$5-J19)<1096,"2-3年",IF(($B$5-J19)<1461,"3-4年",IF(($B$5-J19)<1826,"4-5年","5年以上"))))))) | P19: =IF(N19=0,"",O19-N19) | Q19: =IF(N19=0,"",P19/N19*100)
K20: =IF(J20=0,"",(IF(($B$5-J20)<366,"1年以内",IF(($B$5-J20)<731,"1-2年",IF(($B$5-J20)<1096,"2-3年",IF(($B$5-J20)<1461,"3-4年",IF(($B$5-J20)<1826,"4-5年","5年以上"))))))) | P20: =IF(N20=0,"",O20-N20) | Q20: =IF(N20=0,"",P20/N20*100)
K21: =IF(J21=0,"",(IF(($B$5-J21)<366,"1年以内",IF(($B$5-J21)<731,"1-2年",IF(($B$5-J21)<1096,"2-3年",IF(($B$5-J21)<1461,"3-4年",IF(($B$5-J21)<1826,"4-5年","5年以上"))))))) | P21: =IF(N21=0,"",O21-N21) | Q21: =IF(N21=0,"",P21/N21*100)
K22: =IF(J22=0,"",(IF(($B$5-J22)<366,"1年以内",IF(($B$5-J22)<731,"1-2年",IF(($B$5-J22)<1096,"2-3年",IF(($B$5-J22)<1461,"3-4年",IF(($B$5-J22)<1826,"4-5年","5年以上"))))))) | P22: =IF(N22=0,"",O22-N22) | Q22: =IF(N22=0,"",P22/N22*100)
K23: =IF(J23=0,"",(IF(($B$5-J23)<366,"1年以内",IF(($B$5-J23)<731,"1-2年",IF(($B$5-J23)<1096,"2-3年",IF(($B$5-J23)<1461,"3-4年",IF(($B$5-J23)<1826,"4-5年","5年以上"))))))) | P23: =IF(N23=0,"",O23-N23) | Q23: =IF(N23=0,"",P23/N23*100)
K24: =IF(J24=0,"",(IF(($B$5-J24)<366,"1年以内",IF(($B$5-J24)<731,"1-2年",IF(($B$5-J24)<1096,"2-3年",IF(($B$5-J24)<1461,"3-4年",IF(($B$5-J24)<1826,"4-5年","5年以上"))))))) | P24: =IF(N24=0,"",O24-N24) | Q24: =IF(N24=0,"",P24/N24*100)
K25: =IF(J25=0,"",(IF(($B$5-J25)<366,"1年以内",IF(($B$5-J25)<731,"1-2年",IF(($B$5-J25)<1096,"2-3年",IF(($B$5-J25)<1461,"3-4年",IF(($B$5-J25)<1826,"4-5年","5年以上"))))))) | P25: =IF(N25=0,"",O25-N25) | Q25: =IF(N25=0,"",P25/N25*100)
K26: =IF(J26=0,"",(IF(($B$5-J26)<366,"1年以内",IF(($B$5-J26)<731,"1-2年",IF(($B$5-J26)<1096,"2-3年",IF(($B$5-J26)<1461,"3-4年",IF(($B$5-J26)<1826,"4-5年","5年以上"))))))) | P26: =IF(N26=0,"",O26-N26) | Q26: =IF(N26=0,"",P26/N26*100)
K27: =IF(J27=0,"",(IF(($B$5-J27)<366,"1年以内",IF(($B$5-J27)<731,"1-2年",IF(($B$5-J27)<1096,"2-3年",IF(($B$5-J27)<1461,"3-4年",IF(($B$5-J27)<1826,"4-5年","5年以上"))))))) | P27: =IF(N27=0,"",O27-N27) | Q27: =IF(N27=0,"",P27/N27*100)
A28: 合 计 | N28: =SUM(N8:N27) -> 0 | O28: =SUM(O8:O27) -> 0 | P28: =IF(N28=0,"",O28-N28) | Q28: =IF(N28=0,"",P28/N28*100)
A29: 减：减值准备
A30: 减：评估风险损失 | O30: =N29 -> 0
A31: 合 计 | N31: =N28-N29 -> 0 | O31: =O28-O30 -> 0 | P31: =IF(N31=0,"",O31-N31) | Q31: =IF(N31=0,"",P31/N31*100)
A32: ='3-9-10消耗性生物资产'!A36 -> #REF! | O32: ='3-9-10消耗性生物资产'!P36 -> #REF!
A33: ='3-9-10消耗性生物资产'!A37 -> #REF!

Sheet 3-11持有待售资产
A1: 返回索引目录
A2: ="持有待售资产评估"&#REF! -> #REF!
A4: ='4-8-4机器设备'!A4:AB4 -> #REF!
A6: ='4-8-4机器设备'!A6 -> #REF!
A7: 序号 | B7: 资产名称 | C7: 规格型号 | D7: 购置日期 | E7: 计量单位 | F7: 数量 | G7: 折旧/摊销年限 | H7: 资产现状 | I7: 账面价值 | K7: 评估价值 | L7: 增值率% | M7: 备注 | N7: 核算单位
I8: 原值 | J8: 净值
A9: 1 | D9: 43800 | L9: =IF(J9=0,"",(K9-J9)/(J9)*100)
L10: =IF(J10=0,"",(K10-J10)/(J10)*100)
L11: =IF(J11=0,"",(K11-J11)/(J11)*100)
L12: =IF(J12=0,"",(K12-J12)/(J12)*100)
H13: 0 | L13: =IF(J13=0,"",(K13-J13)/(J13)*100)
H14: 0 | L14: =IF(J14=0,"",(K14-J14)/(J14)*100)
L15: =IF(J15=0,"",(K15-J15)/(J15)*100)
L16: =IF(J16=0,"",(K16-J16)/(J16)*100)
L17: =IF(J17=0,"",(K17-J17)/(J17)*100)
L18: =IF(J18=0,"",(K18-J18)/(J18)*100)
L19: =IF(J19=0,"",(K19-J19)/(J19)*100)
L20: =IF(J20=0,"",(K20-J20)/(J20)*100)
L21: =IF(J21=0,"",(K21-J21)/(J21)*100)
L22: =IF(J22=0,"",(K22-J22)/(J22)*100)
L23: =IF(J23=0,"",(K23-J23)/(J23)*100)
L24: =IF(J24=0,"",(K24-J24)/(J24)*100)
L25: =IF(J25=0,"",(K25-J25)/(J25)*100)
L26: =IF(J26=0,"",(K26-J26)/(J26)*100)
... L29: =IF(J29=0,"",(K29-J29)/(J29)*100)
A30: 合 计 | I30: =SUM(I9:I29) -> 0 | J30: =SUM(J9:J29) -> 0 | K30: =SUM(K9:K29) -> 0 | L30: =IF(J30=0,"",(K30-J30)/(J30)*100)
A31: 减：减值准备
A32: 合 计 | I32: =I30-I31 -> 0 | J32: =J30-J31 -> 0 | K32: =K30 -> 0 | L32: =IF(J32=0,"",(K32-J32)/(J32)*100)
A33: ='4-8-4机器设备'!A33 -> #REF! | K33: ='3-12一年到期非流动资产'!H31 -> #REF!
A34: ='4-8-4机器设备'!A34 -> #REF!

Sheet 3-12一年到期非流动资产
A1: 返回索引目录
A2: ="一年内到期的非流动资产评估"&#REF! -> #REF!
A4: ='3-9-10消耗性生物资产'!A4:U4 -> #REF!
A6: ='3-9-10消耗性生物资产'!A6 -> #REF!
A7: 序号 | B7: 项目及内容 | C7: 发生日期 | D7: 结算内容 | E7: 到期日 | F7: 票面利率 | G7: 账面价值 | H7: 评估价值 | I7: 增减值 | J7: 增值率% | K7: 备注 | L7: 核算单位
A8: 1 | C8: 43800 | E8: 43982 | I8: =IF(G8=0,"",H8-G8) | J8: =IF(G8=0,"",I8/G8*100)
I9: =IF(G9=0,"",H9-G9) | J9: =IF(G9=0,"",I9/G9*100)
I10: =IF(G10=0,"",H10-G10) | J10: =IF(G10=0,"",I10/G10*100)
I11: =IF(G11=0,"",H11-G11) | J11: =IF(G11=0,"",I11/G11*100)
I12: =IF(G12=0,"",H12-G12) | J12: =IF(G12=0,"",I12/G12*100)
H13: 0 | I13: =IF(G13=0,"",H13-G13) | J13: =IF(G13=0,"",I13/G13*100)
H14: 0 | I14: =IF(G14=0,"",H14-G14) | J14: =IF(G14=0,"",I14/G14*100)
I15: =IF(G15=0,"",H15-G15) | J15: =IF(G15=0,"",I15/G15*100)
I16: =IF(G16=0,"",H16-G16) | J16: =IF(G16=0,"",I16/G16*100)
I17: =IF(G17=0,"",H17-G17) | J17: =IF(G17=0,"",I17/G17*100)
I18: =IF(G18=0,"",H18-G18) | J18: =IF(G18=0,"",I18/G18*100)
I19: =IF(G19=0,"",H19-G19) | J19: =IF(G19=0,"",I19/G19*100)
I20: =IF(G20=0,"",H20-G20) | J20: =IF(G20=0,"",I20/G20*100)
I21: =IF(G21=0,"",H21-G21) | J21: =IF(G21=0,"",I21/G21*100)
I22: =IF(G22=0,"",H22-G22) | J22: =IF(G22=0,"",I22/G22*100)
I23: =IF(G23=0,"",H23-G23) | J23: =IF(G23=0,"",I23/G23*100)
I24: =IF(G24=0,"",H24-G24) | J24: =IF(G24=0,"",I24/G24*100)
I25: =IF(G25=0,"",H25-G25) | J25: =IF(G25=0,"",I25/G25*100)
I26: =IF(G26=0,"",H26-G26) | J26: =IF(G26=0,"",I26/G26*100)
... I29: =IF(G29=0,"",H29-G29) | J29: =IF(G29=0,"",I29/G29*100)
A30: 合 计 | G30: =SUM(G8:G29) -> 0 | H30: =SUM(H8:H29) -> 0 | I30: =IF(G30=0,"",H30-G30) | J30: =IF(G30=0,"",I30/G30*100)
A31: ='3-9-10消耗性生物资产'!A36 -> #REF! | H31: ='3-9-10消耗性生物资产'!P36 -> #REF!
A32: ='3-9-10消耗性生物资产'!A37 -> #REF!

Sheet 3-13其他流动资产
A1: 返回索引目录
A2: ="其他流动资产评估"&#REF! -> #REF!
A4: ='3-12一年到期非流动资产'!A4:K4 -> #REF!
A6: ='3-12一年到期非流动资产'!A6 -> #REF!
A7: 序号 | B7: 项目及内容 | C7: 发生日期 | D7: 结算内容 | E7: 成本 | F7: 账面价值 | G7: 评估价值 | H7: 增减值 | I7: 增值率% | J7: 备注 | K7: 核算单位
A8: 1 | C8: 43800 | H8: =IF(F8=0,"",G8-F8) | I8: =IF(F8=0,"",H8/F8*100)
H9: =IF(F9=0,"",G9-F9) | I9: =IF(F9=0,"",H9/F9*100)
H10: =IF(F10=0,"",G10-F10) | I10: =IF(F10=0,"",H10/F10*100)
H11: =IF(F11=0,"",G11-F11) | I11: =IF(F11=0,"",H11/F11*100)
H12: =IF(F12=0,"",G12-F12) | I12: =IF(F12=0,"",H12/F12*100)
H13: 0 | I13: =IF(F13=0,"",H13/F13*100)
H14: 0 | I14: =IF(F14=0,"",H14/F14*100)
H15: =IF(F15=0,"",G15-F15) | I15: =IF(F15=0,"",H15/F15*100)
H16: =IF(F16=0,"",G16-F16) | I16: =IF(F16=0,"",H16/F16*100)
H17: =IF(F17=0,"",G17-F17) | I17: =IF(F17=0,"",H17/F17*100)
H18: =IF(F18=0,"",G18-F18) | I18: =IF(F18=0,"",H18/F18*100)
H19: =IF(F19=0,"",G19-F19) | I19: =IF(F19=0,"",H19/F19*100)
H20: =IF(F20=0,"",G20-F20) | I20: =IF(F20=0,"",H20/F20*100)
H21: =IF(F21=0,"",G21-F21) | I21: =IF(F21=0,"",H21/F21*100)
H22: =IF(F22=0,"",G22-F22) | I22: =IF(F22=0,"",H22/F22*100)
H23: =IF(F23=0,"",G23-F23) | I23: =IF(F23=0,"",H23/F23*100)
H24: =IF(F24=0,"",G24-F24) | I24: =IF(F24=0,"",H24/F24*100)
H25: =IF(F25=0,"",G25-F25) | I25: =IF(F25=0,"",H25/F25*100)
H26: =IF(F26=0,"",G26-F26) | I26: =IF(F26=0,"",H26/F26*100)
... H30: =IF(F30=0,"",G30-F30) | I30: =IF(F30=0,"",H30/F30*100)
A31: 合 计 | F31: =SUM(F8:F30) -> 0 | G31: =SUM(G8:G30) -> 0 | H31: =IF(F31=0,"",G31-F31) | I31: =IF(F31=0,"",H31/F31*100)
A32: ='3-12一年到期非流动资产'!A31 -> #REF! | G32: ='3-12一年到期非流动资产'!H31 -> #REF!
A33: ='3-12一年到期非流动资产'!A32 -> #REF!

Sheet 4-非流动资产汇总
A1: 返回索引目录
A2: 非流动资产评估汇总表
A4: ='3-13其他流动资产'!A4:J4 -> #REF!
A6: ='3-13其他流动资产'!A6 -> #REF!
A7: 编号 | B7: 科目名称 | C7: 账面价值 | D7: 评估价值 | E7: 增减值 | F7: 增值率%
A8: 4-1 | B8: 债权投资 | C8: ='4-1债权投资'!J29 -> 0
B9: 减：减值准备 | C9: ='4-1债权投资'!J30 -> 0
B10: 债权投资价值 | C10: ='4-1债权投资'!J31 -> 0 | D10: ='4-1债权投资'!K31 -> 0 | E10: =D10-C10 -> 0 | F10: =IF(C10=0,"",E10/C10*100)
A11: 4-2 | B11: 其他债权投资 | C11: ='4-2其他债权投资'!J29 -> 0 | D11: ='4-2其他债权投资'!K29 -> 0 | E11: =D11-C11 -> 0 | F11: =IF(C11=0,"",E11/C11*100)
A12: 4-3 | B12: 长期应收款余额 | C12: ='4-3长期应收款'!H27 -> 0
B13: 减：减值准备 | C13: ='4-3长期应收款'!H28 -> 0 | H13: 0
B14: 长期应收款价值 | C14: ='4-3长期应收款'!H29 -> 0 | D14: ='4-3长期应收款'!I29 -> 0 | E14: =D14-C14 -> 0 | F14: =IF(C14=0,"",E14/C14*100) | H14: 0
A15: 4-4 | B15: 长期股权投资余额 | C15: ='4-4长期股权投资'!M29 -> 0
B16: 减：减值准备 | C16: ='4-4长期股权投资'!M30 -> 0
B17: 长期股权投资价值 | C17: ='4-4长期股权投资'!M31 -> 0 | D17: ='4-4长期股权投资'!N31 -> 0 | E17: =D17-C17 -> 0 | F17: =IF(C17=0,"",E17/C17*100)
A18: 4-5 | B18: 其他权益工具投资 | C18: ='4-5其他权益工具投资'!K29 -> 0 | D18: ='4-5其他权益工具投资'!L29 -> 0 | E18: =D18-C18 -> 0 | F18: =IF(C18=0,"",E18/C18*100)
A19: 4-6 | B19: 其他非流动性金融资产 | C19: ='4-6其他非流动性金融资产'!M29 -> 0
B20: 减：减值准备 | C20: ='4-6其他非流动性金融资产'!M30 -> 0
B21: 其他非流动性金融资产价值 | C21: ='4-6其他非流动性金融资产'!M31 -> 0 | D21: ='4-6其他非流动性金融资产'!N31 -> 0 | E21: =D21-C21 -> 0 | F21: =IF(C21=0,"",E21/C21*100)
A22: 4-7 | B22: 投资性房地产净值 | C22: ='4-7投资性房地产汇总'!C26 -> 0
B23: 减：减值准备 | C23: ='4-7投资性房地产汇总'!C27 -> 0
B24: 投资性房地产价值 | C24: ='4-7投资性房地产汇总'!C28 -> 0 | D24: ='4-7投资性房地产汇总'!D28 -> 0 | E24: =D24-C24 -> 0 | F24: =IF(C24=0,"",E24/C24*100)
A25: 4-8 | B25: 固定资产净值 | C25: ='4-8固定资产汇总'!D26 -> 0
B26: 减：减值准备 | C26: ='4-8固定资产汇总'!D27 -> 0
B27: 固定资产价值 | C27: ='4-8固定资产汇总'!D28 -> 0 | D27: ='4-8固定资产汇总'!G28 -> 0 | E27: =D27-C27 -> 0 | F27: =IF(C27=0,"",E27/C27*100)
A28: 4-9 | B28: 在建工程余额 | C28: ='4-9在建工程汇总'!C28 -> 0
B29: 减：减值准备 | C29: ='4-9在建工程汇总'!C29 -> 0
B30: 在建工程价值 | C30: ='4-9在建工程汇总'!C30 -> 0 | D30: ='4-9在建工程汇总'!D30 -> 0 | E30: =D30-C30 -> 0 | F30: =IF(C30=0,"",E30/C30*100)
A31: 4-10 | B31: 生产性生物资产净值 | C31: ='4-10生产性生物资产'!H29 -> 0
B32: 减：减值准备 | C32: ='4-10生产性生物资产'!H30 -> 0
B33: 生产性生物资产价值 | C33: ='4-10生产性生物资产'!H31 -> 0 | D33: ='4-10生产性生物资产'!K31 -> 0 | E33: =D33-C33 -> 0 | F33: =IF(C33=0,"",E33/C33*100)
A34: 4-11 | B34: 油气资产净值 | C34: ='4-11油气资产'!I29 -> 0
B35: 减：减值准备 | C35: ='4-11油气资产'!I30 -> 0
B36: 油气资产价值 | C36: ='4-11油气资产'!I31 -> 0 | D36: ='4-11油气资产'!L31 -> 0 | E36: =D36-C36 -> 0 | F36: =IF(C36=0,"",E36/C36*100)
A37: 4-12 | B37: 使用权资产 | C37: ='4-12使用权资产'!N30 -> 0
B38: 减：减值准备 | C38: ='4-12使用权资产'!N31 -> 0
B39: 使用权资产价值 | C39: ='4-12使用权资产'!N32 -> 0 | D39: ='4-12使用权资产'!O32 -> 0 | E39: =D39-C39 -> 0 | F39: =IF(C39=0,"",E39/C39*100)
A40: 4-13 | B40: 无形资产净值 | C40: ='4-13无形资产汇总'!C28 -> 0
B41: 减：减值准备 | C41: ='4-13无形资产汇总'!C29 -> 0
B42: 无形资产价值 | C42: ='4-13无形资产汇总'!C30 -> 0 | D42: ='4-13无形资产汇总'!D30 -> 0 | E42: =D42-C42 -> 0 | F42: =IF(C42=0,"",E42/C42*100)
A43: 4-14 | B43: 开发支出 | C43: ='4-14开发支出'!K31 -> 0 | D43: ='4-14开发支出'!L31 -> 0 | E43: =D43-C43 -> 0 | F43: =IF(C43=0,"",E43/C43*100)
A44: 4-15 | B44: 商誉 | C44: ='4-15商誉'!F31 -> 0 | D44: ='4-15商誉'!G29 -> 0 | E44: =D44-C44 -> 0 | F44: =IF(C44=0,"",E44/C44*100)
A45: 4-16 | B45: 长期待摊费用 | C45: ='4-16长期待摊费用'!G31 -> 0 | D45: ='4-16长期待摊费用'!H31 -> 0 | E45: =D45-C45 -> 0 | F45: =IF(C45=0,"",E45/C45*100)
A46: 4-17 | B46: 递延所得税资产 | C46: ='4-17递延所得税资产'!D31 -> 0 | D46: ='4-17递延所得税资产'!E31 -> 0 | E46: =D46-C46 -> 0 | F46: =IF(C46=0,"",E46/C46*100)
A47: 4-18 | B47: 其他非流动资产 | C47: ='4-18其他非流动资产'!D31 -> 0 | D47: ='4-18其他非流动资产'!E31 -> 0 | E47: =D47-C47 -> 0 | F47: =IF(C47=0,"",E47/C47*100)
A50: 合 计 | C50: =C10+C11+C14+C17+C18+C21+C24+C27+C30+C33+C36++C39+C42+C43+C44+C45+C46+C47 -> 0 | D50: =D10+D11+D14+D17+D18+D21+D24+D27+D30+D33+D36++D39+D42+D43+D44+D45+D46+D47 -> 0 | E50: =E10+E11+E14+E17+E18+E21+E24+E27+E30+E33+E36++E39+E42+E43+E44+E45+E46+E47 -> 0 | F50: =IF(C50=0,"",E50/C50*100)

Sheet 4-1债权投资
A1: 返回索引目录
A2: ="债权投资评估"&#REF! -> #REF!
A4: ='3-13其他流动资产'!A4:J4 -> #REF!
A6: ='3-13其他流动资产'!A6 -> #REF!
A7: 序号 | B7: 债权名称 | C7: 债权种类 | D7: 债权代码 | E7: 发行日期 | F7: 到期日 | G7: 票面利率% | H7: 债权存放 | I7: 成本（面值） | J7: 账面价值 | K7: 评估价值 | L7: 增减值 | M7: 增值率% | N7: 备注 | O7: 核算单位
A8: 1 | E8: 43800 | F8: 44531 | L8: =IF(J8=0,"",K8-J8) | M8: =IF(J8=0,"",L8/J8*100)
L9: =IF(J9=0,"",K9-J9) | M9: =IF(J9=0,"",L9/J9*100)
L10: =IF(J10=0,"",K10-J10) | M10: =IF(J10=0,"",L10/J10*100)
L11: =IF(J11=0,"",K11-J11) | M11: =IF(J11=0,"",L11/J11*100)
L12: =IF(J12=0,"",K12-J12) | M12: =IF(J12=0,"",L12/J12*100)
H13: 0 | L13: =IF(J13=0,"",K13-J13) | M13: =IF(J13=0,"",L13/J13*100)
H14: 0 | L14: =IF(J14=0,"",K14-J14) | M14: =IF(J14=0,"",L14/J14*100)
L15: =IF(J15=0,"",K15-J15) | M15: =IF(J15=0,"",L15/J15*100)
L16: =IF(J16=0,"",K16-J16) | M16: =IF(J16=0,"",L16/J16*100)
L17: =IF(J17=0,"",K17-J17) | M17: =IF(J17=0,"",L17/J17*100)
L18: =IF(J18=0,"",K18-J18) | M18: =IF(J18=0,"",L18/J18*100)
L19: =IF(J19=0,"",K19-J19) | M19: =IF(J19=0,"",L19/J19*100)
L20: =IF(J20=0,"",K20-J20) | M20: =IF(J20=0,"",L20/J20*100)
L21: =IF(J21=0,"",K21-J21) | M21: =IF(J21=0,"",L21/J21*100)
L22: =IF(J22=0,"",K22-J22) | M22: =IF(J22=0,"",L22/J22*100)
L23: =IF(J23=0,"",K23-J23) | M23: =IF(J23=0,"",L23/J23*100)
L24: =IF(J24=0,"",K24-J24) | M24: =IF(J24=0,"",L24/J24*100)
L25: =IF(J25=0,"",K25-J25) | M25: =IF(J25=0,"",L25/J25*100)
L26: =IF(J26=0,"",K26-J26) | M26: =IF(J26=0,"",L26/J26*100)
... L28: =IF(J28=0,"",K28-J28) | M28: =IF(J28=0,"",L28/J28*100)
A29: 合 计 | J29: =SUM(J8:J28) -> 0 | K29: =SUM(K8:K28) -> 0 | L29: =IF(J29=0,"",K29-J29) | M29: =IF(J29=0,"",L29/J29*100)
A30: 减：债权投资减值准备 | L30: =IF(J30=0,"",K30-J30) | M30: =IF(J30=0,"",L30/J30*100)
A31: 合 计 | J31: =J29-J30 -> 0 | K31: =K29 -> 0 | L31: =IF(J31=0,"",K31-J31) | M31: =IF(J31=0,"",L31/J31*100)
A32: ='3-13其他流动资产'!A32 -> #REF! | K32: ="评估人员："&#REF! -> #REF!
A33: ='3-13其他流动资产'!A33 -> #REF!

Sheet 4-2其他债权投资
A1: 返回索引目录
A2: ="其他债权投资评估"&#REF! -> #REF!
A4: ='4-1债权投资'!A4:N4 -> #REF!
A6: ='4-1债权投资'!A6 -> #REF!
A7: 序号 | B7: 债权名称 | C7: 债权种类 | D7: 债权代码 | E7: 发行日期 | F7: 到期日 | G7: 票面利率% | H7: 债权存放 | I7: 成本（面值） | J7: 账面价值 | K7: 评估价值 | L7: 增减值 | M7: 增值率% | N7: 备注 | O7: 核算单位
A8: 1 | E8: 43800 | F8: 44531 | L8: =IF(J8=0,"",K8-J8) | M8: =IF(J8=0,"",L8/J8*100)
L9: =IF(J9=0,"",K9-J9) | M9: =IF(J9=0,"",L9/J9*100)
L10: =IF(J10=0,"",K10-J10) | M10: =IF(J10=0,"",L10/J10*100)
L11: =IF(J11=0,"",K11-J11) | M11: =IF(J11=0,"",L11/J11*100)
L12: =IF(J12=0,"",K12-J12) | M12: =IF(J12=0,"",L12/J12*100)
H13: 0 | L13: =IF(J13=0,"",K13-J13) | M13: =IF(J13=0,"",L13/J13*100)
H14: 0 | L14: =IF(J14=0,"",K14-J14) | M14: =IF(J14=0,"",L14/J14*100)
L15: =IF(J15=0,"",K15-J15) | M15: =IF(J15=0,"",L15/J15*100)
L16: =IF(J16=0,"",K16-J16) | M16: =IF(J16=0,"",L16/J16*100)
L17: =IF(J17=0,"",K17-J17) | M17: =IF(J17=0,"",L17/J17*100)
L18: =IF(J18=0,"",K18-J18) | M18: =IF(J18=0,"",L18/J18*100)
L19: =IF(J19=0,"",K19-J19) | M19: =IF(J19=0,"",L19/J19*100)
L20: =IF(J20=0,"",K20-J20) | M20: =IF(J20=0,"",L20/J20*100)
L21: =IF(J21=0,"",K21-J21) | M21: =IF(J21=0,"",L21/J21*100)
L22: =IF(J22=0,"",K22-J22) | M22: =IF(J22=0,"",L22/J22*100)
L23: =IF(J23=0,"",K23-J23) | M23: =IF(J23=0,"",L23/J23*100)
L24: =IF(J24=0,"",K24-J24) | M24: =IF(J24=0,"",L24/J24*100)
L25: =IF(J25=0,"",K25-J25) | M25: =IF(J25=0,"",L25/J25*100)
L26: =IF(J26=0,"",K26-J26) | M26: =IF(J26=0,"",L26/J26*100)
... L28: =IF(J28=0,"",K28-J28) | M28: =IF(J28=0,"",L28/J28*100)
A29: 合 计 | J29: =SUM(J8:J28) -> 0 | K29: =SUM(K8:K28) -> 0 | L29: =IF(J29=0,"",K29-J29) | M29: =IF(J29=0,"",L29/J29*100)
A30: ='4-1债权投资'!A32 -> #REF! | K30: ='4-1债权投资'!K32:M32 -> #REF!
A31: ='4-1债权投资'!A33 -> #REF!

Sheet 4-3长期应收款
A1: 返回索引目录
A2: ="长期应收款评估"&#REF! -> #REF!
A4: ='4-2其他债权投资'!A4:N4 -> #REF!
A6: ='4-2其他债权投资'!A6 -> #REF!
A7: 序号 | B7: 欠款单位名称（结算对象) | C7: 业务内容 | D7: 发生日期 | E7: 长期应收款原始发生额 | F7: 欠款单位是否关联方 | G7: 基准日后收回的款项 | H7: 账面价值 | I7: 评估价值 | J7: 增减值 | K7: 增值率% | L7: 备注 | M7: 核算单位
A8: 1 | D8: 43800 | J8: =IF(H8=0,"",I8-H8) | K8: =IF(H8=0,"",J8/(H8)*100)
J9: =IF(H9=0,"",I9-H9) | K9: =IF(H9=0,"",J9/(H9)*100)
J10: =IF(H10=0,"",I10-H10) | K10: =IF(H10=0,"",J10/(H10)*100)
J11: =IF(H11=0,"",I11-H11) | K11: =IF(H11=0,"",J11/(H11)*100)
J12: =IF(H12=0,"",I12-H12) | K12: =IF(H12=0,"",J12/(H12)*100)
H13: 0 | J13: =IF(H13=0,"",I13-H13) | K13: =IF(H13=0,"",J13/(H13)*100)
H14: 0 | J14: =IF(H14=0,"",I14-H14) | K14: =IF(H14=0,"",J14/(H14)*100)
J15: =IF(H15=0,"",I15-H15) | K15: =IF(H15=0,"",J15/(H15)*100)
J16: =IF(H16=0,"",I16-H16) | K16: =IF(H16=0,"",J16/(H16)*100)
J17: =IF(H17=0,"",I17-H17) | K17: =IF(H17=0,"",J17/(H17)*100)
J18: =IF(H18=0,"",I18-H18) | K18: =IF(H18=0,"",J18/(H18)*100)
J19: =IF(H19=0,"",I19-H19) | K19: =IF(H19=0,"",J19/(H19)*100)
J20: =IF(H20=0,"",I20-H20) | K20: =IF(H20=0,"",J20/(H20)*100)
J21: =IF(H21=0,"",I21-H21) | K21: =IF(H21=0,"",J21/(H21)*100)
J22: =IF(H22=0,"",I22-H22) | K22: =IF(H22=0,"",J22/(H22)*100)
J23: =IF(H23=0,"",I23-H23) | K23: =IF(H23=0,"",J23/(H23)*100)
J24: =IF(H24=0,"",I24-H24) | K24: =IF(H24=0,"",J24/(H24)*100)
J25: =IF(H25=0,"",I25-H25) | K25: =IF(H25=0,"",J25/(H25)*100)
J26: =IF(H26=0,"",I26-H26) | K26: =IF(H26=0,"",J26/(H26)*100)
A27: 合 计 | H27: =SUM(H8:H26) -> 0 | I27: =SUM(I8:I26) -> 0 | J27: =IF(H27=0,"",I27-H27) | K27: =IF(H27=0,"",J27/(H27)*100)
A28: 减：长期应收款坏账准备
A29: 合 计 | H29: =H27-H28 -> 0 | I29: =I27 -> 0 | J29: =IF(H29=0,"",I29-H29) | K29: =IF(H29=0,"",J29/(H29)*100)
A30: ='4-2其他债权投资'!A30 -> #REF! | I30: ='4-1债权投资'!K32 -> #REF!
A31: ='4-2其他债权投资'!A31 -> #REF!

Sheet 4-4长期股权投资
A1: 返回索引目录
A2: ="长期股权投资评估"&#REF! -> #REF!
A4: ='4-3长期应收款'!A4:L4 -> #REF!
A6: ='4-3长期应收款'!A6 -> #REF!
A7: 序号 | B7: 被投资单位名称 | C7: 投资日期 | D7: 协议投资期限 | E7: 持股比例（%） | F7: 投资成本 | G7: 是否控股 | H7: 持有表决权比例 | I7: 会计核算方法 | J7: 投资收益汇回是否受限 | K7: 被投资企业经营状况 | L7: 被投资企业基准日净资产 | M7: 账面价值 | N7: 评估价值 | O7: 增减值 | P7: 增值率% | Q7: 备注 | R7: 核算单位
A8: 1 | C8: 43800 | O8: =IF(M8=0,"",N8-M8) | P8: =IF(M8=0,"",O8/(M8)*100)
O9: =IF(M9=0,"",N9-M9) | P9: =IF(M9=0,"",O9/(M9)*100)
O10: =IF(M10=0,"",N10-M10) | P10: =IF(M10=0,"",O10/(M10)*100)
O11: =IF(M11=0,"",N11-M11) | P11: =IF(M11=0,"",O11/(M11)*100)
O12: =IF(M12=0,"",N12-M12) | P12: =IF(M12=0,"",O12/(M12)*100)
H13: 0 | O13: =IF(M13=0,"",N13-M13) | P13: =IF(M13=0,"",O13/(M13)*100)
H14: 0 | O14: =IF(M14=0,"",N14-M14) | P14: =IF(M14=0,"",O14/(M14)*100)
O15: =IF(M15=0,"",N15-M15) | P15: =IF(M15=0,"",O15/(M15)*100)
O16: =IF(M16=0,"",N16-M16) | P16: =IF(M16=0,"",O16/(M16)*100)
O17: =IF(M17=0,"",N17-M17) | P17: =IF(M17=0,"",O17/(M17)*100)
O18: =IF(M18=0,"",N18-M18) | P18: =IF(M18=0,"",O18/(M18)*100)
O19: =IF(M19=0,"",N19-M19) | P19: =IF(M19=0,"",O19/(M19)*100)
O20: =IF(M20=0,"",N20-M20) | P20: =IF(M20=0,"",O20/(M20)*100)
O21: =IF(M21=0,"",N21-M21) | P21: =IF(M21=0,"",O21/(M21)*100)
O22: =IF(M22=0,"",N22-M22) | P22: =IF(M22=0,"",O22/(M22)*100)
O23: =IF(M23=0,"",N23-M23) | P23: =IF(M23=0,"",O23/(M23)*100)
O24: =IF(M24=0,"",N24-M24) | P24: =IF(M24=0,"",O24/(M24)*100)
O25: =IF(M25=0,"",N25-M25) | P25: =IF(M25=0,"",O25/(M25)*100)
O26: =IF(M26=0,"",N26-M26) | P26: =IF(M26=0,"",O26/(M26)*100)
... O28: =IF(M28=0,"",N28-M28) | P28: =IF(M28=0,"",O28/(M28)*100)
A29: 合 计 | M29: =SUM(M8:M28) -> 0 | N29: =SUM(N8:N28) -> 0 | O29: =IF(M29=0,"",N29-M29) | P29: =IF(M29=0,"",O29/(M29)*100)
A30: 减：长期股权投资减值准备
A31: 合 计 | M31: =M29-M30 -> 0 | N31: =N29-N30 -> 0 | O31: =IF(M31=0,"",N31-M31) | P31: =IF(M31=0,"",O31/(M31)*100)
A32: ='4-3长期应收款'!A30 -> #REF! | N32: ="评估人员："&#REF! -> #REF!
A33: ='4-3长期应收款'!A31 -> #REF!

Sheet 4-5其他权益工具投资
A1: 返回索引目录
A2: ="其他权益工具投资评估"&#REF! -> #REF!
A4: ='4-3长期应收款'!A4:L4 -> #REF!
A6: ='4-3长期应收款'!A6 -> #REF!
A7: 序号 | B7: 被投资单位名称 | C7: 投资日期 | D7: 协议投资期限 | E7: 持股比例（%） | F7: 投资成本 | G7: 持有表决权比例 | H7: 投资收益汇回是否受限 | I7: 被投资企业经营状况 | J7: 被投资企业基准日净资产 | K7: 账面价值 | L7: 评估价值 | M7: 增减值 | N7: 增值率% | O7: 备注 | P7: 核算单位
A8: 1 | C8: 43800 | M8: =IF(K8=0,"",L8-K8) | N8: =IF(K8=0,"",M8/(K8)*100)
M9: =IF(K9=0,"",L9-K9) | N9: =IF(K9=0,"",M9/(K9)*100)
M10: =IF(K10=0,"",L10-K10) | N10: =IF(K10=0,"",M10/(K10)*100)
M11: =IF(K11=0,"",L11-K11) | N11: =IF(K11=0,"",M11/(K11)*100)
M12: =IF(K12=0,"",L12-K12) | N12: =IF(K12=0,"",M12/(K12)*100)
H13: 0 | M13: =IF(K13=0,"",L13-K13) | N13: =IF(K13=0,"",M13/(K13)*100)
H14: 0 | M14: =IF(K14=0,"",L14-K14) | N14: =IF(K14=0,"",M14/(K14)*100)
M15: =IF(K15=0,"",L15-K15) | N15: =IF(K15=0,"",M15/(K15)*100)
M16: =IF(K16=0,"",L16-K16) | N16: =IF(K16=0,"",M16/(K16)*100)
M17: =IF(K17=0,"",L17-K17) | N17: =IF(K17=0,"",M17/(K17)*100)
M18: =IF(K18=0,"",L18-K18) | N18: =IF(K18=0,"",M18/(K18)*100)
M19: =IF(K19=0,"",L19-K19) | N19: =IF(K19=0,"",M19/(K19)*100)
M20: =IF(K20=0,"",L20-K20) | N20: =IF(K20=0,"",M20/(K20)*100)
M21: =IF(K21=0,"",L21-K21) | N21: =IF(K21=0,"",M21/(K21)*100)
M22: =IF(K22=0,"",L22-K22) | N22: =IF(K22=0,"",M22/(K22)*100)
M23: =IF(K23=0,"",L23-K23) | N23: =IF(K23=0,"",M23/(K23)*100)
M24: =IF(K24=0,"",L24-K24) | N24: =IF(K24=0,"",M24/(K24)*100)
M25: =IF(K25=0,"",L25-K25) | N25: =IF(K25=0,"",M25/(K25)*100)
M26: =IF(K26=0,"",L26-K26) | N26: =IF(K26=0,"",M26/(K26)*100)
... M28: =IF(K28=0,"",L28-K28) | N28: =IF(K28=0,"",M28/(K28)*100)
A29: 合 计 | K29: =SUM(K8:K28) -> 0 | L29: =SUM(L8:L28) -> 0 | M29: =IF(K29=0,"",L29-K29) | N29: =IF(K29=0,"",M29/(K29)*100)
A30: ='4-3长期应收款'!A30 -> #REF! | L30: ="评估人员："&#REF! -> #REF!
A31: ='4-3长期应收款'!A31 -> #REF!

Sheet 4-6其他非流动性金融资产
A1: 返回索引目录
A2: ="其他非流动性金融资产评估"&#REF! -> #REF!
A4: ='4-5其他权益工具投资'!A4:O4 -> #REF!
A6: ='4-5其他权益工具投资'!A6 -> #REF!
A7: 序号 | B7: 被投资单位名称 | C7: 金融资产名称 | D7: 投资日期 | E7: 持有数量 | F7: 基准日市价 | G7: 成本 | H7: 基金名称 | I7: 基金类型 | J7: 基准日净值/份 | K7: 基金代码 | L7: 基金份额 | M7: 账面价值 | N7: 评估价值 | O7: 增减值 | P7: 增值率% | Q7: 备注 | R7: 核算单位
A8: 1 | D8: 43800 | O8: =IF(M8=0,"",N8-M8) | P8: =IF(M8=0,"",O8/M8*100)
O9: =IF(M9=0,"",N9-M9) | P9: =IF(M9=0,"",O9/M9*100)
O10: =IF(M10=0,"",N10-M10) | P10: =IF(M10=0,"",O10/M10*100)
O11: =IF(M11=0,"",N11-M11) | P11: =IF(M11=0,"",O11/M11*100)
O12: =IF(M12=0,"",N12-M12) | P12: =IF(M12=0,"",O12/M12*100)
O13: =IF(M13=0,"",N13-M13) | P13: =IF(M13=0,"",O13/M13*100)
O14: =IF(M14=0,"",N14-M14) | P14: =IF(M14=0,"",O14/M14*100)
O15: =IF(M15=0,"",N15-M15) | P15: =IF(M15=0,"",O15/M15*100)
O16: =IF(M16=0,"",N16-M16) | P16: =IF(M16=0,"",O16/M16*100)
O17: =IF(M17=0,"",N17-M17) | P17: =IF(M17=0,"",O17/M17*100)
O18: =IF(M18=0,"",N18-M18) | P18: =IF(M18=0,"",O18/M18*100)
O19: =IF(M19=0,"",N19-M19) | P19: =IF(M19=0,"",O19/M19*100)
O20: =IF(M20=0,"",N20-M20) | P20: =IF(M20=0,"",O20/M20*100)
... O28: =IF(M28=0,"",N28-M28) | P28: =IF(M28=0,"",O28/M28*100)
A29: 合 计 | M29: =SUM(M8:M28) -> 0 | N29: =SUM(N8:N28) -> 0 | O29: =IF(M29=0,"",N29-M29) | P29: =IF(M29=0,"",O29/M29*100)
A30: 减：减值准备 | O30: =IF(M30=0,"",N30-M30) | P30: =IF(M30=0,"",O30/M30*100)
A31: 合 计 | M31: =M29-M30 -> 0 | N31: =N29 -> 0 | O31: =IF(M31=0,"",N31-M31) | P31: =IF(M31=0,"",O31/M31*100)
A32: ='4-5其他权益工具投资'!A30 -> #REF! | N32: ='4-2其他债权投资'!K30 -> #REF!
A33: ='4-5其他权益工具投资'!A31 -> #REF!

Sheet 4-7投资性房地产汇总
A1: 返回索引目录
A2: 投资性房地产评估汇总表
A4: ='4-4长期股权投资'!A4:Q4 -> #REF!
A6: ='4-4长期股权投资'!A6 -> #REF!
A7: 编号 | B7: 科目名称 | C7: 账面价值 | D7: 评估价值 | E7: 增值额 | F7: 增值率 | G7: 备注
A8: 4-7-1 | B8: 投资性房地产（采用成本模式计量） | C8: ='4-7-1投资性房地产-成本计量'!V27 -> 0 | D8: ='4-7-1投资性房地产-成本计量'!Y27 -> 0 | E8: =D8-C8 -> 0 | F8: =IF(C8=0,"",E8/C8*100)
A9: 4-7-2 | B9: 投资性房地产（采用公允价值模式计量） | C9: ='4-7-2投资性房地产-公允价值'!V27 -> 0 | D9: ='4-7-2投资性房地产-公允价值'!W27 -> 0 | E9: =D9-C9 -> 0 | F9: =IF(C9=0,"",E9/C9*100)
A10: 4-7-3 | B10: 投资性地产（采用成本模式计量） | C10: ='4-7-3投资性地产-成本计量'!N27 -> 0 | D10: ='4-7-3投资性地产-成本计量'!O27 -> 0 | E10: =D10-C10 -> 0 | F10: =IF(C10=0,"",E10/C10*100)
A11: 4-7-4 | B11: 投资性地产（采用公允价值模式计量） | C11: ='4-7-4投资性地产-公允价值'!N27 -> 0 | D11: ='4-7-4投资性地产-公允价值'!O27 -> 0 | E11: =D11-C11 -> 0 | F11: =IF(C11=0,"",E11/C11*100)
H13: 0
H14: 0
A26: 账面净值合计 | C26: =SUM(C8:C14) -> 0 | D26: =SUM(D8:D14) -> 0 | E26: =D26-C26 -> 0 | F26: =IF(C26=0,"",E26/C26*100)
A27: 减：投资性房地产减值准备 | C27: ='4-7-1投资性房地产-成本计量'!V28+'4-7-2投资性房地产-公允价值'!V28+'4-7-3投资性地产-成本计量'!N28+'4-7-4投资性地产-公允价值'!N28 -> 0
A28: 账面价值合计 | C28: =C26-C27 -> 0 | D28: =D26 -> 0 | E28: =D28-C28 -> 0 | F28: =IF(C28=0,"",E28/C28*100)

Sheet 4-7-1投资性房地产-成本计量
A1: 返回索引目录
A2: ="投资性房地产-房屋评估"&#REF! -> #REF!
A3: （采用成本模式计量）
A4: ='4-7投资性房地产汇总'!A4:G4 -> #REF!
A6: ='4-7投资性房地产汇总'!A6 -> #REF!
A7: 序号 | B7: 房屋对应宗地信息 | H7: 房产证号 | I7: 房产证载权利人 | J7: 房屋名称 | K7: 来源 | L7: 结构 | M7: 建成 年月 | N7: 计量单位 | O7: 建筑面积 | P7: 成本单价(元/m2) | Q7: 是否抵押 | R7: 是否出租 | S7: 租赁房名称 | T7: 租赁协议起止时间 | U7: 账面价值 | W7: 评估价值 | Z7: 增值额 | AA7: 增值率% | AB7: 评估单价(元/m2) | AC7: 备注 | AD7: 核算单位
B8: 对应土地证号 | C8: 对应宗地名称 | D8: 宗地开发程度 | E8: 宗地位置 | F8: 宗地用途 | G8: 用地性质 | U8: 原值 | V8: 净值 | W8: 原值 | X8: 成新率% | Y8: 净值
A9: 1 | M9: 43800 | Z9: =IF(V9=0,"",Y9-V9) | AA9: =IF(V9=0,"",Z9/(V9)*100) | AB9: =IF(O9=0,"",W9/O9)
Z10: =IF(V10=0,"",Y10-V10) | AA10: =IF(V10=0,"",Z10/(V10)*100) | AB10: =IF(O10=0,"",W10/O10)
Z11: =IF(V11=0,"",Y11-V11) | AA11: =IF(V11=0,"",Z11/(V11)*100) | AB11: =IF(O11=0,"",W11/O11)
Z12: =IF(V12=0,"",Y12-V12) | AA12: =IF(V12=0,"",Z12/(V12)*100) | AB12: =IF(O12=0,"",W12/O12)
H13: 0 | Z13: =IF(V13=0,"",Y13-V13) | AA13: =IF(V13=0,"",Z13/(V13)*100) | AB13: =IF(O13=0,"",W13/O13)
H14: 0 | Z14: =IF(V14=0,"",Y14-V14) | AA14: =IF(V14=0,"",Z14/(V14)*100) | AB14: =IF(O14=0,"",W14/O14)
Z15: =IF(V15=0,"",Y15-V15) | AA15: =IF(V15=0,"",Z15/(V15)*100) | AB15: =IF(O15=0,"",W15/O15)
Z16: =IF(V16=0,"",Y16-V16) | AA16: =IF(V16=0,"",Z16/(V16)*100) | AB16: =IF(O16=0,"",W16/O16)
Z17: =IF(V17=0,"",Y17-V17) | AA17: =IF(V17=0,"",Z17/(V17)*100) | AB17: =IF(O17=0,"",W17/O17)
Z18: =IF(V18=0,"",Y18-V18) | AA18: =IF(V18=0,"",Z18/(V18)*100) | AB18: =IF(O18=0,"",W18/O18)
Z19: =IF(V19=0,"",Y19-V19) | AA19: =IF(V19=0,"",Z19/(V19)*100) | AB19: =IF(O19=0,"",W19/O19)
Z20: =IF(V20=0,"",Y20-V20) | AA20: =IF(V20=0,"",Z20/(V20)*100) | AB20: =IF(O20=0,"",W20/O20)
Z21: =IF(V21=0,"",Y21-V21) | AA21: =IF(V21=0,"",Z21/(V21)*100) | AB21: =IF(O21=0,"",W21/O21)
Z22: =IF(V22=0,"",Y22-V22) | AA22: =IF(V22=0,"",Z22/(V22)*100) | AB22: =IF(O22=0,"",W22/O22)
Z23: =IF(V23=0,"",Y23-V23) | AA23: =IF(V23=0,"",Z23/(V23)*100) | AB23: =IF(O23=0,"",W23/O23)
Z24: =IF(V24=0,"",Y24-V24) | AA24: =IF(V24=0,"",Z24/(V24)*100) | AB24: =IF(O24=0,"",W24/O24)
Z25: =IF(V25=0,"",Y25-V25) | AA25: =IF(V25=0,"",Z25/(V25)*100) | AB25: =IF(O25=0,"",W25/O25)
Z26: =IF(V26=0,"",Y26-V26) | AA26: =IF(V26=0,"",Z26/(V26)*100) | AB26: =IF(O26=0,"",W26/O26)
A27: 合 计 | U27: =SUM(U9:U26) -> 0 | V27: =SUM(V9:V26) -> 0 | W27: =SUM(W9:W26) -> 0 | Y27: =SUM(Y9:Y26) -> 0 | Z27: =IF(V27=0,"",Y27-V27) | AA27: =IF(V27=0,"",Z27/(V27)*100) | AB27: =IF(O27=0,"",W27/O27)
A28: 减：投资性房地产减值准备 | AB28: =IF(O28=0,"",W28/O28)
A29: 合 计 | U29: =U27-U28 -> 0 | V29: =V27-V28 -> 0 | W29: =W27 -> 0 | Y29: =Y27 -> 0 | Z29: =IF(V29=0,"",Y29-V29) | AA29: =IF(V29=0,"",Z29/(V29)*100) | AB29: =IF(O29=0,"",W29/O29)
A30: ='4-4长期股权投资'!A32 -> #REF! | W30: ="评估人员："&#REF! -> #REF!
A31: ='4-4长期股权投资'!A33 -> #REF!

Sheet 4-7-2投资性房地产-公允价值
A1: 返回索引目录
A2: ="投资性房地产-房屋评估"&#REF! -> #REF!
A3: （采用公允价值模式计量）
A4: ='4-7-1投资性房地产-成本计量'!A4:AC4 -> #REF!
A6: ='4-7-1投资性房地产-成本计量'!A6 -> #REF!
A7: 序号 | B7: 房屋对应宗地信息 | H7: 房产证号 | I7: 房产证载权利人 | J7: 房屋名称 | K7: 来源 | L7: 结构 | M7: 建成 年月 | N7: 计量单位 | O7: 原始入帐价值 （转入日公允价值） | P7: 建筑面积 | Q7: 成本单价(元/m2) | R7: 是否抵押 | S7: 是否出租 | T7: 租赁房名称 | U7: 租赁协议起止时间 | V7: 账面价值 | W7: 评估价值 | X7: 增值额 | Y7: 增值率% | Z7: 评估单价(元/m2) | AA7: 备注 | AB7: 核算单位
B8: 对应土地证号 | C8: 对应宗地名称 | D8: 宗地开发程度 | E8: 宗地位置 | F8: 宗地用途 | G8: 用地性质
A9: 1 | M9: 43800 | X9: =IF(V9=0,"",W9-V9) | Y9: =IF(V9=0,"",X9/V9*100) | Z9: =IF(P9=0,"",W9/P9)
X10: =IF(V10=0,"",W10-V10) | Y10: =IF(V10=0,"",X10/V10*100) | Z10: =IF(P10=0,"",W10/P10)
X11: =IF(V11=0,"",W11-V11) | Y11: =IF(V11=0,"",X11/V11*100) | Z11: =IF(P11=0,"",W11/P11)
X12: =IF(V12=0,"",W12-V12) | Y12: =IF(V12=0,"",X12/V12*100) | Z12: =IF(P12=0,"",W12/P12)
H13: 0 | X13: =IF(V13=0,"",W13-V13) | Y13: =IF(V13=0,"",X13/V13*100) | Z13: =IF(P13=0,"",W13/P13)
H14: 0 | X14: =IF(V14=0,"",W14-V14) | Y14: =IF(V14=0,"",X14/V14*100) | Z14: =IF(P14=0,"",W14/P14)
X15: =IF(V15=0,"",W15-V15) | Y15: =IF(V15=0,"",X15/V15*100) | Z15: =IF(P15=0,"",W15/P15)
X16: =IF(V16=0,"",W16-V16) | Y16: =IF(V16=0,"",X16/V16*100) | Z16: =IF(P16=0,"",W16/P16)
X17: =IF(V17=0,"",W17-V17) | Y17: =IF(V17=0,"",X17/V17*100) | Z17: =IF(P17=0,"",W17/P17)
X18: =IF(V18=0,"",W18-V18) | Y18: =IF(V18=0,"",X18/V18*100) | Z18: =IF(P18=0,"",W18/P18)
X19: =IF(V19=0,"",W19-V19) | Y19: =IF(V19=0,"",X19/V19*100) | Z19: =IF(P19=0,"",W19/P19)
X20: =IF(V20=0,"",W20-V20) | Y20: =IF(V20=0,"",X20/V20*100) | Z20: =IF(P20=0,"",W20/P20)
X21: =IF(V21=0,"",W21-V21) | Y21: =IF(V21=0,"",X21/V21*100) | Z21: =IF(P21=0,"",W21/P21)
X22: =IF(V22=0,"",W22-V22) | Y22: =IF(V22=0,"",X22/V22*100) | Z22: =IF(P22=0,"",W22/P22)
X23: =IF(V23=0,"",W23-V23) | Y23: =IF(V23=0,"",X23/V23*100) | Z23: =IF(P23=0,"",W23/P23)
X24: =IF(V24=0,"",W24-V24) | Y24: =IF(V24=0,"",X24/V24*100) | Z24: =IF(P24=0,"",W24/P24)
X25: =IF(V25=0,"",W25-V25) | Y25: =IF(V25=0,"",X25/V25*100) | Z25: =IF(P25=0,"",W25/P25)
X26: =IF(V26=0,"",W26-V26) | Y26: =IF(V26=0,"",X26/V26*100) | Z26: =IF(P26=0,"",W26/P26)
A27: 合 计 | V27: =SUM(V9:V26) -> 0 | W27: =SUM(W9:W26) -> 0 | X27: =IF(V27=0,"",W27-V27) | Y27: =IF(V27=0,"",X27/V27*100) | Z27: =IF(P27=0,"",W27/P27)
A28: 减：投资性房地产减值准备 | X28: =IF(V28=0,"",W28-V28) | Y28: =IF(V28=0,"",X28/V28*100) | Z28: =IF(P28=0,"",W28/P28)
A29: 合 计 | V29: =V27-V28 -> 0 | W29: =W27 -> 0 | X29: =IF(V29=0,"",W29-V29) | Y29: =IF(V29=0,"",X29/V29*100) | Z29: =IF(P29=0,"",W29/P29)
A30: ='4-7-1投资性房地产-成本计量'!A30 -> #REF! | W30: ='4-7-1投资性房地产-成本计量'!W30 -> #REF!
A31: ='4-7-1投资性房地产-成本计量'!A31 -> #REF!

Sheet 4-7-3投资性地产-成本计量
A1: 返回索引目录
A2: ="投资性房地产-土地使用权评估"&#REF! -> #REF!
A3: （采用成本模式计量）
A4: ='4-7-2投资性房地产-公允价值'!A4:AA4 -> #REF!
A6: ='4-7-2投资性房地产-公允价值'!A6 -> #REF!
A7: 序号 | B7: 土地权证编号 | C7: 宗地名称 | D7: 来源（外购、自建、自用转入、存货转入等） | E7: 是否空地 | F7: 土地位置 | G7: 取得日期 | H7: 用地性质 | I7: 土地用途 | J7: 终止日期 | K7: 开发程度 | L7: 面积(m2) | M7: 原始入账价值 | N7: 账面价值 | O7: 评估价值 | P7: 增减值 | Q7: 增值率% | R7: 备注 | S7: 核算单位
A8: 1 | G8: 43830 | J8: 58439 | P8: =IF(N8=0,"",O8-N8) | Q8: =IF((N8)=0,"",(P8)/(N8)*100)
P9: =IF(N9=0,"",O9-N9) | Q9: =IF((N9)=0,"",(P9)/(N9)*100)
P10: =IF(N10=0,"",O10-N10) | Q10: =IF((N10)=0,"",(P10)/(N10)*100)
P11: =IF(N11=0,"",O11-N11) | Q11: =IF((N11)=0,"",(P11)/(N11)*100)
P12: =IF(N12=0,"",O12-N12) | Q12: =IF((N12)=0,"",(P12)/(N12)*100)
H13: 0 | P13: =IF(N13=0,"",O13-N13) | Q13: =IF((N13)=0,"",(P13)/(N13)*100)
H14: 0 | P14: =IF(N14=0,"",O14-N14) | Q14: =IF((N14)=0,"",(P14)/(N14)*100)
P15: =IF(N15=0,"",O15-N15) | Q15: =IF((N15)=0,"",(P15)/(N15)*100)
P16: =IF(N16=0,"",O16-N16) | Q16: =IF((N16)=0,"",(P16)/(N16)*100)
P17: =IF(N17=0,"",O17-N17) | Q17: =IF((N17)=0,"",(P17)/(N17)*100)
P18: =IF(N18=0,"",O18-N18) | Q18: =IF((N18)=0,"",(P18)/(N18)*100)
P19: =IF(N19=0,"",O19-N19) | Q19: =IF((N19)=0,"",(P19)/(N19)*100)
P20: =IF(N20=0,"",O20-N20) | Q20: =IF((N20)=0,"",(P20)/(N20)*100)
P21: =IF(N21=0,"",O21-N21) | Q21: =IF((N21)=0,"",(P21)/(N21)*100)
P22: =IF(N22=0,"",O22-N22) | Q22: =IF((N22)=0,"",(P22)/(N22)*100)
P23: =IF(N23=0,"",O23-N23) | Q23: =IF((N23)=0,"",(P23)/(N23)*100)
P24: =IF(N24=0,"",O24-N24) | Q24: =IF((N24)=0,"",(P24)/(N24)*100)
P25: =IF(N25=0,"",O25-N25) | Q25: =IF((N25)=0,"",(P25)/(N25)*100)
P26: =IF(N26=0,"",O26-N26) | Q26: =IF((N26)=0,"",(P26)/(N26)*100)
A27: 合 计 | N27: =SUM(N8:N26) -> 0 | O27: =SUM(O8:O26) -> 0 | P27: =IF(N27=0,"",O27-N27) | Q27: =IF((N27)=0,"",(P27)/(N27)*100)
A28: 减：投资性房地产减值准备
A29: 合 计 | N29: =N27-N28 -> 0 | O29: =O27 -> 0 | P29: =IF(N29=0,"",O29-N29) | Q29: =IF((N29)=0,"",(P29)/(N29)*100)
A30: ='4-7-2投资性房地产-公允价值'!A30 -> #REF! | O30: ='4-7-2投资性房地产-公允价值'!W30 -> #REF!
A31: ='4-7-2投资性房地产-公允价值'!A31 -> #REF!

Sheet 4-7-4投资性地产-公允价值
A1: 返回索引目录
A2: ="投资性房地产-土地使用权评估"&#REF! -> #REF!
A3: （采用公允价值模式计量）
A4: ='4-7-3投资性地产-成本计量'!A4:R4 -> #REF!
A6: ='4-7-3投资性地产-成本计量'!A6 -> #REF!
A7: 序号 | B7: 土地权证编号 | C7: 宗地名称 | D7: 来源（外购、自建、自用转入、存货转入等） | E7: 是否空地 | F7: 土地位置 | G7: 取得日期 | H7: 用地性质 | I7: 土地用途 | J7: 终止日期 | K7: 开发程度 | L7: 面积(m2) | M7: 原始入帐价值（转入日公允价值） | N7: 账面价值 | O7: 评估价值 | P7: 增减值 | Q7: 增值率% | R7: 备注 | S7: 核算单位
A8: 1 | G8: 43830 | J8: 58439 | P8: =IF(N8=0,"",O8-N8) | Q8: =IF(N8=0,"",P8/N8*100)
P9: =IF(N9=0,"",O9-N9) | Q9: =IF(N9=0,"",P9/N9*100)
P10: =IF(N10=0,"",O10-N10) | Q10: =IF(N10=0,"",P10/N10*100)
P11: =IF(N11=0,"",O11-N11) | Q11: =IF(N11=0,"",P11/N11*100)
P12: =IF(N12=0,"",O12-N12) | Q12: =IF(N12=0,"",P12/N12*100)
H13: 0 | P13: =IF(N13=0,"",O13-N13) | Q13: =IF(N13=0,"",P13/N13*100)
H14: 0 | P14: =IF(N14=0,"",O14-N14) | Q14: =IF(N14=0,"",P14/N14*100)
P15: =IF(N15=0,"",O15-N15) | Q15: =IF(N15=0,"",P15/N15*100)
P16: =IF(N16=0,"",O16-N16) | Q16: =IF(N16=0,"",P16/N16*100)
P17: =IF(N17=0,"",O17-N17) | Q17: =IF(N17=0,"",P17/N17*100)
P18: =IF(N18=0,"",O18-N18) | Q18: =IF(N18=0,"",P18/N18*100)
P19: =IF(N19=0,"",O19-N19) | Q19: =IF(N19=0,"",P19/N19*100)
P20: =IF(N20=0,"",O20-N20) | Q20: =IF(N20=0,"",P20/N20*100)
P21: =IF(N21=0,"",O21-N21) | Q21: =IF(N21=0,"",P21/N21*100)
P22: =IF(N22=0,"",O22-N22) | Q22: =IF(N22=0,"",P22/N22*100)
P23: =IF(N23=0,"",O23-N23) | Q23: =IF(N23=0,"",P23/N23*100)
P24: =IF(N24=0,"",O24-N24) | Q24: =IF(N24=0,"",P24/N24*100)
P25: =IF(N25=0,"",O25-N25) | Q25: =IF(N25=0,"",P25/N25*100)
P26: =IF(N26=0,"",O26-N26) | Q26: =IF(N26=0,"",P26/N26*100)
A27: 合 计 | N27: =SUM(N8:N26) -> 0 | O27: =SUM(O8:O26) -> 0 | P27: =IF(N27=0,"",O27-N27) | Q27: =IF(N27=0,"",P27/N27*100)
A28: 减：投资性房地产减值准备 | P28: =IF(N28=0,"",O28-N28) | Q28: =IF(N28=0,"",P28/N28*100)
A29: 合 计 | N29: =N27-N28 -> 0 | O29: =O27 -> 0 | P29: =IF(N29=0,"",O29-N29) | Q29: =IF(N29=0,"",P29/N29*100)
A30: ='4-7-3投资性地产-成本计量'!A30 -> #REF! | O30: ='4-7-3投资性地产-成本计量'!O30:R30 -> #REF!
A31: ='4-7-3投资性地产-成本计量'!A31 -> #REF!

Sheet 4-8固定资产汇总
A1: 返回索引目录
A2: 固定资产评估汇总表
A4: ='4-7-4投资性地产-公允价值'!A4:R4 -> #REF!
A6: ='4-7-4投资性地产-公允价值'!A6 -> #REF!
A7: 编号 | B7: 科目名称 | C7: 账面价值 | E7: 计提减值准备金额 | F7: 评估价值 | H7: 增值额 | J7: 增值率%
C8: 原值 | D8: 净值 | F8: 原值 | G8: 净值 | H8: 原值 | I8: 净值 | J8: 原值 | K8: 净值
B9: 房屋建筑物类合计 | C9: =SUM(C10:C12) -> 0 | D9: =SUM(D10:D12) -> 0 | E9: =SUM(E10:E12) -> 0 | F9: =SUM(F10:F12) -> 0 | G9: =SUM(G10:G12) -> 0 | H9: =SUM(H10:H12) -> 0 | I9: =SUM(I10:I12) -> 0 | J9: =IF(C9=0,"",H9/C9*100) | K9: =IF(D9=0,"",I9/D9*100)
A10: 4-8-1 | B10: 固定资产-房屋建筑物 | C10: ='4-8-1房屋建筑物'!T29 -> 0 | D10: ='4-8-1房屋建筑物'!U29 -> 0 | E10: ='4-8-1房屋建筑物'!U30 -> 0 | F10: ='4-8-1房屋建筑物'!V31 -> 0 | G10: ='4-8-1房屋建筑物'!X31 -> 0 | H10: =F10-C10 -> 0 | I10: =G10-D10+E10 -> 0 | J10: =IF(C10=0,"",H10/C10*100) | K10: =IF(D10=0,"",I10/D10*100)
A11: 4-8-2 | B11: 固定资产-构筑物及其他辅助设施 | C11: ='4-8-2构筑物'!M28 -> 0 | D11: ='4-8-2构筑物'!N28 -> 0 | E11: ='4-8-2构筑物'!N29 -> 0 | F11: ='4-8-2构筑物'!O30 -> 0 | G11: ='4-8-2构筑物'!Q30 -> 0 | H11: =F11-C11 -> 0 | I11: =G11-D11+E11 -> 0 | J11: =IF(C11=0,"",H11/C11*100) | K11: =IF(D11=0,"",I11/D11*100)
A12: 4-8-3 | B12: 固定资产-管道及沟槽 | C12: ='4-8-3管道沟槽'!M28 -> 0 | D12: ='4-8-3管道沟槽'!N28 -> 0 | E12: ='4-8-3管道沟槽'!N29 -> 0 | F12: ='4-8-3管道沟槽'!O30 -> 0 | G12: ='4-8-3管道沟槽'!Q30 -> 0 | H12: =F12-C12 -> 0 | I12: =G12-D12+E12 -> 0 | J12: =IF(C12=0,"",H12/C12*100) | K12: =IF(D12=0,"",I12/D12*100)
I13: 0
I14: 0
B15: 设备类合计 | C15: =SUM(C16:C18) -> 0 | D15: =SUM(D16:D18) -> 0 | E15: =SUM(E16:E18) -> 0 | F15: =SUM(F16:F18) -> 0 | G15: =SUM(G16:G18) -> 0 | H15: =SUM(H16:H18) -> 0 | I15: =SUM(I16:I18) -> 0 | J15: =IF(C15=0,"",H15/C15*100) | K15: =IF(D15=0,"",I15/D15*100)
A16: 4-8-4 | B16: 固定资产-机器设备 | C16: ='4-8-4机器设备'!V30 -> 0 | D16: ='4-8-4机器设备'!W30 -> 0 | E16: ='4-8-4机器设备'!W31 -> 0 | F16: ='4-8-4机器设备'!X32 -> 0 | G16: ='4-8-4机器设备'!Z32 -> 0 | H16: =F16-C16 -> 0 | I16: =G16-D16+E16 -> 0 | J16: =IF(C16=0,"",H16/C16*100) | K16: =IF(D16=0,"",I16/D16*100)
A17: 4-8-5 | B17: 固定资产-车辆 | C17: ='4-8-5车辆'!O30 -> 0 | D17: ='4-8-5车辆'!P30 -> 0 | E17: ='4-8-5车辆'!P31 -> 0 | F17: ='4-8-5车辆'!Q32 -> 0 | G17: ='4-8-5车辆'!S32 -> 0 | H17: =F17-C17 -> 0 | I17: =G17-D17+E17 -> 0 | J17: =IF(C17=0,"",H17/C17*100) | K17: =IF(D17=0,"",I17/D17*100)
A18: 4-8-6 | B18: 固定资产-电子设备 | C18: ='4-8-6电子设备'!M29 -> 0 | D18: ='4-8-6电子设备'!N29 -> 0 | E18: ='4-8-6电子设备'!N30 -> 0 | F18: ='4-8-6电子设备'!O31 -> 0 | G18: ='4-8-6电子设备'!Q31 -> 0 | H18: =F18-C18 -> 0 | I18: =G18-D18+E18 -> 0 | J18: =IF(C18=0,"",H18/C18*100) | K18: =IF(D18=0,"",I18/D18*100)
A20: 4-8-7 | B20: 固定资产—土地 | C20: ='4-8-7土地'!N32 -> 0 | D20: ='4-8-7土地'!O32 -> 0 | G20: ='4-8-7土地'!P32 -> 0 | I20: =G20-D20+E20 -> 0 | K20: =IF(D20=0,"",I20/D20*100)
A22: 4-8-8 | B22: 固定资产清理 | D22: ='4-8-8固定资产清理'!K31 -> 0 | G22: ='4-8-8固定资产清理'!L31 -> 0 | I22: =G22-D22+E22 -> 0 | K22: =IF(D22=0,"",I22/D22*100)
A26: 固定资产合计 | C26: =C9+C15+C20+C22 -> 0 | D26: =D9+D15+D20+D22 -> 0 | E26: =E9+E15+E20+E22 -> 0 | F26: =F9+F15+F20+F22 -> 0 | G26: =G9+G15+G20+G22 -> 0 | H26: =F26-C26 -> 0 | I26: =G26-D26+E26 -> 0 | J26: =IF(C26=0,"",H26/C26*100) | K26: =IF(D26=0,"",I26/D26*100)
A27: 减：固定资产减值准备 | D27: =E26 -> 0 | H27: =F27-C27 -> 0 | J27: =IF(C27=0,"",H27/C27*100) | K27: =IF(D27=0,"",I27/D27*100)
A28: 固定资产净额 | C28: =C26-C27 -> 0 | D28: =D26-D27 -> 0 | F28: =F9+F15+F20+F22 -> 0 | G28: =G9+G15+G20+G22 -> 0 | H28: =F28-C28 -> 0 | I28: =G28-D28+E28 -> 0 | J28: =IF(C28=0,"",H28/C28*100) | K28: =IF(D28=0,"",I28/D28*100)

Sheet 4-8-1房屋建筑物
A1: 返回索引目录
A2: ="固定资产-房屋建筑物评估"&#REF! -> #REF!
A4: ='4-8固定资产汇总'!A4:K4 -> #REF!
A6: ='4-8固定资产汇总'!A6 -> #REF!
A7: 序号 | B7: 权证编号 | C7: 对应土地证号 | D7: 房产证载权利人 | E7: 建筑物名称 | F7: 来源 | G7: 用途 | H7: 详细地址 | I7: 是否不需要办证 | J7: 证载权利人是否不符 | K7: 是否存在抵押担保 | L7: 房屋现状 | M7: 所在楼层/楼层数 | N7: 层高 | O7: 结构 | P7: 建成 年月 | Q7: 计量单位 | R7: 建筑面积体积 m2或m3 | S7: 成本单价(元/m2) | T7: 账面价值 | V7: 评估价值 | Y7: 增值率% | Z7: 评估单价(元/m2) | AA7: 备注 | AB7: 核算单位
T8: 原值 | U8: 净值 | V8: 原值 | W8: 成新率% | X8: 净值
A9: 1 | P9: 43800 | Y9: =IF(U9=0,"",(X9-U9)/(U9)*100) | Z9: =IF(V9=0,"",V9/R9)
S10: =IF(R10=0,"",T10/R10) | Y10: =IF(U10=0,"",(X10-U10)/(U10)*100) | Z10: =IF(V10=0,"",V10/R10)
S11: =IF(R11=0,"",T11/R11) | Y11: =IF(U11=0,"",(X11-U11)/(U11)*100) | Z11: =IF(V11=0,"",V11/R11)
S12: =IF(R12=0,"",T12/R12) | Y12: =IF(U12=0,"",(X12-U12)/(U12)*100) | Z12: =IF(V12=0,"",V12/R12)
H13: 0 | S13: =IF(R13=0,"",T13/R13) | Y13: =IF(U13=0,"",(X13-U13)/(U13)*100) | Z13: =IF(V13=0,"",V13/R13)
H14: 0 | S14: =IF(R14=0,"",T14/R14) | Y14: =IF(U14=0,"",(X14-U14)/(U14)*100) | Z14: =IF(V14=0,"",V14/R14)
S15: =IF(R15=0,"",T15/R15) | Y15: =IF(U15=0,"",(X15-U15)/(U15)*100) | Z15: =IF(V15=0,"",V15/R15)
S16: =IF(R16=0,"",T16/R16) | Y16: =IF(U16=0,"",(X16-U16)/(U16)*100) | Z16: =IF(V16=0,"",V16/R16)
S17: =IF(R17=0,"",T17/R17) | Y17: =IF(U17=0,"",(X17-U17)/(U17)*100) | Z17: =IF(V17=0,"",V17/R17)
S18: =IF(R18=0,"",T18/R18) | Y18: =IF(U18=0,"",(X18-U18)/(U18)*100) | Z18: =IF(V18=0,"",V18/R18)
S19: =IF(R19=0,"",T19/R19) | Y19: =IF(U19=0,"",(X19-U19)/(U19)*100) | Z19: =IF(V19=0,"",V19/R19)
S20: =IF(R20=0,"",T20/R20) | Y20: =IF(U20=0,"",(X20-U20)/(U20)*100) | Z20: =IF(V20=0,"",V20/R20)
S21: =IF(R21=0,"",T21/R21) | Y21: =IF(U21=0,"",(X21-U21)/(U21)*100) | Z21: =IF(V21=0,"",V21/R21)
S22: =IF(R22=0,"",T22/R22) | Y22: =IF(U22=0,"",(X22-U22)/(U22)*100) | Z22: =IF(V22=0,"",V22/R22)
S23: =IF(R23=0,"",T23/R23) | Y23: =IF(U23=0,"",(X23-U23)/(U23)*100) | Z23: =IF(V23=0,"",V23/R23)
S24: =IF(R24=0,"",T24/R24) | Y24: =IF(U24=0,"",(X24-U24)/(U24)*100) | Z24: =IF(V24=0,"",V24/R24)
S25: =IF(R25=0,"",T25/R25) | Y25: =IF(U25=0,"",(X25-U25)/(U25)*100) | Z25: =IF(V25=0,"",V25/R25)
S26: =IF(R26=0,"",T26/R26) | Y26: =IF(U26=0,"",(X26-U26)/(U26)*100) | Z26: =IF(V26=0,"",V26/R26)
... S28: =IF(R28=0,"",T28/R28) | Y28: =IF(U28=0,"",(X28-U28)/(U28)*100) | Z28: =IF(V28=0,"",V28/R28)
A29: 合 计 | T29: =SUM(T9:T28) -> 0 | U29: =SUM(U9:U28) -> 0 | V29: =SUM(V9:V28) -> 0 | X29: =SUM(X9:X28) -> 0 | Y29: =IF(U29=0,"",(X29-U29)/(U29)*100)
A30: 减：房屋建筑物减值准备
A31: 合 计 | T31: =T29-T30 -> 0 | U31: =U29-U30 -> 0 | V31: =V29 -> 0 | X31: =X29 -> 0 | Y31: =IF(U31=0,"",(X31-U31)/(U31)*100)
A32: ='4-7-4投资性地产-公允价值'!A30 -> #REF! | V32: ="评估人员："&#REF! -> #REF!
A33: ='4-7-4投资性地产-公允价值'!A31 -> #REF!

Sheet 4-8-2构筑物
A1: 返回索引目录
A2: ="固定资产-构筑物及其他辅助设施评估"&#REF! -> #REF!
A4: ='4-8-1房屋建筑物'!A4:AA4 -> #REF!
A6: ='4-8-1房屋建筑物'!A6 -> #REF!
A7: 序号 | B7: 名称 | C7: 结构 | D7: 建成 年月 | E7: 长度 (m) | F7: 宽度 (m) | G7: 高 (m) | H7: 计量单位 | I7: 面积体积m2或m3 | J7: 详细地址 | K7: 土地权证号 | L7: 构筑物现状 | M7: 账面价值 | O7: 评估价值 | R7: 增值率% | S7: 评估单价(元/m2) | T7: 备注 | U7: 核算单位
M8: 原值 | N8: 净值 | O8: 原值 | P8: 成新率% | Q8: 净值
A9: 1 | D9: 43800 | R9: =IF(N9=0,"",(Q9-N9)/(N9)*100) | S9: =IF(I9=0,"",O9/I9)
R10: =IF(N10=0,"",(Q10-N10)/(N10)*100) | S10: =IF(I10=0,"",O10/I10)
R11: =IF(N11=0,"",(Q11-N11)/(N11)*100) | S11: =IF(I11=0,"",O11/I11)
R12: =IF(N12=0,"",(Q12-N12)/(N12)*100) | S12: =IF(I12=0,"",O12/I12)
H13: 0 | R13: =IF(N13=0,"",(Q13-N13)/(N13)*100) | S13: =IF(I13=0,"",O13/I13)
H14: 0 | R14: =IF(N14=0,"",(Q14-N14)/(N14)*100) | S14: =IF(I14=0,"",O14/I14)
R15: =IF(N15=0,"",(Q15-N15)/(N15)*100) | S15: =IF(I15=0,"",O15/I15)
R16: =IF(N16=0,"",(Q16-N16)/(N16)*100) | S16: =IF(I16=0,"",O16/I16)
R17: =IF(N17=0,"",(Q17-N17)/(N17)*100) | S17: =IF(I17=0,"",O17/I17)
R18: =IF(N18=0,"",(Q18-N18)/(N18)*100) | S18: =IF(I18=0,"",O18/I18)
R19: =IF(N19=0,"",(Q19-N19)/(N19)*100) | S19: =IF(I19=0,"",O19/I19)
R20: =IF(N20=0,"",(Q20-N20)/(N20)*100) | S20: =IF(I20=0,"",O20/I20)
R21: =IF(N21=0,"",(Q21-N21)/(N21)*100) | S21: =IF(I21=0,"",O21/I21)
R22: =IF(N22=0,"",(Q22-N22)/(N22)*100) | S22: =IF(I22=0,"",O22/I22)
R23: =IF(N23=0,"",(Q23-N23)/(N23)*100) | S23: =IF(I23=0,"",O23/I23)
R24: =IF(N24=0,"",(Q24-N24)/(N24)*100) | S24: =IF(I24=0,"",O24/I24)
R25: =IF(N25=0,"",(Q25-N25)/(N25)*100) | S25: =IF(I25=0,"",O25/I25)
R26: =IF(N26=0,"",(Q26-N26)/(N26)*100) | S26: =IF(I26=0,"",O26/I26)
R27: =IF(N27=0,"",(Q27-N27)/(N27)*100) | S27: =IF(I27=0,"",O27/I27)
A28: 合 计 | M28: =SUM(M9:M27) -> 0 | N28: =SUM(N9:N27) -> 0 | O28: =SUM(O9:O27) -> 0 | Q28: =SUM(Q9:Q27) -> 0 | R28: =IF(N28=0,"",(Q28-N28)/(N28)*100) | S28: =IF(I28=0,"",O28/I28)
A29: 减：构筑物及其他辅助设施减值准备 | S29: =IF(I29=0,"",O29/I29)
A30: 合 计 | M30: =M28-M29 -> 0 | N30: =N28-N29 -> 0 | O30: =O28 -> 0 | Q30: =Q28 -> 0 | R30: =IF(N30=0,"",(Q30-N30)/(N30)*100) | S30: =IF(I30=0,"",O30/I30)
A31: ='4-8-1房屋建筑物'!A32 -> #REF! | O31: ='4-8-1房屋建筑物'!V32 -> #REF!
A32: ='4-8-1房屋建筑物'!A33 -> #REF!

Sheet 4-8-3管道沟槽
A1: 返回索引目录
A2: ="固定资产-管道沟槽评估"&#REF! -> #REF!
A4: ='4-8-2构筑物'!A4:T4 -> #REF!
A6: ='4-8-2构筑物'!A6 -> #REF!
A7: 序号 | B7: 名称 | C7: 长度 (m) | D7: 漕深 (m) | E7: 沟宽*沟厚(mm*mm) 管径*壁厚(mm*mm) | F7: 材质 | G7: 绝缘方式 | H7: 建成年月 | I7: 起始地点 | J7: 终止地点 | K7: 铺设方式 | L7: 管沟现状 | M7: 账面价值 | O7: 评估价值 | R7: 增值率% | S7: 备注 | T7: 核算单位
M8: 原值 | N8: 净值 | O8: 原值 | P8: 成新率% | Q8: 净值
A9: 1 | H9: 43800 | R9: =IF(N9=0,"",(Q9-N9)/(N9)*100)
R10: =IF(N10=0,"",(Q10-N10)/(N10)*100)
R11: =IF(N11=0,"",(Q11-N11)/(N11)*100)
R12: =IF(N12=0,"",(Q12-N12)/(N12)*100)
H13: 0 | R13: =IF(N13=0,"",(Q13-N13)/(N13)*100)
H14: 0 | R14: =IF(N14=0,"",(Q14-N14)/(N14)*100)
R15: =IF(N15=0,"",(Q15-N15)/(N15)*100)
R16: =IF(N16=0,"",(Q16-N16)/(N16)*100)
R17: =IF(N17=0,"",(Q17-N17)/(N17)*100)
R18: =IF(N18=0,"",(Q18-N18)/(N18)*100)
R19: =IF(N19=0,"",(Q19-N19)/(N19)*100)
R20: =IF(N20=0,"",(Q20-N20)/(N20)*100)
R21: =IF(N21=0,"",(Q21-N21)/(N21)*100)
R22: =IF(N22=0,"",(Q22-N22)/(N22)*100)
R23: =IF(N23=0,"",(Q23-N23)/(N23)*100)
R24: =IF(N24=0,"",(Q24-N24)/(N24)*100)
R25: =IF(N25=0,"",(Q25-N25)/(N25)*100)
R26: =IF(N26=0,"",(Q26-N26)/(N26)*100)
R27: =IF(N27=0,"",(Q27-N27)/(N27)*100)
A28: 合 计 | M28: =SUM(M9:M27) -> 0 | N28: =SUM(N9:N27) -> 0 | O28: =SUM(O9:O27) -> 0 | Q28: =SUM(Q9:Q27) -> 0 | R28: =IF(N28=0,"",(Q28-N28)/(N28)*100)
A29: 减：管道和沟槽减值准备
A30: 合 计 | M30: =M28-M29 -> 0 | N30: =N28-N29 -> 0 | O30: =O28 -> 0 | Q30: =Q28 -> 0 | R30: =IF(N30=0,"",(Q30-N30)/(N30)*100)
A31: ='4-8-2构筑物'!A31 -> #REF! | O31: ='4-8-2构筑物'!O31 -> #REF!
A32: ='4-8-2构筑物'!A32 -> #REF!

Sheet 4-8-4机器设备
A1: 返回索引目录
A2: ="固定资产-机器设备评估"&#REF! -> #REF!
A4: ='4-8-3管道沟槽'!A4:S4 -> #REF!
A6: ='4-8-3管道沟槽'!A6 -> #REF!
A7: 序号 | B7: 使用单位 | C7: 设备编号 | D7: 设备名称 | E7: 规格型号 | F7: 生产厂家 | G7: 计量单位 | H7: 数量 | I7: 购置日期 | J7: 启用日期 | K7: 设备材质 | L7: 设备重量T | M7: 设备现状 | N7: 安装地点 | O7: 技术状态 | P7: 维护保养 | Q7: 设备是否有过重大技改 | R7: 如果有过调帐请提供原始入账价值 | S7: 折旧年限 | T7: 近期市场价格 | U7: 价格内涵 | V7: 账面价值 | X7: 评估价值 | AA7: 增值率% | AB7: 备注 | AC7: 核算单位
V8: 原值 | W8: 净值 | X8: 原值 | Y8: 成新率% | Z8: 净值
A9: 1 | I9: 43800 | J9: 43800 | AA9: =IF(W9=0,"",(Z9-W9)/(W9)*100)
AA10: =IF(W10=0,"",(Z10-W10)/(W10)*100)
AA11: =IF(W11=0,"",(Z11-W11)/(W11)*100)
AA12: =IF(W12=0,"",(Z12-W12)/(W12)*100)
H13: 0 | AA13: =IF(W13=0,"",(Z13-W13)/(W13)*100)
H14: 0 | AA14: =IF(W14=0,"",(Z14-W14)/(W14)*100)
AA15: =IF(W15=0,"",(Z15-W15)/(W15)*100)
AA16: =IF(W16=0,"",(Z16-W16)/(W16)*100)
AA17: =IF(W17=0,"",(Z17-W17)/(W17)*100)
AA18: =IF(W18=0,"",(Z18-W18)/(W18)*100)
AA19: =IF(W19=0,"",(Z19-W19)/(W19)*100)
AA20: =IF(W20=0,"",(Z20-W20)/(W20)*100)
AA21: =IF(W21=0,"",(Z21-W21)/(W21)*100)
AA22: =IF(W22=0,"",(Z22-W22)/(W22)*100)
AA23: =IF(W23=0,"",(Z23-W23)/(W23)*100)
AA24: =IF(W24=0,"",(Z24-W24)/(W24)*100)
AA25: =IF(W25=0,"",(Z25-W25)/(W25)*100)
AA26: =IF(W26=0,"",(Z26-W26)/(W26)*100)
... AA29: =IF(W29=0,"",(Z29-W29)/(W29)*100)
A30: 合 计 | V30: =SUM(V9:V29) -> 0 | W30: =SUM(W9:W29) -> 0 | X30: =SUM(X9:X29) -> 0 | Z30: =SUM(Z9:Z29) -> 0 | AA30: =IF(W30=0,"",(Z30-W30)/(W30)*100)
A31: 减：机器设备减值准备
A32: 合 计 | V32: =V30-V31 -> 0 | W32: =W30-W31 -> 0 | X32: =X30 -> 0 | Z32: =Z30 -> 0 | AA32: =IF(W32=0,"",(Z32-W32)/(W32)*100)
A33: ='4-8-3管道沟槽'!A31 -> #REF! | X33: ="评估人员："&#REF! -> #REF!
A34: ='4-8-3管道沟槽'!A32 -> #REF!

Sheet 4-8-5车辆
A1: 返回索引目录
A2: ="固定资产-车辆评估"&#REF! -> #REF!
A4: ='4-8-4机器设备'!A4:AB4 -> #REF!
A6: ='4-8-4机器设备'!A6 -> #REF!
A7: 序号 | B7: 使用单位 | C7: 车辆牌号 | D7: 车辆名称 | E7: 规格型号 | F7: 生产厂家 | G7: 计量单位 | H7: 数量 | I7: 购置日期 | J7: 启用日期 | K7: 已行驶里程(公里) | L7: 行驶证载权利人 | M7: 折旧年限 | N7: 车辆现状 | O7: 账面价值 | Q7: 评估价值 | T7: 增值率% | U7: 备注 | V7: 核算单位
O8: 原值 | P8: 净值 | Q8: 原值 | R8: 成新率% | S8: 净值
A9: 1 | I9: 43800 | J9: 43800 | T9: =IF(P9=0,"",(S9-P9)/(P9)*100)
T10: =IF(P10=0,"",(S10-P10)/(P10)*100)
T11: =IF(P11=0,"",(S11-P11)/(P11)*100)
T12: =IF(P12=0,"",(S12-P12)/(P12)*100)
H13: 0 | T13: =IF(P13=0,"",(S13-P13)/(P13)*100)
H14: 0 | T14: =IF(P14=0,"",(S14-P14)/(P14)*100)
T15: =IF(P15=0,"",(S15-P15)/(P15)*100)
T16: =IF(P16=0,"",(S16-P16)/(P16)*100)
T17: =IF(P17=0,"",(S17-P17)/(P17)*100)
T18: =IF(P18=0,"",(S18-P18)/(P18)*100)
T19: =IF(P19=0,"",(S19-P19)/(P19)*100)
T20: =IF(P20=0,"",(S20-P20)/(P20)*100)
T21: =IF(P21=0,"",(S21-P21)/(P21)*100)
T22: =IF(P22=0,"",(S22-P22)/(P22)*100)
T23: =IF(P23=0,"",(S23-P23)/(P23)*100)
T24: =IF(P24=0,"",(S24-P24)/(P24)*100)
T25: =IF(P25=0,"",(S25-P25)/(P25)*100)
T26: =IF(P26=0,"",(S26-P26)/(P26)*100)
... T29: =IF(P29=0,"",(S29-P29)/(P29)*100)
A30: 合 计 | O30: =SUM(O9:O29) -> 0 | P30: =SUM(P9:P29) -> 0 | Q30: =SUM(Q9:Q29) -> 0 | S30: =SUM(S9:S29) -> 0 | T30: =IF(P30=0,"",(S30-P30)/(P30)*100)
A31: 减：车辆减值准备
A32: 合 计 | O32: =O30-O31 -> 0 | P32: =P30-P31 -> 0 | Q32: =Q30 -> 0 | S32: =S30 -> 0 | T32: =IF(P32=0,"",(S32-P32)/(P32)*100)
A33: ='4-8-4机器设备'!A33 -> #REF! | Q33: ="评估人员："&#REF! -> #REF!
A34: ='4-8-4机器设备'!A34 -> #REF!

Sheet 4-8-6电子设备
A1: 返回索引目录
A2: ="固定资产-电子设备评估"&#REF! -> #REF!
A4: ='4-8-5车辆'!A4:U4 -> #REF!
A6: ='4-8-5车辆'!A6 -> #REF!
A7: 序号 | B7: 使用单位 | C7: 设备 编号 | D7: 设备名称 | E7: 规格型号 | F7: 生产厂家 | G7: 计量单位 | H7: 数量 | I7: 购置日期 | J7: 启用日期 | K7: 设备现状 | L7: 折旧年限 | M7: 账面价值 | O7: 评估价值 | R7: 增值率% | S7: 备注 | T7: 核算单位
M8: 原值 | N8: 净值 | O8: 原值 | P8: 成新率% | Q8: 净值
A9: 1 | I9: 43800 | J9: 43800 | R9: =IF(N9=0,"",(Q9-N9)/(N9)*100)
R10: =IF(N10=0,"",(Q10-N10)/(N10)*100)
R11: =IF(N11=0,"",(Q11-N11)/(N11)*100)
R12: =IF(N12=0,"",(Q12-N12)/(N12)*100)
H13: 0 | R13: =IF(N13=0,"",(Q13-N13)/(N13)*100)
H14: 0 | R14: =IF(N14=0,"",(Q14-N14)/(N14)*100)
R15: =IF(N15=0,"",(Q15-N15)/(N15)*100)
R16: =IF(N16=0,"",(Q16-N16)/(N16)*100)
R17: =IF(N17=0,"",(Q17-N17)/(N17)*100)
R18: =IF(N18=0,"",(Q18-N18)/(N18)*100)
R19: =IF(N19=0,"",(Q19-N19)/(N19)*100)
R20: =IF(N20=0,"",(Q20-N20)/(N20)*100)
R21: =IF(N21=0,"",(Q21-N21)/(N21)*100)
R22: =IF(N22=0,"",(Q22-N22)/(N22)*100)
R23: =IF(N23=0,"",(Q23-N23)/(N23)*100)
R24: =IF(N24=0,"",(Q24-N24)/(N24)*100)
R25: =IF(N25=0,"",(Q25-N25)/(N25)*100)
R26: =IF(N26=0,"",(Q26-N26)/(N26)*100)
... R28: =IF(N28=0,"",(Q28-N28)/(N28)*100)
A29: 合 计 | M29: =SUM(M9:M28) -> 0 | N29: =SUM(N9:N28) -> 0 | O29: =SUM(O9:O28) -> 0 | Q29: =SUM(Q9:Q28) -> 0 | R29: =IF(N29=0,"",(Q29-N29)/(N29)*100)
A30: 减：电子设备减值准备
A31: 合 计 | M31: =M29-M30 -> 0 | N31: =N29-N30 -> 0 | O31: =O29 -> 0 | Q31: =Q29 -> 0 | R31: =IF(N31=0,"",(Q31-N31)/(N31)*100)
A32: ='4-8-5车辆'!A33 -> #REF! | O32: ="评估人员:"&#REF! -> #REF!
A33: ='4-8-5车辆'!A34 -> #REF!

Sheet 4-8-7土地
A1: 返回索引目录
A2: ="固定资产-土地评估"&#REF! -> #REF!
A4: ='4-8-6电子设备'!A4:S4 -> #REF!
A6: ='4-8-6电子设备'!A6 -> #REF!
A7: 序号 | B7: 土地权证编号 | C7: 宗地名称 | D7: 土地位置 | E7: 是否空地 | F7: 取得日期 | G7: 用地性质 | H7: 土地用途 | I7: 准用年限 | J7: 开发程度 | K7: 面积(m2) | L7: 证载权利人名称 | M7: 是否存在抵押担保 | N7: 原始入账价值 | O7: 账面价值 | P7: 评估价值 | Q7: 增减值 | R7: 增值率% | S7: 备注 | T7: 核算单位
A9: 1 | F9: 43830 | Q9: =IF(O9=0,"",P9-O9) | R9: =IF(O9=0,"",Q9/O9*100)
Q10: =IF(O10=0,"",P10-O10) | R10: =IF(O10=0,"",Q10/O10*100)
Q11: =IF(O11=0,"",P11-O11) | R11: =IF(O11=0,"",Q11/O11*100)
Q12: =IF(O12=0,"",P12-O12) | R12: =IF(O12=0,"",Q12/O12*100)
H13: 0 | Q13: =IF(O13=0,"",P13-O13) | R13: =IF(O13=0,"",Q13/O13*100)
H14: 0 | Q14: =IF(O14=0,"",P14-O14) | R14: =IF(O14=0,"",Q14/O14*100)
Q15: =IF(O15=0,"",P15-O15) | R15: =IF(O15=0,"",Q15/O15*100)
Q16: =IF(O16=0,"",P16-O16) | R16: =IF(O16=0,"",Q16/O16*100)
Q17: =IF(O17=0,"",P17-O17) | R17: =IF(O17=0,"",Q17/O17*100)
Q18: =IF(O18=0,"",P18-O18) | R18: =IF(O18=0,"",Q18/O18*100)
Q19: =IF(O19=0,"",P19-O19) | R19: =IF(O19=0,"",Q19/O19*100)
Q20: =IF(O20=0,"",P20-O20) | R20: =IF(O20=0,"",Q20/O20*100)
Q21: =IF(O21=0,"",P21-O21) | R21: =IF(O21=0,"",Q21/O21*100)
Q22: =IF(O22=0,"",P22-O22) | R22: =IF(O22=0,"",Q22/O22*100)
Q23: =IF(O23=0,"",P23-O23) | R23: =IF(O23=0,"",Q23/O23*100)
Q24: =IF(O24=0,"",P24-O24) | R24: =IF(O24=0,"",Q24/O24*100)
Q25: =IF(O25=0,"",P25-O25) | R25: =IF(O25=0,"",Q25/O25*100)
Q26: =IF(O26=0,"",P26-O26) | R26: =IF(O26=0,"",Q26/O26*100)
... Q31: =IF(O31=0,"",P31-O31) | R31: =IF(O31=0,"",Q31/O31*100)
A32: 合 计 | O32: =SUM(O9:O31) -> 0 | P32: =SUM(P9:P31) -> 0 | Q32: =IF(O32=0,"",P32-O32) | R32: =IF(O32=0,"",Q32/O32*100)
A33: ='4-8-6电子设备'!A32 -> #REF! | P33: ="评估人员:"&#REF! -> #REF!
A34: ='4-8-6电子设备'!A33 -> #REF!

Sheet 4-8-8固定资产清理
A1: 返回索引目录
A2: ="固定资产清理"&#REF! -> #REF!
A4: ='4-8-7土地'!A4:S4 -> #REF!
A6: ='4-8-7土地'!A6 -> #REF!
A7: 序号 | B7: 待处理资产名称 | C7: 发生日期 | D7: 清理原因 | E7: 是否经过审批 | F7: 在基准日是否存在实物 | G7: 在基准日至填表日期间是否已处置 | H7: 已确定的处置净收入额 | I7: 清理资产材质 | J7: 清理资产重量 | K7: 账面价值 | L7: 评估价值 | M7: 增减值 | N7: 增值率% | O7: 备注 | P7: 核算单位
A8: 1 | M8: =IF(K8=0,"",L8-K8) | N8: =IF(K8=0,"",M8/K8*100)
M9: =IF(K9=0,"",L9-K9) | N9: =IF(K9=0,"",M9/K9*100)
M10: =IF(K10=0,"",L10-K10) | N10: =IF(K10=0,"",M10/K10*100)
M11: =IF(K11=0,"",L11-K11) | N11: =IF(K11=0,"",M11/K11*100)
M12: =IF(K12=0,"",L12-K12) | N12: =IF(K12=0,"",M12/K12*100)
H13: 0 | M13: =IF(K13=0,"",L13-K13) | N13: =IF(K13=0,"",M13/K13*100)
H14: 0 | M14: =IF(K14=0,"",L14-K14) | N14: =IF(K14=0,"",M14/K14*100)
M15: =IF(K15=0,"",L15-K15) | N15: =IF(K15=0,"",M15/K15*100)
M16: =IF(K16=0,"",L16-K16) | N16: =IF(K16=0,"",M16/K16*100)
M17: =IF(K17=0,"",L17-K17) | N17: =IF(K17=0,"",M17/K17*100)
M18: =IF(K18=0,"",L18-K18) | N18: =IF(K18=0,"",M18/K18*100)
M19: =IF(K19=0,"",L19-K19) | N19: =IF(K19=0,"",M19/K19*100)
M20: =IF(K20=0,"",L20-K20) | N20: =IF(K20=0,"",M20/K20*100)
M21: =IF(K21=0,"",L21-K21) | N21: =IF(K21=0,"",M21/K21*100)
M22: =IF(K22=0,"",L22-K22) | N22: =IF(K22=0,"",M22/K22*100)
M23: =IF(K23=0,"",L23-K23) | N23: =IF(K23=0,"",M23/K23*100)
M24: =IF(K24=0,"",L24-K24) | N24: =IF(K24=0,"",M24/K24*100)
M25: =IF(K25=0,"",L25-K25) | N25: =IF(K25=0,"",M25/K25*100)
M26: =IF(K26=0,"",L26-K26) | N26: =IF(K26=0,"",M26/K26*100)
... M30: =IF(K30=0,"",L30-K30) | N30: =IF(K30=0,"",M30/K30*100)
A31: 合 计 | K31: =SUM(K8:K30) -> 0 | L31: =SUM(L8:L30) -> 0 | M31: =IF(K31=0,"",L31-K31) | N31: =IF(K31=0,"",M31/K31*100)
A32: ='4-8-7土地'!A33 -> #REF! | L32: ="评估人员:"&#REF! -> #REF!
A33: ='4-8-7土地'!A34 -> #REF!

Sheet 4-9在建工程汇总
A1: 返回索引目录
A2: 在建工程评估汇总表
A4: ='4-8-8固定资产清理'!A4:O4 -> #REF!
A6: ='4-8-8固定资产清理'!A6 -> #REF!
A7: 编号 | B7: 科目名称 | C7: 账面价值 | D7: 评估价值 | E7: 增减值 | F7: 增值率%
A8: 4-9-1 | B8: 在建工程—土建工程 | C8: ='4-9-1在建（土建）'!Q29 -> 0 | D8: ='4-9-1在建（土建）'!R29 -> 0 | E8: =D8-C8 -> 0 | F8: =IF(C8=0,"",E8/C8*100)
A9: 4-9-2 | B9: 在建工程—设备安装工程 | C9: ='4-9-2在建（设备）'!P28 -> 0 | D9: ='4-9-2在建（设备）'!T28 -> 0 | E9: =D9-C9 -> 0 | F9: =IF(C9=0,"",E9/C9*100)
A10: 4-9-3 | B10: 工程物资 | C10: ='4-9-3工程物资'!K29 -> 0 | D10: ='4-9-3工程物资'!N29 -> 0 | E10: =D10-C10 -> 0 | F10: =IF(C10=0,"",E10/C10*100)
H13: 0
H14: 0
A28: 在建工程余额 | C28: =SUM(C8:C11) -> 0 | D28: =SUM(D8:D11) -> 0
A29: 减：减值准备 | C29: ='4-9-1在建（土建）'!Q30+'4-9-2在建（设备）'!P29+'4-9-3工程物资'!K30 -> 0
A30: 在建工程价值 | C30: =C28-C29 -> 0 | D30: =D28 -> 0 | E30: =D30-C30 -> 0 | F30: =IF(C30=0,"",E30/C30*100)

Sheet 4-9-1在建（土建）
A1: 返回索引目录
A2: ="在建工程-土建工程评估"&#REF! -> #REF!
A4: ='4-9在建工程汇总'!A4:F4 -> #REF!
A6: ='4-9在建工程汇总'!A6 -> #REF!
A7: 序号 | B7: 项目名称 | C7: 结构 | D7: 建筑面积/容积 | E7: 开工日期 | F7: 预计完工日期 | G7: 形象进度 | H7: 付款比例 | I7: 施工单位名称 | J7: 合同编号 | K7: 概算金额 | L7: 工程地址 | M7: 土地出让合同(有/无) | N7: 建筑用地许可证(有/无) | O7: 建筑规划许可证(有/无) | P7: 建筑开工许可证(有/无) | Q7: 账面价值 | R7: 评估价值 | S7: 增减值 | T7: 增值率% | U7: 备注 | V7: 核算单位
A8: 1 | E8: 43800 | F8: 43862 | S8: =IF(Q8=0,"",R8-Q8) | T8: =IF(Q8=0,"",S8/(Q8)*100)
S9: =IF(Q9=0,"",R9-Q9) | T9: =IF(Q9=0,"",S9/(Q9)*100)
S10: =IF(Q10=0,"",R10-Q10) | T10: =IF(Q10=0,"",S10/(Q10)*100)
S11: =IF(Q11=0,"",R11-Q11) | T11: =IF(Q11=0,"",S11/(Q11)*100)
S12: =IF(Q12=0,"",R12-Q12) | T12: =IF(Q12=0,"",S12/(Q12)*100)
H13: 0 | S13: =IF(Q13=0,"",R13-Q13) | T13: =IF(Q13=0,"",S13/(Q13)*100)
H14: 0 | S14: =IF(Q14=0,"",R14-Q14) | T14: =IF(Q14=0,"",S14/(Q14)*100)
S15: =IF(Q15=0,"",R15-Q15) | T15: =IF(Q15=0,"",S15/(Q15)*100)
S16: =IF(Q16=0,"",R16-Q16) | T16: =IF(Q16=0,"",S16/(Q16)*100)
S17: =IF(Q17=0,"",R17-Q17) | T17: =IF(Q17=0,"",S17/(Q17)*100)
S18: =IF(Q18=0,"",R18-Q18) | T18: =IF(Q18=0,"",S18/(Q18)*100)
S19: =IF(Q19=0,"",R19-Q19) | T19: =IF(Q19=0,"",S19/(Q19)*100)
S20: =IF(Q20=0,"",R20-Q20) | T20: =IF(Q20=0,"",S20/(Q20)*100)
S21: =IF(Q21=0,"",R21-Q21) | T21: =IF(Q21=0,"",S21/(Q21)*100)
S22: =IF(Q22=0,"",R22-Q22) | T22: =IF(Q22=0,"",S22/(Q22)*100)
S23: =IF(Q23=0,"",R23-Q23) | T23: =IF(Q23=0,"",S23/(Q23)*100)
S24: =IF(Q24=0,"",R24-Q24) | T24: =IF(Q24=0,"",S24/(Q24)*100)
S25: =IF(Q25=0,"",R25-Q25) | T25: =IF(Q25=0,"",S25/(Q25)*100)
S26: =IF(Q26=0,"",R26-Q26) | T26: =IF(Q26=0,"",S26/(Q26)*100)
... S28: =IF(Q28=0,"",R28-Q28) | T28: =IF(Q28=0,"",S28/(Q28)*100)
A29: 合 计 | Q29: =SUM(Q8:Q28) -> 0 | R29: =SUM(R8:R28) -> 0 | S29: =IF(Q29=0,"",R29-Q29) | T29: =IF(Q29=0,"",S29/(Q29)*100)
A30: 减：在建土建工程减值准备
A31: 合 计 | Q31: =Q29-Q30 -> 0 | R31: =R29 -> 0 | S31: =IF(Q31=0,"",R31-Q31) | T31: =IF(Q31=0,"",S31/(Q31)*100)
A32: ='4-8-8固定资产清理'!A32 -> #REF! | R32: ="评估人员:"&#REF! -> #REF!
A33: ='4-8-8固定资产清理'!A33 -> #REF!

Sheet 4-9-2在建（设备）
A1: 返回索引目录
A2: ="在建工程-设备安装工程评估"&#REF! -> #REF!
A4: ='4-9-1在建（土建）'!A4:U4 -> #REF!
A6: ='4-9-1在建（土建）'!A6 -> #REF!
A7: 序号 | B7: 项目名称 | C7: 设备名称 | D7: 规格型号 | E7: 数量 | F7: 计量单位 | G7: 生产厂家 | H7: 开工 日期 | I7: 预计完 工日期 | J7: 合同编号 | K7: 合同概算金额 | L7: 已付款比例 | M7: 账面价值 | Q7: 评估价值 | U7: 增减值 | V7: 增值率% | W7: 备注 | X7: 核算单位
M8: 设备费 | N8: 资金成本 | O8: 安装费及其他 | P8: 合计 | Q8: 设备费 | R8: 资金成本 | S8: 安装费及其他 | T8: 合计
A9: 1 | H9: 43800 | I9: 43922 | U9: =IF(P9=0,"",T9-P9) | V9: =IF(P9=0,"",U9/(P9)*100)
U10: =IF(P10=0,"",T10-P10) | V10: =IF(P10=0,"",U10/(P10)*100)
U11: =IF(P11=0,"",T11-P11) | V11: =IF(P11=0,"",U11/(P11)*100)
U12: =IF(P12=0,"",T12-P12) | V12: =IF(P12=0,"",U12/(P12)*100)
H13: 0 | U13: =IF(P13=0,"",T13-P13) | V13: =IF(P13=0,"",U13/(P13)*100)
H14: 0 | U14: =IF(P14=0,"",T14-P14) | V14: =IF(P14=0,"",U14/(P14)*100)
U15: =IF(P15=0,"",T15-P15) | V15: =IF(P15=0,"",U15/(P15)*100)
U16: =IF(P16=0,"",T16-P16) | V16: =IF(P16=0,"",U16/(P16)*100)
U17: =IF(P17=0,"",T17-P17) | V17: =IF(P17=0,"",U17/(P17)*100)
U18: =IF(P18=0,"",T18-P18) | V18: =IF(P18=0,"",U18/(P18)*100)
U19: =IF(P19=0,"",T19-P19) | V19: =IF(P19=0,"",U19/(P19)*100)
U20: =IF(P20=0,"",T20-P20) | V20: =IF(P20=0,"",U20/(P20)*100)
U21: =IF(P21=0,"",T21-P21) | V21: =IF(P21=0,"",U21/(P21)*100)
U22: =IF(P22=0,"",T22-P22) | V22: =IF(P22=0,"",U22/(P22)*100)
U23: =IF(P23=0,"",T23-P23) | V23: =IF(P23=0,"",U23/(P23)*100)
U24: =IF(P24=0,"",T24-P24) | V24: =IF(P24=0,"",U24/(P24)*100)
U25: =IF(P25=0,"",T25-P25) | V25: =IF(P25=0,"",U25/(P25)*100)
U26: =IF(P26=0,"",T26-P26) | V26: =IF(P26=0,"",U26/(P26)*100)
U27: =IF(P27=0,"",T27-P27) | V27: =IF(P27=0,"",U27/(P27)*100)
A28: 合 计 | M28: =SUM(M9:M27) -> 0 | N28: =SUM(N9:N27) -> 0 | O28: =SUM(O9:O27) -> 0 | P28: =SUM(P9:P27) -> 0 | Q28: =SUM(Q9:Q27) -> 0 | R28: =SUM(R9:R27) -> 0 | S28: =SUM(S9:S27) -> 0 | T28: =SUM(T9:T27) -> 0 | U28: =IF(P28=0,"",T28-P28) | V28: =IF(P28=0,"",U28/(P28)*100)
A29: 减：在建设备安装工程减值准备
A30: 合 计 | M30: =M28-M29 -> 0 | N30: =N28-N29 -> 0 | O30: =O28-O29 -> 0 | P30: =P28-P29 -> 0 | Q30: =Q28 -> 0 | R30: =R28 -> 0 | S30: =S28 -> 0 | T30: =T28 -> 0 | U30: =IF(P30=0,"",T30-P30) | V30: =IF(P30=0,"",U30/(P30)*100)
A31: ='4-9-1在建（土建）'!A32 -> #REF! | Q31: ='4-9-1在建（土建）'!R32 -> #REF!
A32: ='4-9-1在建（土建）'!A33 -> #REF!

Sheet 4-9-3工程物资
A1: 返回索引目录
A2: ="工程物资评估"&#REF! -> #REF!
A4: ='4-9-2在建（设备）'!A4:W4 -> #REF!
A6: ='4-9-2在建（设备）'!A6 -> #REF!
A7: 序号 | B7: 名称 | C7: 工程项目 | D7: 计量 单位 | E7: 存放地点 | F7: 入库日期 | G7: 生产厂家 | H7: 品质状况 | I7: 账面价值 | L7: 评估价值 | O7: 增减值 | P7: 增值率 % | Q7: 备注 | R7: 核算单位
I8: 数量 | J8: 单价 | K8: 金额 | L8: 实际数量 | M8: 评估单价 | N8: 金额
A9: 1 | F9: 43800 | O9: =IF(K9=0,"",N9-K9) | P9: =IF(K9=0,"",O9/(K9)*100)
O10: =IF(K10=0,"",N10-K10) | P10: =IF(K10=0,"",O10/(K10)*100)
O11: =IF(K11=0,"",N11-K11) | P11: =IF(K11=0,"",O11/(K11)*100)
O12: =IF(K12=0,"",N12-K12) | P12: =IF(K12=0,"",O12/(K12)*100)
H13: 0 | O13: =IF(K13=0,"",N13-K13) | P13: =IF(K13=0,"",O13/(K13)*100)
H14: 0 | O14: =IF(K14=0,"",N14-K14) | P14: =IF(K14=0,"",O14/(K14)*100)
O15: =IF(K15=0,"",N15-K15) | P15: =IF(K15=0,"",O15/(K15)*100)
O16: =IF(K16=0,"",N16-K16) | P16: =IF(K16=0,"",O16/(K16)*100)
O17: =IF(K17=0,"",N17-K17) | P17: =IF(K17=0,"",O17/(K17)*100)
O18: =IF(K18=0,"",N18-K18) | P18: =IF(K18=0,"",O18/(K18)*100)
O19: =IF(K19=0,"",N19-K19) | P19: =IF(K19=0,"",O19/(K19)*100)
O20: =IF(K20=0,"",N20-K20) | P20: =IF(K20=0,"",O20/(K20)*100)
O21: =IF(K21=0,"",N21-K21) | P21: =IF(K21=0,"",O21/(K21)*100)
O22: =IF(K22=0,"",N22-K22) | P22: =IF(K22=0,"",O22/(K22)*100)
O23: =IF(K23=0,"",N23-K23) | P23: =IF(K23=0,"",O23/(K23)*100)
O24: =IF(K24=0,"",N24-K24) | P24: =IF(K24=0,"",O24/(K24)*100)
O25: =IF(K25=0,"",N25-K25) | P25: =IF(K25=0,"",O25/(K25)*100)
O26: =IF(K26=0,"",N26-K26) | P26: =IF(K26=0,"",O26/(K26)*100)
... O28: =IF(K28=0,"",N28-K28) | P28: =IF(K28=0,"",O28/(K28)*100)
A29: 合 计 | K29: =SUM(K9:K28) -> 0 | N29: =SUM(N9:N28) -> 0 | O29: =IF(K29=0,"",N29-K29) | P29: =IF(K29=0,"",O29/(K29)*100)
A30: 减：工程物资减值准备
A31: 合 计 | K31: =K29-K30 -> 0 | N31: =N29 -> 0 | O31: =IF(K31=0,"",N31-K31) | P31: =IF(K31=0,"",O31/(K31)*100)
A32: ='4-9-2在建（设备）'!A31 -> #REF! | L32: ="评估人员:"&#REF! -> #REF!
A33: ='4-9-2在建（设备）'!A32 -> #REF!

Sheet 4-10生产性生物资产
A1: 返回索引目录
A2: ="生产性生物资产"&#REF! -> #REF!
A4: ='4-9-3工程物资'!A4:Q4 -> #REF!
A6: ='4-9-3工程物资'!A6 -> #REF!
A7: 序号 | B7: 种类 | C7: 群别 | D7: 计量单位 | E7: 数量 | F7: 购置日期 | G7: 账面价值 | I7: 评估价值 | L7: 增值率% | M7: 备注 | N7: 核算单位
G8: 原值 | H8: 净值 | I8: 原值 | J8: 成新率% | K8: 净值
A9: 1 | F9: 43800 | L9: =IF(H9=0,"",(K9-H9)/(H9)*100)
L10: =IF(H10=0,"",(K10-H10)/(H10)*100)
L11: =IF(H11=0,"",(K11-H11)/(H11)*100)
L12: =IF(H12=0,"",(K12-H12)/(H12)*100)
H13: 0 | L13: =IF(H13=0,"",(K13-H13)/(H13)*100)
H14: 0 | L14: =IF(H14=0,"",(K14-H14)/(H14)*100)
L15: =IF(H15=0,"",(K15-H15)/(H15)*100)
L16: =IF(H16=0,"",(K16-H16)/(H16)*100)
L17: =IF(H17=0,"",(K17-H17)/(H17)*100)
L18: =IF(H18=0,"",(K18-H18)/(H18)*100)
L19: =IF(H19=0,"",(K19-H19)/(H19)*100)
L20: =IF(H20=0,"",(K20-H20)/(H20)*100)
L21: =IF(H21=0,"",(K21-H21)/(H21)*100)
L22: =IF(H22=0,"",(K22-H22)/(H22)*100)
L23: =IF(H23=0,"",(K23-H23)/(H23)*100)
L24: =IF(H24=0,"",(K24-H24)/(H24)*100)
L25: =IF(H25=0,"",(K25-H25)/(H25)*100)
L26: =IF(H26=0,"",(K26-H26)/(H26)*100)
... L28: =IF(H28=0,"",(K28-H28)/(H28)*100)
A29: 合 计 | G29: =SUM(G9:G28) -> 0 | H29: =SUM(H9:H28) -> 0 | I29: =SUM(I9:I28) -> 0 | K29: =SUM(K9:K28) -> 0 | L29: =IF(H29=0,"",(K29-H29)/(H29)*100)
A30: 减：生产性生物资产减值准备
A31: 净 额 | G31: =G29-G30 -> 0 | H31: =H29-H30 -> 0 | I31: =I29 -> 0 | K31: =K29 -> 0 | L31: =IF(H31=0,"",(K31-H31)/(H31)*100)
A32: ='4-9-3工程物资'!A32 -> #REF! | I32: ="评估人员:"&#REF! -> #REF!
A33: ='4-9-3工程物资'!A33 -> #REF!

Sheet 4-11油气资产
A1: 返回索引目录
A2: ="油气资产评估"&#REF! -> #REF!
A4: ='4-10生产性生物资产'!A4:M4 -> #REF!
A6: ='4-10生产性生物资产'!A6 -> #REF!
A7: 序号 | B7: 类别 | C7: 矿区（或油田） | D7: 计量单位 | E7: 数量 | F7: 形成日期 | G7: 来源（购入、自行建造） | H7: 账面价值 | J7: 评估价值 | M7: 增值率% | N7: 备注 | O7: 核算单位
H8: 原值 | I8: 净值 | J8: 原值 | K8: 成新率% | L8: 净值
A9: 1 | F9: 43800 | M9: =IF(I9=0,"",(L9-I9)/(I9)*100)
M10: =IF(I10=0,"",(L10-I10)/(I10)*100)
M11: =IF(I11=0,"",(L11-I11)/(I11)*100)
M12: =IF(I12=0,"",(L12-I12)/(I12)*100)
H13: 0 | M13: =IF(I13=0,"",(L13-I13)/(I13)*100)
H14: 0 | M14: =IF(I14=0,"",(L14-I14)/(I14)*100)
M15: =IF(I15=0,"",(L15-I15)/(I15)*100)
M16: =IF(I16=0,"",(L16-I16)/(I16)*100)
M17: =IF(I17=0,"",(L17-I17)/(I17)*100)
M18: =IF(I18=0,"",(L18-I18)/(I18)*100)
M19: =IF(I19=0,"",(L19-I19)/(I19)*100)
M20: =IF(I20=0,"",(L20-I20)/(I20)*100)
M21: =IF(I21=0,"",(L21-I21)/(I21)*100)
M22: =IF(I22=0,"",(L22-I22)/(I22)*100)
M23: =IF(I23=0,"",(L23-I23)/(I23)*100)
M24: =IF(I24=0,"",(L24-I24)/(I24)*100)
M25: =IF(I25=0,"",(L25-I25)/(I25)*100)
M26: =IF(I26=0,"",(L26-I26)/(I26)*100)
... M28: =IF(I28=0,"",(L28-I28)/(I28)*100)
A29: 合 计 | H29: =SUM(H9:H28) -> 0 | I29: =SUM(I9:I28) -> 0 | J29: =SUM(J9:J28) -> 0 | K29: =SUM(K9:K28) -> 0 | L29: =SUM(L9:L28) -> 0 | M29: =IF(I29=0,"",(L29-I29)/(I29)*100)
A30: 减：油气资产减值准备
A31: 合 计 | H31: =H29-H30 -> 0 | I31: =I29-I30 -> 0 | J31: =J29 -> 0 | L31: =L29 -> 0 | M31: =IF(I31=0,"",(L31-I31)/(I31)*100)
A32: ='4-10生产性生物资产'!A32 -> #REF! | J32: ="评估人员:"&#REF! -> #REF!
A33: ='4-10生产性生物资产'!A33 -> #REF!

Sheet 4-12使用权资产
A1: 返回索引目录
A2: ="使用权资产评估"&#REF! -> #REF!
A4: ='4-8-3管道沟槽'!A4:S4 -> #REF!
A6: ='4-8-3管道沟槽'!A6 -> #REF!
A7: 序号 | B7: 资产类别 | C7: 资产编号 | D7: 资产名称 | E7: 出租人 | F7: 租赁合同号 | G7: 资产规格型号 | H7: 生产厂家 | I7: 计量单位 | J7: 数量 | K7: 租赁日期 | L7: 结束日期 | M7: 账面价值 | O7: 评估价值 | P7: 增值率% | Q7: 备注 | R7: 核算单位
M8: 原值 | N8: 净值
A9: 1 | K9: 43800 | L9: 45991 | P9: =IF(N9=0,"",(O9-N9)/(N9)*100)
P10: =IF(N10=0,"",(O10-N10)/(N10)*100)
P11: =IF(N11=0,"",(O11-N11)/(N11)*100)
P12: =IF(N12=0,"",(O12-N12)/(N12)*100)
H13: 0 | P13: =IF(N13=0,"",(O13-N13)/(N13)*100)
H14: 0 | P14: =IF(N14=0,"",(O14-N14)/(N14)*100)
P15: =IF(N15=0,"",(O15-N15)/(N15)*100)
P16: =IF(N16=0,"",(O16-N16)/(N16)*100)
P17: =IF(N17=0,"",(O17-N17)/(N17)*100)
P18: =IF(N18=0,"",(O18-N18)/(N18)*100)
P19: =IF(N19=0,"",(O19-N19)/(N19)*100)
P20: =IF(N20=0,"",(O20-N20)/(N20)*100)
P21: =IF(N21=0,"",(O21-N21)/(N21)*100)
P22: =IF(N22=0,"",(O22-N22)/(N22)*100)
P23: =IF(N23=0,"",(O23-N23)/(N23)*100)
P24: =IF(N24=0,"",(O24-N24)/(N24)*100)
P25: =IF(N25=0,"",(O25-N25)/(N25)*100)
P26: =IF(N26=0,"",(O26-N26)/(N26)*100)
... P29: =IF(N29=0,"",(O29-N29)/(N29)*100)
A30: 合 计 | M30: =SUM(M9:M29) -> 0 | N30: =SUM(N9:N29) -> 0 | O30: =SUM(O9:O29) -> 0 | P30: =IF(N30=0,"",(O30-N30)/(N30)*100)
A31: 减：使用权资产减值准备
A32: 合 计 | M32: =M30-M31 -> 0 | N32: =N30-N31 -> 0 | O32: =O30 -> 0 | P32: =IF(N32=0,"",(O32-N32)/(N32)*100)
A33: ='4-8-3管道沟槽'!A31 -> #REF! | O33: ='4-2其他债权投资'!K30 -> #REF!
A34: ='4-8-3管道沟槽'!A32 -> #REF!

Sheet 4-13无形资产汇总
A1: 返回索引目录
A2: 无形资产评估汇总表
A4: ='4-11油气资产'!A4:N4 -> #REF!
A6: ='4-11油气资产'!A6 -> #REF!
A7: 编号 | B7: 科目名称 | C7: 账面价值 | D7: 评估价值 | E7: 增减值 | F7: 增值率%
A8: 4-13-1 | B8: 无形资产-土地使用权 | C8: ='4-13-1无形-土地'!P29 -> 0 | D8: ='4-13-1无形-土地'!Q29 -> 0 | E8: =D8-C8 -> 0 | F8: =IF(C8=0,"",E8/C8*100)
A9: 4-13-2 | B9: 无形资产-矿业权 | C9: ='4-13-2无形-矿业权'!K27 -> 0 | D9: ='4-13-2无形-矿业权'!L27 -> 0 | E9: =D9-C9 -> 0 | F9: =IF(C9=0,"",E9/C9*100)
A10: 4-13-3 | B10: 无形资产-其他无形资产 | C10: ='4-13-3无形-其他'!G28 -> 0 | D10: ='4-13-3无形-其他'!H28 -> 0 | E10: =D10-C10 -> 0 | F10: =IF(C10=0,"",E10/C10*100)
H13: 0
H14: 0
A28: 无形资产净值 | C28: =C8+C9+C10 -> 0
A29: 减：减值准备 | C29: ='4-13-1无形-土地'!P30+'4-13-2无形-矿业权'!K28+'4-13-3无形-其他'!G29 -> 0
A30: 无形资产价值 | C30: =C28-C29 -> 0 | D30: =D8+D9+D10 -> 0 | E30: =D30-C30 -> 0 | F30: =IF(C30=0,"",E30/C30*100)

Sheet 4-13-1无形-土地
A1: 返回索引目录
A2: ="无形资产-土地使用权评估"&#REF! -> #REF!
A4: ='4-13无形资产汇总'!A4:F4 -> #REF!
A6: ='4-13无形资产汇总'!A6 -> #REF!
A7: 序号 | B7: 土地权证编号 | C7: 宗地名称 | D7: 土地位置 | E7: 取得日期 | F7: 用地性质 | G7: 土地用途 | H7: 终止日期 | I7: 开发程度 | J7: 面积（m2） | K7: 是否空地 | L7: 取得方式 | M7: 证载权利人 | N7: 是否抵押担保 | O7: 原始入账价值 | P7: 账面价值 | Q7: 评估价值 | R7: 增减值 | S7: 增值率% | T7: 备注 | U7: 核算单位
A8: 1 | E8: 43830 | H8: 58439 | R8: =IF(P8=0,"",Q8-P8) | S8: =IF(P8=0,"",R8/(P8)*100)
R9: =IF(P9=0,"",Q9-P9) | S9: =IF(P9=0,"",R9/(P9)*100)
R10: =IF(P10=0,"",Q10-P10) | S10: =IF(P10=0,"",R10/(P10)*100)
R11: =IF(P11=0,"",Q11-P11) | S11: =IF(P11=0,"",R11/(P11)*100)
R12: =IF(P12=0,"",Q12-P12) | S12: =IF(P12=0,"",R12/(P12)*100)
H13: 0 | R13: =IF(P13=0,"",Q13-P13) | S13: =IF(P13=0,"",R13/(P13)*100)
H14: 0 | R14: =IF(P14=0,"",Q14-P14) | S14: =IF(P14=0,"",R14/(P14)*100)
R15: =IF(P15=0,"",Q15-P15) | S15: =IF(P15=0,"",R15/(P15)*100)
R16: =IF(P16=0,"",Q16-P16) | S16: =IF(P16=0,"",R16/(P16)*100)
R17: =IF(P17=0,"",Q17-P17) | S17: =IF(P17=0,"",R17/(P17)*100)
R18: =IF(P18=0,"",Q18-P18) | S18: =IF(P18=0,"",R18/(P18)*100)
R19: =IF(P19=0,"",Q19-P19) | S19: =IF(P19=0,"",R19/(P19)*100)
R20: =IF(P20=0,"",Q20-P20) | S20: =IF(P20=0,"",R20/(P20)*100)
R21: =IF(P21=0,"",Q21-P21) | S21: =IF(P21=0,"",R21/(P21)*100)
R22: =IF(P22=0,"",Q22-P22) | S22: =IF(P22=0,"",R22/(P22)*100)
R23: =IF(P23=0,"",Q23-P23) | S23: =IF(P23=0,"",R23/(P23)*100)
R24: =IF(P24=0,"",Q24-P24) | S24: =IF(P24=0,"",R24/(P24)*100)
R25: =IF(P25=0,"",Q25-P25) | S25: =IF(P25=0,"",R25/(P25)*100)
R26: =IF(P26=0,"",Q26-P26) | S26: =IF(P26=0,"",R26/(P26)*100)
... R28: =IF(P28=0,"",Q28-P28) | S28: =IF(P28=0,"",R28/(P28)*100)
A29: 合 计 | P29: =SUM(P8:P28) -> 0 | Q29: =SUM(Q8:Q28) -> 0 | R29: =IF(P29=0,"",Q29-P29) | S29: =IF(P29=0,"",R29/(P29)*100)
A30: 减：无形资产减值准备
A31: 合 计 | P31: =P29-P30 -> 0 | Q31: =Q29 -> 0 | R31: =IF(P31=0,"",Q31-P31) | S31: =IF(P31=0,"",R31/(P31)*100)
A32: ='4-11油气资产'!A32 -> #REF! | Q32: ="评估人员:"&#REF! -> #REF!
A33: ='4-11油气资产'!A33 -> #REF!

Sheet 4-13-2无形-矿业权
A1: 返回索引目录
A2: ="无形资产-矿业权评估"&#REF! -> #REF!
A4: ='4-13-1无形-土地'!A4:T4 -> #REF!
A6: ='4-13-1无形-土地'!A6 -> #REF!
A7: 序号 | B7: 名称、种类（探矿权/采矿权） | C7: 勘查（采矿）许可证编号 | D7: 取得方式 | E7: 取得日期 | F7: 剩余有效年限 | G7: 勘查开发阶段 | H7: 核定（批准）生产规模 | I7: 矿业权有偿处置价款 | J7: 原始入账价值 | K7: 账面价值 | L7: 评估价值 | M7: 增减值 | N7: 增值率% | O7: 备注 | P7: 核算单位
A8: 1 | E8: 43830 | M8: =IF(K8=0,"",L8-K8) | N8: =IF(K8=0,"",M8/(K8)*100)
M9: =IF(K9=0,"",L9-K9) | N9: =IF(K9=0,"",M9/(K9)*100)
M10: =IF(K10=0,"",L10-K10) | N10: =IF(K10=0,"",M10/(K10)*100)
M11: =IF(K11=0,"",L11-K11) | N11: =IF(K11=0,"",M11/(K11)*100)
M12: =IF(K12=0,"",L12-K12) | N12: =IF(K12=0,"",M12/(K12)*100)
H13: 0 | M13: =IF(K13=0,"",L13-K13) | N13: =IF(K13=0,"",M13/(K13)*100)
H14: 0 | M14: =IF(K14=0,"",L14-K14) | N14: =IF(K14=0,"",M14/(K14)*100)
M15: =IF(K15=0,"",L15-K15) | N15: =IF(K15=0,"",M15/(K15)*100)
M16: =IF(K16=0,"",L16-K16) | N16: =IF(K16=0,"",M16/(K16)*100)
M17: =IF(K17=0,"",L17-K17) | N17: =IF(K17=0,"",M17/(K17)*100)
M18: =IF(K18=0,"",L18-K18) | N18: =IF(K18=0,"",M18/(K18)*100)
M19: =IF(K19=0,"",L19-K19) | N19: =IF(K19=0,"",M19/(K19)*100)
M20: =IF(K20=0,"",L20-K20) | N20: =IF(K20=0,"",M20/(K20)*100)
M21: =IF(K21=0,"",L21-K21) | N21: =IF(K21=0,"",M21/(K21)*100)
M22: =IF(K22=0,"",L22-K22) | N22: =IF(K22=0,"",M22/(K22)*100)
M23: =IF(K23=0,"",L23-K23) | N23: =IF(K23=0,"",M23/(K23)*100)
M24: =IF(K24=0,"",L24-K24) | N24: =IF(K24=0,"",M24/(K24)*100)
M25: =IF(K25=0,"",L25-K25) | N25: =IF(K25=0,"",M25/(K25)*100)
M26: =IF(K26=0,"",L26-K26) | N26: =IF(K26=0,"",M26/(K26)*100)
A27: 合 计 | K27: =SUM(K8:K26) -> 0 | L27: =SUM(L8:L26) -> 0 | M27: =IF(K27=0,"",L27-K27) | N27: =IF(K27=0,"",M27/(K27)*100)
A28: 减：无形资产减值准备
A29: 合 计 | K29: =K27-K28 -> 0 | L29: =L27 -> 0 | M29: =IF(K29=0,"",L29-K29) | N29: =IF(K29=0,"",M29/(K29)*100)
A30: ='4-13-1无形-土地'!A32 -> #REF! | L30: ="评估人员:"&#REF! -> #REF!
A31: ='4-13-1无形-土地'!A33 -> #REF!

Sheet 4-13-3无形-其他
A1: 返回索引目录
A2: ="无形资产-其他无形资产评估"&#REF! -> #REF!
A4: ='4-13-2无形-矿业权'!A4:O4 -> #REF!
A6: ='4-13-2无形-矿业权'!A6 -> #REF!
A7: 序号 | B7: 无形资产名称和内容 | C7: 取得日期 | D7: 法定/预计使用年限 | E7: 尚可使用年限 | F7: 原始入账价值 | G7: 账面价值 | H7: 评估价值 | I7: 增减值 | J7: 增值率% | K7: 备注 | L7: 核算单位
A8: 1 | C8: 43800 | I8: =IF(G8=0,"",H8-G8) | J8: =IF(G8=0,"",I8/(G8)*100)
I9: =IF(G9=0,"",H9-G9) | J9: =IF(G9=0,"",I9/(G9)*100)
I10: =IF(G10=0,"",H10-G10) | J10: =IF(G10=0,"",I10/(G10)*100)
I11: =IF(G11=0,"",H11-G11) | J11: =IF(G11=0,"",I11/(G11)*100)
I12: =IF(G12=0,"",H12-G12) | J12: =IF(G12=0,"",I12/(G12)*100)
H13: 0 | I13: =IF(G13=0,"",H13-G13) | J13: =IF(G13=0,"",I13/(G13)*100)
H14: 0 | I14: =IF(G14=0,"",H14-G14) | J14: =IF(G14=0,"",I14/(G14)*100)
I15: =IF(G15=0,"",H15-G15) | J15: =IF(G15=0,"",I15/(G15)*100)
I16: =IF(G16=0,"",H16-G16) | J16: =IF(G16=0,"",I16/(G16)*100)
I17: =IF(G17=0,"",H17-G17) | J17: =IF(G17=0,"",I17/(G17)*100)
I18: =IF(G18=0,"",H18-G18) | J18: =IF(G18=0,"",I18/(G18)*100)
I19: =IF(G19=0,"",H19-G19) | J19: =IF(G19=0,"",I19/(G19)*100)
I20: =IF(G20=0,"",H20-G20) | J20: =IF(G20=0,"",I20/(G20)*100)
I21: =IF(G21=0,"",H21-G21) | J21: =IF(G21=0,"",I21/(G21)*100)
I22: =IF(G22=0,"",H22-G22) | J22: =IF(G22=0,"",I22/(G22)*100)
I23: =IF(G23=0,"",H23-G23) | J23: =IF(G23=0,"",I23/(G23)*100)
I24: =IF(G24=0,"",H24-G24) | J24: =IF(G24=0,"",I24/(G24)*100)
I25: =IF(G25=0,"",H25-G25) | J25: =IF(G25=0,"",I25/(G25)*100)
I26: =IF(G26=0,"",H26-G26) | J26: =IF(G26=0,"",I26/(G26)*100)
I27: =IF(G27=0,"",H27-G27) | J27: =IF(G27=0,"",I27/(G27)*100)
A28: 合 计 | G28: =SUM(G8:G27) -> 0 | H28: =SUM(H8:H27) -> 0 | I28: =IF(G28=0,"",H28-G28) | J28: =IF(G28=0,"",I28/(G28)*100)
A29: 减：无形资产减值准备
A30: 合 计 | G30: =G28-G29 -> 0 | H30: =H28 -> 0 | I30: =IF(G30=0,"",H30-G30) | J30: =IF(G30=0,"",I30/(G30)*100)
A31: ='4-13-2无形-矿业权'!A30 -> #REF! | H31: ="评估人员:"&#REF! -> #REF!
A32: ='4-13-2无形-矿业权'!A31 -> #REF!

Sheet 4-14开发支出
A1: 返回索引目录
A2: ="开发支出评估"&#REF! -> #REF!
A4: ='4-13-3无形-其他'!A4:K4 -> #REF!
A6: ='4-13-3无形-其他'!A6 -> #REF!
A7: 序号 | B7: 内容或名称 | C7: 发生日期 | D7: 预计完成日期 | E7: 立项/批准文号 | F7: 拟形成无形资产类型 | G7: 技术成熟度 | H7: 业内技术水平 | I7: 支出内容 | J7: 预算投入金额 | K7: 账面价值 | L7: 评估价值 | M7: 增减值 | N7: 增值率% | O7: 备注 | P7: 核算单位
A8: 1 | C8: 43800 | D8: 44166 | M8: =IF(K8=0,"",L8-K8) | N8: =IF(K8=0,"",M8/(K8)*100)
M9: =IF(K9=0,"",L9-K9) | N9: =IF(K9=0,"",M9/(K9)*100)
M10: =IF(K10=0,"",L10-K10) | N10: =IF(K10=0,"",M10/(K10)*100)
M11: =IF(K11=0,"",L11-K11) | N11: =IF(K11=0,"",M11/(K11)*100)
M12: =IF(K12=0,"",L12-K12) | N12: =IF(K12=0,"",M12/(K12)*100)
H13: 0 | M13: =IF(K13=0,"",L13-K13) | N13: =IF(K13=0,"",M13/(K13)*100)
H14: 0 | M14: =IF(K14=0,"",L14-K14) | N14: =IF(K14=0,"",M14/(K14)*100)
M15: =IF(K15=0,"",L15-K15) | N15: =IF(K15=0,"",M15/(K15)*100)
M16: =IF(K16=0,"",L16-K16) | N16: =IF(K16=0,"",M16/(K16)*100)
M17: =IF(K17=0,"",L17-K17) | N17: =IF(K17=0,"",M17/(K17)*100)
M18: =IF(K18=0,"",L18-K18) | N18: =IF(K18=0,"",M18/(K18)*100)
M19: =IF(K19=0,"",L19-K19) | N19: =IF(K19=0,"",M19/(K19)*100)
M20: =IF(K20=0,"",L20-K20) | N20: =IF(K20=0,"",M20/(K20)*100)
M21: =IF(K21=0,"",L21-K21) | N21: =IF(K21=0,"",M21/(K21)*100)
M22: =IF(K22=0,"",L22-K22) | N22: =IF(K22=0,"",M22/(K22)*100)
M23: =IF(K23=0,"",L23-K23) | N23: =IF(K23=0,"",M23/(K23)*100)
M24: =IF(K24=0,"",L24-K24) | N24: =IF(K24=0,"",M24/(K24)*100)
M25: =IF(K25=0,"",L25-K25) | N25: =IF(K25=0,"",M25/(K25)*100)
M26: =IF(K26=0,"",L26-K26) | N26: =IF(K26=0,"",M26/(K26)*100)
... M30: =IF(K30=0,"",L30-K30) | N30: =IF(K30=0,"",M30/(K30)*100)
A31: 合 计 | K31: =SUM(K8:K30) -> 0 | L31: =SUM(L8:L30) -> 0 | M31: =IF(K31=0,"",L31-K31) | N31: =IF(K31=0,"",M31/(K31)*100)
A32: ='4-13-3无形-其他'!A31 -> #REF! | L32: ="评估人员:"&#REF! -> #REF!
A33: ='4-13-3无形-其他'!A32 -> #REF!

Sheet 4-15商誉
A1: 返回索引目录
A2: ="商誉评估"&#REF! -> #REF!
A4: ='4-14开发支出'!A4:O4 -> #REF!
A6: ='4-14开发支出'!A6 -> #REF!
A7: 序号 | B7: 内容或名称 | C7: 取得日期 | D7: 合并成本 | E7: 可辨认净资产公允价值 | F7: 账面价值 | G7: 评估价值 | H7: 增减值 | I7: 增值率% | J7: 备注 | K7: 核算单位
A8: 1 | C8: 43800 | H8: =IF(F8=0,"",G8-F8) | I8: =IF(F8=0,"",H8/(F8)*100)
H9: =IF(F9=0,"",G9-F9) | I9: =IF(F9=0,"",H9/(F9)*100)
H10: =IF(F10=0,"",G10-F10) | I10: =IF(F10=0,"",H10/(F10)*100)
H11: =IF(F11=0,"",G11-F11) | I11: =IF(F11=0,"",H11/(F11)*100)
H12: =IF(F12=0,"",G12-F12) | I12: =IF(F12=0,"",H12/(F12)*100)
H13: 0 | I13: =IF(F13=0,"",H13/(F13)*100)
H14: 0 | I14: =IF(F14=0,"",H14/(F14)*100)
H15: =IF(F15=0,"",G15-F15) | I15: =IF(F15=0,"",H15/(F15)*100)
H16: =IF(F16=0,"",G16-F16) | I16: =IF(F16=0,"",H16/(F16)*100)
H17: =IF(F17=0,"",G17-F17) | I17: =IF(F17=0,"",H17/(F17)*100)
H18: =IF(F18=0,"",G18-F18) | I18: =IF(F18=0,"",H18/(F18)*100)
H19: =IF(F19=0,"",G19-F19) | I19: =IF(F19=0,"",H19/(F19)*100)
H20: =IF(F20=0,"",G20-F20) | I20: =IF(F20=0,"",H20/(F20)*100)
H21: =IF(F21=0,"",G21-F21) | I21: =IF(F21=0,"",H21/(F21)*100)
H22: =IF(F22=0,"",G22-F22) | I22: =IF(F22=0,"",H22/(F22)*100)
H23: =IF(F23=0,"",G23-F23) | I23: =IF(F23=0,"",H23/(F23)*100)
H24: =IF(F24=0,"",G24-F24) | I24: =IF(F24=0,"",H24/(F24)*100)
H25: =IF(F25=0,"",G25-F25) | I25: =IF(F25=0,"",H25/(F25)*100)
H26: =IF(F26=0,"",G26-F26) | I26: =IF(F26=0,"",H26/(F26)*100)
... H28: =IF(F28=0,"",G28-F28) | I28: =IF(F28=0,"",H28/(F28)*100)
A29: 合 计 | F29: =SUM(F8:F28) -> 0 | G29: =SUM(G8:G28) -> 0 | H29: =IF(F29=0,"",G29-F29) | I29: =IF(F29=0,"",H29/(F29)*100)
A30: 减：商誉减值准备
A31: 合 计 | F31: =F29-F30 -> 0 | G31: =G29 -> 0 | H31: =IF(F31=0,"",G31-F31) | I31: =IF(F31=0,"",H31/(F31)*100)
A32: ='4-14开发支出'!A32 -> #REF! | G32: ="评估人员:"&#REF! -> #REF!
A33: ='4-14开发支出'!A33 -> #REF!

Sheet 4-16长期待摊费用
A1: 返回索引目录
A2: ="长期待摊费用评估"&#REF! -> #REF!
A4: ='4-15商誉'!A4:J4 -> #REF!
A6: ='4-15商誉'!A6 -> #REF!
A7: 序号 | B7: 费用名称或内容 | C7: 形成日期 | D7: 原始发生额 | E7: 预计摊 销月数 | F7: 尚存受益月数 | G7: 账面价值 | H7: 评估价值 | I7: 增减值 | J7: 增值率% | K7: 备注 | L7: 核算单位
A8: 1 | C8: 43800 | I8: =IF(G8=0,"",H8-G8) | J8: =IF(G8=0,"",I8/(G8)*100)
I9: =IF(G9=0,"",H9-G9) | J9: =IF(G9=0,"",I9/(G9)*100)
I10: =IF(G10=0,"",H10-G10) | J10: =IF(G10=0,"",I10/(G10)*100)
I11: =IF(G11=0,"",H11-G11) | J11: =IF(G11=0,"",I11/(G11)*100)
I12: =IF(G12=0,"",H12-G12) | J12: =IF(G12=0,"",I12/(G12)*100)
H13: 0 | I13: =IF(G13=0,"",H13-G13) | J13: =IF(G13=0,"",I13/(G13)*100)
H14: 0 | I14: =IF(G14=0,"",H14-G14) | J14: =IF(G14=0,"",I14/(G14)*100)
I15: =IF(G15=0,"",H15-G15) | J15: =IF(G15=0,"",I15/(G15)*100)
I16: =IF(G16=0,"",H16-G16) | J16: =IF(G16=0,"",I16/(G16)*100)
I17: =IF(G17=0,"",H17-G17) | J17: =IF(G17=0,"",I17/(G17)*100)
I18: =IF(G18=0,"",H18-G18) | J18: =IF(G18=0,"",I18/(G18)*100)
I19: =IF(G19=0,"",H19-G19) | J19: =IF(G19=0,"",I19/(G19)*100)
I20: =IF(G20=0,"",H20-G20) | J20: =IF(G20=0,"",I20/(G20)*100)
I21: =IF(G21=0,"",H21-G21) | J21: =IF(G21=0,"",I21/(G21)*100)
I22: =IF(G22=0,"",H22-G22) | J22: =IF(G22=0,"",I22/(G22)*100)
I23: =IF(G23=0,"",H23-G23) | J23: =IF(G23=0,"",I23/(G23)*100)
I24: =IF(G24=0,"",H24-G24) | J24: =IF(G24=0,"",I24/(G24)*100)
I25: =IF(G25=0,"",H25-G25) | J25: =IF(G25=0,"",I25/(G25)*100)
I26: =IF(G26=0,"",H26-G26) | J26: =IF(G26=0,"",I26/(G26)*100)
... I30: =IF(G30=0,"",H30-G30) | J30: =IF(G30=0,"",I30/(G30)*100)
A31: 合 计 | G31: =SUM(G8:G30) -> 0 | H31: =SUM(H8:H30) -> 0 | I31: =IF(G31=0,"",H31-G31) | J31: =IF(G31=0,"",I31/(G31)*100)
A32: ='4-15商誉'!A32 -> #REF! | H32: ="评估人员:"&#REF! -> #REF!
A33: ='4-15商誉'!A33 -> #REF!

Sheet 4-17递延所得税资产
A1: 返回索引目录
A2: ="递延所得税资产评估"&#REF! -> #REF!
A4: ='4-16长期待摊费用'!A4:K4 -> #REF!
A6: ='4-16长期待摊费用'!A6 -> #REF!
A7: 序号 | B7: 内容或名称 | C7: 发生日期 | D7: 账面价值 | E7: 评估价值 | F7: 增减值 | G7: 增值率% | H7: 备注 | I7: 核算单位
A8: 1 | C8: 43800 | F8: =IF(D8=0,"",E8-D8) | G8: =IF(D8=0,"",F8/(D8)*100)
F9: =IF(D9=0,"",E9-D9) | G9: =IF(D9=0,"",F9/(D9)*100)
F10: =IF(D10=0,"",E10-D10) | G10: =IF(D10=0,"",F10/(D10)*100)
F11: =IF(D11=0,"",E11-D11) | G11: =IF(D11=0,"",F11/(D11)*100)
F12: =IF(D12=0,"",E12-D12) | G12: =IF(D12=0,"",F12/(D12)*100)
F13: =IF(D13=0,"",E13-D13) | G13: =IF(D13=0,"",F13/(D13)*100) | H13: 0
F14: =IF(D14=0,"",E14-D14) | G14: =IF(D14=0,"",F14/(D14)*100) | H14: 0
F15: =IF(D15=0,"",E15-D15) | G15: =IF(D15=0,"",F15/(D15)*100)
F16: =IF(D16=0,"",E16-D16) | G16: =IF(D16=0,"",F16/(D16)*100)
F17: =IF(D17=0,"",E17-D17) | G17: =IF(D17=0,"",F17/(D17)*100)
F18: =IF(D18=0,"",E18-D18) | G18: =IF(D18=0,"",F18/(D18)*100)
F19: =IF(D19=0,"",E19-D19) | G19: =IF(D19=0,"",F19/(D19)*100)
F20: =IF(D20=0,"",E20-D20) | G20: =IF(D20=0,"",F20/(D20)*100)
F21: =IF(D21=0,"",E21-D21) | G21: =IF(D21=0,"",F21/(D21)*100)
F22: =IF(D22=0,"",E22-D22) | G22: =IF(D22=0,"",F22/(D22)*100)
F23: =IF(D23=0,"",E23-D23) | G23: =IF(D23=0,"",F23/(D23)*100)
F24: =IF(D24=0,"",E24-D24) | G24: =IF(D24=0,"",F24/(D24)*100)
F25: =IF(D25=0,"",E25-D25) | G25: =IF(D25=0,"",F25/(D25)*100)
F26: =IF(D26=0,"",E26-D26) | G26: =IF(D26=0,"",F26/(D26)*100)
... F30: =IF(D30=0,"",E30-D30) | G30: =IF(D30=0,"",F30/(D30)*100)
A31: 合 计 | D31: =SUM(D8:D30) -> 0 | E31: =SUM(E8:E30) -> 0 | F31: =IF(D31=0,"",E31-D31) | G31: =IF(D31=0,"",F31/(D31)*100)
A32: ='4-16长期待摊费用'!A32 -> #REF! | E32: ="评估人员:"&#REF! -> #REF!
A33: ='4-16长期待摊费用'!A33 -> #REF!

Sheet 4-18其他非流动资产
A1: 返回索引目录
A2: ="其他非流动资产评估"&#REF! -> #REF!
A4: ='4-17递延所得税资产'!A4:H4 -> #REF!
A6: ='4-17递延所得税资产'!A6 -> #REF!
A7: 序号 | B7: 内容或名称 | C7: 取得日期 | D7: 账面价值 | E7: 评估价值 | F7: 增减值 | G7: 增值率% | H7: 备注 | I7: 核算单位
A8: 1 | C8: 43800 | F8: =IF(D8=0,"",E8-D8) | G8: =IF(D8=0,"",F8/(D8)*100)
F9: =IF(D9=0,"",E9-D9) | G9: =IF(D9=0,"",F9/(D9)*100)
F10: =IF(D10=0,"",E10-D10) | G10: =IF(D10=0,"",F10/(D10)*100)
F11: =IF(D11=0,"",E11-D11) | G11: =IF(D11=0,"",F11/(D11)*100)
F12: =IF(D12=0,"",E12-D12) | G12: =IF(D12=0,"",F12/(D12)*100)
F13: =IF(D13=0,"",E13-D13) | G13: =IF(D13=0,"",F13/(D13)*100) | H13: 0
F14: =IF(D14=0,"",E14-D14) | G14: =IF(D14=0,"",F14/(D14)*100) | H14: 0
F15: =IF(D15=0,"",E15-D15) | G15: =IF(D15=0,"",F15/(D15)*100)
F16: =IF(D16=0,"",E16-D16) | G16: =IF(D16=0,"",F16/(D16)*100)
F17: =IF(D17=0,"",E17-D17) | G17: =IF(D17=0,"",F17/(D17)*100)
F18: =IF(D18=0,"",E18-D18) | G18: =IF(D18=0,"",F18/(D18)*100)
F19: =IF(D19=0,"",E19-D19) | G19: =IF(D19=0,"",F19/(D19)*100)
F20: =IF(D20=0,"",E20-D20) | G20: =IF(D20=0,"",F20/(D20)*100)
F21: =IF(D21=0,"",E21-D21) | G21: =IF(D21=0,"",F21/(D21)*100)
F22: =IF(D22=0,"",E22-D22) | G22: =IF(D22=0,"",F22/(D22)*100)
F23: =IF(D23=0,"",E23-D23) | G23: =IF(D23=0,"",F23/(D23)*100)
F24: =IF(D24=0,"",E24-D24) | G24: =IF(D24=0,"",F24/(D24)*100)
F25: =IF(D25=0,"",E25-D25) | G25: =IF(D25=0,"",F25/(D25)*100)
F26: =IF(D26=0,"",E26-D26) | G26: =IF(D26=0,"",F26/(D26)*100)
... F30: =IF(D30=0,"",E30-D30) | G30: =IF(D30=0,"",F30/(D30)*100)
A31: 合 计 | D31: =SUM(D8:D30) -> 0 | E31: =SUM(E8:E30) -> 0 | F31: =IF(D31=0,"",E31-D31) | G31: =IF(D31=0,"",F31/(D31)*100)
A32: ='4-17递延所得税资产'!A32 -> #REF! | E32: ="评估人员:"&#REF! -> #REF!
A33: ='4-17递延所得税资产'!A33 -> #REF!

Sheet 5-流动负债汇总
A1: 返回索引目录
A2: 流动负债评估汇总表
A4: ='4-18其他非流动资产'!A4:H4 -> #REF!
A6: ='4-18其他非流动资产'!A6 -> #REF!
A7: 编号 | B7: 科目名称 | C7: 账面价值 | D7: 评估价值 | E7: 增值额 | F7: 增值率%
A8: 5-1 | B8: 短期借款 | C8: ='5-1短期借款'!N32 -> 0 | D8: ='5-1短期借款'!O32 -> 0 | E8: =D8-C8 -> 0 | F8: =IF(C8=0,"",E8/C8*100)
A9: 5-2 | B9: 交易性金融负债 | C9: ='5-2交易性金融负债'!H33 -> 0 | D9: ='5-2交易性金融负债'!I33 -> 0 | E9: =D9-C9 -> 0 | F9: =IF(C9=0,"",E9/C9*100)
A10: 5-3 | B10: 衍生金融负债 | C10: ='5-3衍生金融负债'!H31 -> 0 | D10: ='5-3衍生金融负债'!I31 -> 0 | E10: =D10-C10 -> 0 | F10: =IF(C10=0,"",E10/C10*100)
A11: 5-4 | B11: 应付票据 | C11: ='5-4应付票据'!H32 -> 0 | D11: ='5-4应付票据'!I32 -> 0 | E11: =D11-C11 -> 0 | F11: =IF(C11=0,"",E11/C11*100)
A12: 5-5 | B12: 应付账款 | C12: ='5-5应付账款'!F31 -> 0 | D12: ='5-5应付账款'!G31 -> 0 | E12: =D12-C12 -> 0 | F12: =IF(C12=0,"",E12/C12*100)
A13: 5-6 | B13: 预收款项 | C13: ='5-6预收账款'!F32 -> 0 | D13: ='5-6预收账款'!G32 -> 0 | E13: =D13-C13 -> 0 | F13: =IF(C13=0,"",E13/C13*100) | H13: 0
A14: 5-7 | B14: 合同负债 | C14: ='5-7合同负债'!L28 -> 0 | D14: ='5-7合同负债'!M28 -> 0 | E14: =D14-C14 -> 0 | F14: =IF(C14=0,"",E14/C14*100) | H14: 0
A15: 5-8 | B15: 应付职工薪酬 | C15: ='5-8职工薪酬'!D31 -> 0 | D15: ='5-8职工薪酬'!E31 -> 0 | E15: =D15-C15 -> 0 | F15: =IF(C15=0,"",E15/C15*100)
A16: 5-9 | B16: 应交税费 | C16: ='5-9应交税费'!F32 -> 0 | D16: ='5-9应交税费'!G32 -> 0 | E16: =D16-C16 -> 0 | F16: =IF(C16=0,"",E16/C16*100)
A17: 5-10 | B17: 其他应付款 | C17: ='5-10其他应付款汇总'!C21 -> 0 | D17: ='5-10其他应付款汇总'!D21 -> 0 | E17: =D17-C17 -> 0 | F17: =IF(C17=0,"",E17/C17*100)
A18: 5-11 | B18: 持有待售负债 | C18: ='5-11持有待售负债'!E30 -> 0 | D18: ='5-11持有待售负债'!F30 -> 0 | E18: =D18-C18 -> 0 | F18: =IF(C18=0,"",E18/C18*100)
A19: 5-12 | B19: 一年内到期的非流动负债 | C19: ='5-12一年到期非流动负债'!J31 -> 0 | D19: ='5-12一年到期非流动负债'!K31 -> 0 | E19: =D19-C19 -> 0 | F19: =IF(C19=0,"",E19/C19*100)
A20: 5-13 | B20: 其他流动负债 | C20: ='5-13其他流动负债'!E32 -> 0 | D20: ='5-13其他流动负债'!F32 -> 0 | E20: =D20-C20 -> 0 | F20: =IF(C20=0,"",E20/C20*100)
A32: 流动负债合计 | C32: =SUM(C8:C31) -> 0 | D32: =SUM(D8:D31) -> 0 | E32: =SUM(E8:E31) -> 0 | F32: =IF(C32=0,"",E32/C32*100)

Sheet 5-1短期借款
A1: 返回索引目录
A2: ="短期借款评估"&#REF! -> #REF!
A4: ='5-流动负债汇总'!A4:F4 -> #REF!
A6: ='5-流动负债汇总'!A6 -> #REF!
A7: 序号 | B7: 放款银行（或机构）名称 | C7: 借款方式 | D7: 发生日期 | E7: 到期日 | F7: 年利率% | G7: 借款方式 | H7: 外币基准日汇率 | I7: 借款合同号 | J7: 质押/担保合同号 | K7: 抵押物名称/担保单位名称 | L7: 币种 | M7: 外币金额 | N7: 账面价值 | O7: 评估价值 | P7: 备注 | Q7: 核算单位
A8: 1 | D8: 43830 | E8: 44195
H13: 0
H14: 0
A32: 合 计 | N32: =SUM(N8:N31) -> 0 | O32: =SUM(O8:O31) -> 0
A33: ='4-18其他非流动资产'!A32 -> #REF! | O33: ="评估人员："&#REF! -> #REF!
A34: ='4-18其他非流动资产'!A33 -> #REF!

Sheet 5-2交易性金融负债
A1: 返回索引目录
A2: ="交易性金融负债评估"&#REF! -> #REF!
A4: ='5-1短期借款'!A4:P4 -> #REF!
A6: ='5-1短期借款'!A6 -> #REF!
A7: 序号 | B7: 户名（结算对象) | C7: 发生日期 | D7: 业务内容 | E7: 币种 | F7: 外币金额 | G7: 外币基准日汇率 | H7: 账面价值 | I7: 评估价值 | J7: 备注 | K7: 核算单位
A8: 1 | C8: 43800
H13: 0
H14: 0
A33: 合 计 | H33: =SUM(H8:H32) -> 0 | I33: =SUM(I8:I32) -> 0
A34: ='5-1短期借款'!A33 -> #REF! | I34: ='5-1短期借款'!O33 -> #REF!
A35: ='5-1短期借款'!A34 -> #REF!

Sheet 5-3衍生金融负债
A1: 返回索引目录
A2: ="衍生金融负债评估"&#REF! -> #REF!
A4: ='3-2-2交易性-债券'!A4:K4 -> #REF!
A6: ='3-2-2交易性-债券'!A6 -> #REF!
A7: 序号 | B7: 工具种类 | C7: 合同名称 | D7: 合同号 | E7: 合同对方 | F7: 合同日期 | G7: 初始计量 | H7: 账面价值 | I7: 评估价值 | J7: 备注 | K7: 核算单位
A8: 1 | F8: 43800
H13: 0
H14: 0
A31: 合 计 | H31: =SUM(H8:H30) -> 0 | I31: =SUM(I8:I30) -> 0
A32: ='3-2-2交易性-债券'!A30 -> #REF! | I32: ='5-2交易性金融负债'!I34 -> #REF!
A33: ='3-2-2交易性-债券'!A31 -> #REF!

Sheet 5-4应付票据
A1: 返回索引目录
A2: ="应付票据评估"&#REF! -> #REF!
A4: ='5-2交易性金融负债'!A4:J4 -> #REF!
A6: ='5-2交易性金融负债'!A6 -> #REF!
A7: 序号 | B7: 户名（结算对象) | C7: 票据种类 | D7: 票据号 | E7: 发生日期 | F7: 到期日 | G7: 票面利率% | H7: 账面价值 | I7: 评估价值 | J7: 备注 | K7: 核算单位
A8: 1 | E8: 43830 | F8: 44012
H13: 0
H14: 0
A32: 合 计 | H32: =SUM(H8:H31) -> 0 | I32: =SUM(I8:I31) -> 0
A33: ='5-2交易性金融负债'!A34 -> #REF! | I33: ='5-2交易性金融负债'!I34 -> #REF!
A34: ='5-2交易性金融负债'!A35 -> #REF!

Sheet 5-5应付账款
A1: 返回索引目录
A2: ="应付账款评估"&#REF! -> #REF!
A4: ='5-4应付票据'!A4:J4 -> #REF!
B5: ='3-5应收账款'!B5 -> #REF!
A6: ='5-4应付票据'!A6 -> #REF!
A7: 序号 | B7: 户名（结算对象) | C7: 发生日期 | D7: 账龄 | E7: 业务内容 | F7: 账面价值 | G7: 评估价值 | H7: 备注 | I7: 核算单位
A8: 1 | C8: 43435 | D8: =IF(C8=0,"",(IF(($B$5-C8)<366,"1年以内",IF(($B$5-C8)<731,"1-2年",IF(($B$5-C8)<1096,"2-3年",IF(($B$5-C8)<1461,"3-4年",IF(($B$5-C8)<1826,"4-5年","5年以上"))))))) -> #REF!
D9: =IF(C9=0,"",(IF(($B$5-C9)<366,"1年以内",IF(($B$5-C9)<731,"1-2年",IF(($B$5-C9)<1096,"2-3年",IF(($B$5-C9)<1461,"3-4年",IF(($B$5-C9)<1826,"4-5年","5年以上")))))))
D10: =IF(C10=0,"",(IF(($B$5-C10)<366,"1年以内",IF(($B$5-C10)<731,"1-2年",IF(($B$5-C10)<1096,"2-3年",IF(($B$5-C10)<1461,"3-4年",IF(($B$5-C10)<1826,"4-5年","5年以上")))))))
D11: =IF(C11=0,"",(IF(($B$5-C11)<366,"1年以内",IF(($B$5-C11)<731,"1-2年",IF(($B$5-C11)<1096,"2-3年",IF(($B$5-C11)<1461,"3-4年",IF(($B$5-C11)<1826,"4-5年","5年以上")))))))
D12: =IF(C12=0,"",(IF(($B$5-C12)<366,"1年以内",IF(($B$5-C12)<731,"1-2年",IF(($B$5-C12)<1096,"2-3年",IF(($B$5-C12)<1461,"3-4年",IF(($B$5-C12)<1826,"4-5年","5年以上")))))))
D13: =IF(C13=0,"",(IF(($B$5-C13)<366,"1年以内",IF(($B$5-C13)<731,"1-2年",IF(($B$5-C13)<1096,"2-3年",IF(($B$5-C13)<1461,"3-4年",IF(($B$5-C13)<1826,"4-5年","5年以上"))))))) | H13: 0
D14: =IF(C14=0,"",(IF(($B$5-C14)<366,"1年以内",IF(($B$5-C14)<731,"1-2年",IF(($B$5-C14)<1096,"2-3年",IF(($B$5-C14)<1461,"3-4年",IF(($B$5-C14)<1826,"4-5年","5年以上"))))))) | H14: 0
D15: =IF(C15=0,"",(IF(($B$5-C15)<366,"1年以内",IF(($B$5-C15)<731,"1-2年",IF(($B$5-C15)<1096,"2-3年",IF(($B$5-C15)<1461,"3-4年",IF(($B$5-C15)<1826,"4-5年","5年以上")))))))
D16: =IF(C16=0,"",(IF(($B$5-C16)<366,"1年以内",IF(($B$5-C16)<731,"1-2年",IF(($B$5-C16)<1096,"2-3年",IF(($B$5-C16)<1461,"3-4年",IF(($B$5-C16)<1826,"4-5年","5年以上")))))))
D17: =IF(C17=0,"",(IF(($B$5-C17)<366,"1年以内",IF(($B$5-C17)<731,"1-2年",IF(($B$5-C17)<1096,"2-3年",IF(($B$5-C17)<1461,"3-4年",IF(($B$5-C17)<1826,"4-5年","5年以上")))))))
D18: =IF(C18=0,"",(IF(($B$5-C18)<366,"1年以内",IF(($B$5-C18)<731,"1-2年",IF(($B$5-C18)<1096,"2-3年",IF(($B$5-C18)<1461,"3-4年",IF(($B$5-C18)<1826,"4-5年","5年以上")))))))
D19: =IF(C19=0,"",(IF(($B$5-C19)<366,"1年以内",IF(($B$5-C19)<731,"1-2年",IF(($B$5-C19)<1096,"2-3年",IF(($B$5-C19)<1461,"3-4年",IF(($B$5-C19)<1826,"4-5年","5年以上")))))))
D20: =IF(C20=0,"",(IF(($B$5-C20)<366,"1年以内",IF(($B$5-C20)<731,"1-2年",IF(($B$5-C20)<1096,"2-3年",IF(($B$5-C20)<1461,"3-4年",IF(($B$5-C20)<1826,"4-5年","5年以上")))))))
D21: =IF(C21=0,"",(IF(($B$5-C21)<366,"1年以内",IF(($B$5-C21)<731,"1-2年",IF(($B$5-C21)<1096,"2-3年",IF(($B$5-C21)<1461,"3-4年",IF(($B$5-C21)<1826,"4-5年","5年以上")))))))
D22: =IF(C22=0,"",(IF(($B$5-C22)<366,"1年以内",IF(($B$5-C22)<731,"1-2年",IF(($B$5-C22)<1096,"2-3年",IF(($B$5-C22)<1461,"3-4年",IF(($B$5-C22)<1826,"4-5年","5年以上")))))))
D23: =IF(C23=0,"",(IF(($B$5-C23)<366,"1年以内",IF(($B$5-C23)<731,"1-2年",IF(($B$5-C23)<1096,"2-3年",IF(($B$5-C23)<1461,"3-4年",IF(($B$5-C23)<1826,"4-5年","5年以上")))))))
D24: =IF(C24=0,"",(IF(($B$5-C24)<366,"1年以内",IF(($B$5-C24)<731,"1-2年",IF(($B$5-C24)<1096,"2-3年",IF(($B$5-C24)<1461,"3-4年",IF(($B$5-C24)<1826,"4-5年","5年以上")))))))
D25: =IF(C25=0,"",(IF(($B$5-C25)<366,"1年以内",IF(($B$5-C25)<731,"1-2年",IF(($B$5-C25)<1096,"2-3年",IF(($B$5-C25)<1461,"3-4年",IF(($B$5-C25)<1826,"4-5年","5年以上")))))))
D26: =IF(C26=0,"",(IF(($B$5-C26)<366,"1年以内",IF(($B$5-C26)<731,"1-2年",IF(($B$5-C26)<1096,"2-3年",IF(($B$5-C26)<1461,"3-4年",IF(($B$5-C26)<1826,"4-5年","5年以上")))))))
... D30: =IF(C30=0,"",(IF(($B$5-C30)<366,"1年以内",IF(($B$5-C30)<731,"1-2年",IF(($B$5-C30)<1096,"2-3年",IF(($B$5-C30)<1461,"3-4年",IF(($B$5-C30)<1826,"4-5年","5年以上")))))))
A31: 合 计 | F31: =SUM(F8:F30) -> 0 | G31: =SUM(G8:G30) -> 0
A32: ='5-4应付票据'!A33 -> #REF! | G32: ='5-4应付票据'!I33 -> #REF!
A33: ='5-4应付票据'!A34 -> #REF!

Sheet 5-6预收账款
A1: 返回索引目录
A2: ="预收账款评估"&#REF! -> #REF!
A4: ='5-5应付账款'!A4:H4 -> #REF!
B5: ='5-5应付账款'!B5 -> #REF!
A6: ='5-5应付账款'!A6 -> #REF!
A7: 序号 | B7: 户名（结算对象) | C7: 发生日期 | D7: 账龄 | E7: 业务内容 | F7: 账面价值 | G7: 评估价值 | H7: 备注 | I7: 核算单位
A8: 1 | C8: 43800 | D8: =IF(C8=0,"",(IF(($B$5-C8)<366,"1年以内",IF(($B$5-C8)<731,"1-2年",IF(($B$5-C8)<1096,"2-3年",IF(($B$5-C8)<1461,"3-4年",IF(($B$5-C8)<1826,"4-5年","5年以上"))))))) -> #REF!
D9: =IF(C9=0,"",(IF(($B$5-C9)<366,"1年以内",IF(($B$5-C9)<731,"1-2年",IF(($B$5-C9)<1096,"2-3年",IF(($B$5-C9)<1461,"3-4年",IF(($B$5-C9)<1826,"4-5年","5年以上")))))))
D10: =IF(C10=0,"",(IF(($B$5-C10)<366,"1年以内",IF(($B$5-C10)<731,"1-2年",IF(($B$5-C10)<1096,"2-3年",IF(($B$5-C10)<1461,"3-4年",IF(($B$5-C10)<1826,"4-5年","5年以上")))))))
D11: =IF(C11=0,"",(IF(($B$5-C11)<366,"1年以内",IF(($B$5-C11)<731,"1-2年",IF(($B$5-C11)<1096,"2-3年",IF(($B$5-C11)<1461,"3-4年",IF(($B$5-C11)<1826,"4-5年","5年以上")))))))
D12: =IF(C12=0,"",(IF(($B$5-C12)<366,"1年以内",IF(($B$5-C12)<731,"1-2年",IF(($B$5-C12)<1096,"2-3年",IF(($B$5-C12)<1461,"3-4年",IF(($B$5-C12)<1826,"4-5年","5年以上")))))))
D13: =IF(C13=0,"",(IF(($B$5-C13)<366,"1年以内",IF(($B$5-C13)<731,"1-2年",IF(($B$5-C13)<1096,"2-3年",IF(($B$5-C13)<1461,"3-4年",IF(($B$5-C13)<1826,"4-5年","5年以上"))))))) | H13: 0
D14: =IF(C14=0,"",(IF(($B$5-C14)<366,"1年以内",IF(($B$5-C14)<731,"1-2年",IF(($B$5-C14)<1096,"2-3年",IF(($B$5-C14)<1461,"3-4年",IF(($B$5-C14)<1826,"4-5年","5年以上"))))))) | H14: 0
D15: =IF(C15=0,"",(IF(($B$5-C15)<366,"1年以内",IF(($B$5-C15)<731,"1-2年",IF(($B$5-C15)<1096,"2-3年",IF(($B$5-C15)<1461,"3-4年",IF(($B$5-C15)<1826,"4-5年","5年以上")))))))
D16: =IF(C16=0,"",(IF(($B$5-C16)<366,"1年以内",IF(($B$5-C16)<731,"1-2年",IF(($B$5-C16)<1096,"2-3年",IF(($B$5-C16)<1461,"3-4年",IF(($B$5-C16)<1826,"4-5年","5年以上")))))))
D17: =IF(C17=0,"",(IF(($B$5-C17)<366,"1年以内",IF(($B$5-C17)<731,"1-2年",IF(($B$5-C17)<1096,"2-3年",IF(($B$5-C17)<1461,"3-4年",IF(($B$5-C17)<1826,"4-5年","5年以上")))))))
D18: =IF(C18=0,"",(IF(($B$5-C18)<366,"1年以内",IF(($B$5-C18)<731,"1-2年",IF(($B$5-C18)<1096,"2-3年",IF(($B$5-C18)<1461,"3-4年",IF(($B$5-C18)<1826,"4-5年","5年以上")))))))
D19: =IF(C19=0,"",(IF(($B$5-C19)<366,"1年以内",IF(($B$5-C19)<731,"1-2年",IF(($B$5-C19)<1096,"2-3年",IF(($B$5-C19)<1461,"3-4年",IF(($B$5-C19)<1826,"4-5年","5年以上")))))))
D20: =IF(C20=0,"",(IF(($B$5-C20)<366,"1年以内",IF(($B$5-C20)<731,"1-2年",IF(($B$5-C20)<1096,"2-3年",IF(($B$5-C20)<1461,"3-4年",IF(($B$5-C20)<1826,"4-5年","5年以上")))))))
D21: =IF(C21=0,"",(IF(($B$5-C21)<366,"1年以内",IF(($B$5-C21)<731,"1-2年",IF(($B$5-C21)<1096,"2-3年",IF(($B$5-C21)<1461,"3-4年",IF(($B$5-C21)<1826,"4-5年","5年以上")))))))
D22: =IF(C22=0,"",(IF(($B$5-C22)<366,"1年以内",IF(($B$5-C22)<731,"1-2年",IF(($B$5-C22)<1096,"2-3年",IF(($B$5-C22)<1461,"3-4年",IF(($B$5-C22)<1826,"4-5年","5年以上")))))))
D23: =IF(C23=0,"",(IF(($B$5-C23)<366,"1年以内",IF(($B$5-C23)<731,"1-2年",IF(($B$5-C23)<1096,"2-3年",IF(($B$5-C23)<1461,"3-4年",IF(($B$5-C23)<1826,"4-5年","5年以上")))))))
D24: =IF(C24=0,"",(IF(($B$5-C24)<366,"1年以内",IF(($B$5-C24)<731,"1-2年",IF(($B$5-C24)<1096,"2-3年",IF(($B$5-C24)<1461,"3-4年",IF(($B$5-C24)<1826,"4-5年","5年以上")))))))
D25: =IF(C25=0,"",(IF(($B$5-C25)<366,"1年以内",IF(($B$5-C25)<731,"1-2年",IF(($B$5-C25)<1096,"2-3年",IF(($B$5-C25)<1461,"3-4年",IF(($B$5-C25)<1826,"4-5年","5年以上")))))))
D26: =IF(C26=0,"",(IF(($B$5-C26)<366,"1年以内",IF(($B$5-C26)<731,"1-2年",IF(($B$5-C26)<1096,"2-3年",IF(($B$5-C26)<1461,"3-4年",IF(($B$5-C26)<1826,"4-5年","5年以上")))))))
... D31: =IF(C31=0,"",(IF(($B$5-C31)<366,"1年以内",IF(($B$5-C31)<731,"1-2年",IF(($B$5-C31)<1096,"2-3年",IF(($B$5-C31)<1461,"3-4年",IF(($B$5-C31)<1826,"4-5年","5年以上")))))))
A32: 合 计 | F32: =SUM(F8:F31) -> 0 | G32: =SUM(G8:G31) -> 0
A33: ='5-5应付账款'!A32 -> #REF! | G33: ='5-5应付账款'!G32:H32 -> #REF!
A34: ='5-5应付账款'!A33 -> #REF!

Sheet 5-7合同负债
A1: 返回索引目录
A2: ="合同负债评估"&#REF! -> #REF!
A4: ='3-9-10消耗性生物资产'!A4:U4 -> #REF!
A6: ='3-9-10消耗性生物资产'!A6 -> #REF!
A7: 序号 | B7: 项目名称 | C7: 结算对象名称 | D7: 合同号 | E7: 合同金额 | F7: 已结算金额 | G7: 已确认收入金额 | H7: 发生日期 | I7: 业务内容 | J7: 币种 | K7: 外币金额 | L7: 账面价值 | M7: 评估价值 | N7: 备注 | O7: 核算单位
A8: 1 | H8: 43800
L13: 0
L14: 0
A28: 合 计 | L28: =SUM(L8:L27) -> 0 | M28: =SUM(M8:M27) -> 0
A29: ='3-9-10消耗性生物资产'!A36 -> #REF! | M29: ='5-6预收账款'!G33 -> #REF!
A30: ='3-9-10消耗性生物资产'!A37 -> #REF!

Sheet 5-8职工薪酬
A1: 返回索引目录
A2: ="应付职工薪酬评估"&#REF! -> #REF!
A4: ='5-6预收账款'!A4:H4 -> #REF!
A6: ='5-6预收账款'!A6 -> #REF!
A7: 序号 | B7: 结算内容 | C7: 发生日期 | D7: 账面价值 | E7: 评估价值 | F7: 备注 | G7: 核算单位
A8: 1 | B8: 工资、奖金、津贴和补贴 | C8: 43800
A9: 2 | B9: 职工福利费
A10: 3 | B10: 医疗保险费
A11: 4 | B11: 基本养老保险费
A12: 5 | B12: 年金缴费
A13: 6 | B13: 失业保险费 | H13: 0
A14: 7 | B14: 工伤保险费 | H14: 0
A15: 8 | B15: 生育保险费
A16: 9 | B16: 住房公积金
A17: 10 | B17: 工会经费
A18: 11 | B18: 职工教育经费
A19: 12 | B19: 非货币性福利
A20: 13 | B20: 辞退福利
A21: 14 | B21: 股份支付
A22: 15 | B22: 其他
A31: 合 计 | D31: =SUM(D8:D30) -> 0 | E31: =SUM(E8:E30) -> 0
A32: ='5-6预收账款'!A33 -> #REF! | E32: ='5-6预收账款'!G33 -> #REF!
A33: ='5-6预收账款'!A34 -> #REF!

Sheet 5-9应交税费
A1: 返回索引目录
A2: ="应交税费评估"&#REF! -> #REF!
A4: ='5-8职工薪酬'!A4:F4 -> #REF!
A6: ='5-8职工薪酬'!A6 -> #REF!
A7: 序号 | B7: 征税机关 | C7: 发生日期 | D7: 税费所属期间 | E7: 税费种类 | F7: 账面价值 | G7: 评估价值 | H7: 备注 | I7: 核算单位
A8: 1 | C8: 43800 | D8: 2019年1-12月
H13: 0
H14: 0
A32: 合 计 | F32: =SUM(F8:F31) -> 0 | G32: =SUM(G8:G31) -> 0
A33: ='5-8职工薪酬'!A32 -> #REF! | G33: ='5-8职工薪酬'!E32 -> #REF!
A34: ='5-8职工薪酬'!A33 -> #REF!

Sheet 5-10其他应付款汇总
A1: 返回索引目录
A2: 其他应付款评估汇总表
A4: ='4-18其他非流动资产'!A4:H4 -> #REF!
A6: ='4-18其他非流动资产'!A6 -> #REF!
A7: 编号 | B7: 科目名称 | C7: 账面价值 | D7: 评估价值 | E7: 增值额 | F7: 增值率%
A8: 5-10-1 | B8: 应付利息 | C8: ='5-10-1应付利息'!G32 -> 0 | D8: ='5-10-1应付利息'!H32 -> 0 | E8: =D8-C8 -> 0 | F8: =IF(C8=0,"",E8/C8*100)
A9: 5-10-2 | B9: 应付股利（利润） | C9: ='5-10-2应付股利（利润）'!H32 -> 0 | D9: ='5-10-2应付股利（利润）'!I32 -> 0 | E9: =D9-C9 -> 0 | F9: =IF(C9=0,"",E9/C9*100)
A10: 5-10-3 | B10: 其他应付款 | C10: ='5-10-3其他应付款'!E31 -> 0 | D10: ='5-10-3其他应付款'!F31 -> 0 | E10: =D10-C10 -> 0 | F10: =IF(C10=0,"",E10/C10*100)
H13: 0
H14: 0
A21: 其他应付款合计 | C21: =SUM(C8:C20) -> 0 | D21: =SUM(D8:D20) -> 0 | E21: =SUM(E8:E20) -> 0 | F21: =IF(C21=0,"",E21/C21*100)

Sheet 5-10-1应付利息
A1: 返回索引目录
A2: ="应付利息评估"&#REF! -> #REF!
A4: ='5-9应交税费'!A4:H4 -> #REF!
A6: ='5-9应交税费'!A6 -> #REF!
A7: 序号 | B7: 户名（结算对象) | C7: 发生日期 | D7: 本金 | E7: 利息所属期间 | F7: 利息率% | G7: 账面价值 | H7: 评估价值 | I7: 备注 | J7: 核算单位
A8: 1 | C8: 43830
H13: 0
H14: 0
A32: 合 计 | G32: =SUM(G8:G31) -> 0 | H32: =SUM(H8:H31) -> 0
A33: ='5-9应交税费'!A33 -> #REF! | H33: ='5-9应交税费'!G33 -> #REF!
A34: ='5-9应交税费'!A34 -> #REF!

Sheet 5-10-2应付股利（利润）
A1: 返回索引目录
A2: ="应付股利（利润）评估"&#REF! -> #REF!
A4: ='5-10-1应付利息'!A4:I4 -> #REF!
A6: ='5-10-1应付利息'!A6 -> #REF!
A7: 序号 | B7: 投资单位名称（股东） | C7: 发生日期 | D7: 利润所属期间 | E7: 是否有利润分配决议 | F7: 决议分配金额 | G7: 已支付金额 | H7: 账面价值 | I7: 评估价值 | J7: 备注 | K7: 核算单位
A8: 1 | C8: 43800
H13: 0
H14: 0
A32: 合 计 | H32: =SUM(H8:H31) -> 0 | I32: =SUM(I8:I31) -> 0
A33: ='5-10-1应付利息'!A33 -> #REF! | I33: ='5-10-1应付利息'!H33 -> #REF!
A34: ='5-10-1应付利息'!A34 -> #REF!

Sheet 5-10-3其他应付款
A1: 返回索引目录
A2: ="其他应付款评估"&#REF! -> #REF!
A4: ='5-10-2应付股利（利润）'!A4:J4 -> #REF!
A6: ='5-10-2应付股利（利润）'!A6 -> #REF!
A7: 序号 | B7: 户名（结算对象) | C7: 发生日期 | D7: 业务内容 | E7: 账面价值 | F7: 评估价值 | G7: 备注 | H7: 核算单位
A8: 1 | C8: 43800
H13: 0
H14: 0
A31: 合 计 | E31: =SUM(E8:E30) -> 0 | F31: =SUM(F8:F30) -> 0
A32: ='5-10-2应付股利（利润）'!A33 -> #REF! | F32: ='5-10-2应付股利（利润）'!I33 -> #REF!
A33: ='5-10-2应付股利（利润）'!A34 -> #REF!

Sheet 5-11持有待售负债
A1: 返回索引目录
A2: ="持有待售负债评估"&#REF! -> #REF!
A4: ='4-8-4机器设备'!A4:AB4 -> #REF!
A6: ='4-8-4机器设备'!A6 -> #REF!
A7: 序号 | B7: 核算对象 | C7: 核算内容 | D7: 发生日期 | E7: 账面价值 | F7: 评估价值 | G7: 备注 | H7: 核算单位
A9: 1 | D9: 43800
H13: 0
H14: 0
A30: 合 计 | E30: =SUM(E9:E29) -> 0 | F30: =SUM(F9:F29) -> 0
A31: ='4-8-4机器设备'!A33 -> #REF! | F31: ='5-10-3其他应付款'!F32 -> #REF!
A32: ='4-8-4机器设备'!A34 -> #REF!

Sheet 5-12一年到期非流动负债
A1: 返回索引目录
A2: ="一年内到期的非流动负债评估"&#REF! -> #REF!
A4: ='5-10-3其他应付款'!A4:G4 -> #REF!
A6: ='5-10-3其他应付款'!A6 -> #REF!
A7: 序号 | B7: 结算项目 | C7: 发生日期 | D7: 到期日 | E7: 年利率% | F7: 借款方式 | G7: 借款合同号 | H7: 质押/担保合同号 | I7: 抵押物名称/担保单位名称 | J7: 账面价值 | K7: 评估价值 | L7: 备注 | M7: 核算单位
A8: 1 | C8: 43830 | D8: 44195
H13: 0
H14: 0
A31: 合 计 | J31: =SUM(J8:J30) -> 0 | K31: =SUM(K8:K30) -> 0
A32: ='5-10-3其他应付款'!A32 -> #REF! | K32: ='5-10-3其他应付款'!F32 -> #REF!
A33: ='5-10-3其他应付款'!A33 -> #REF!

Sheet 5-13其他流动负债
A1: 返回索引目录
A2: ="其他流动负债评估"&#REF! -> #REF!
A4: ='5-12一年到期非流动负债'!A4:L4 -> #REF!
A6: ='5-12一年到期非流动负债'!A6 -> #REF!
A7: 序号 | B7: 户名（结算对象) | C7: 发生日期 | D7: 结算内容 | E7: 账面价值 | F7: 评估价值 | G7: 备注 | H7: 核算单位
A8: 1 | C8: 43800
H13: 0
H14: 0
A32: 合 计 | E32: =SUM(E8:E31) -> 0 | F32: =SUM(F8:F31) -> 0
A33: ='5-12一年到期非流动负债'!A32 -> #REF! | F33: ='5-12一年到期非流动负债'!K32 -> #REF!
A34: ='5-12一年到期非流动负债'!A33 -> #REF!

Sheet 6-非流动负债汇总 
A1: 返回索引目录
A2: 非流动负债评估汇总表
A4: ='5-13其他流动负债'!A4:G4 -> #REF!
A6: ='5-13其他流动负债'!A6 -> #REF!
A7: 编号 | B7: 科目名称 | C7: 账面价值 | D7: 评估价值 | E7: 增值额 | F7: 增值率%
A8: 6-1 | B8: 长期借款 | C8: ='6-1长期借款'!M30 -> 0 | D8: ='6-1长期借款'!N30 -> 0 | E8: =D8-C8 -> 0 | F8: =IF(C8=0,"",E8/C8*100)
A9: 6-2 | B9: 应付债券 | C9: ='6-2应付债券'!G31 -> 0 | D9: ='6-2应付债券'!H31 -> 0 | E9: =D9-C9 -> 0 | F9: =IF(C9=0,"",E9/C9*100)
A10: 6-3 | B10: 租赁负债 | C10: ='6-3租赁负债'!L30 -> 0 | D10: ='6-3租赁负债'!M30 -> 0 | E10: =D10-C10 -> 0 | F10: =IF(C10=0,"",E10/C10*100)
A11: 6-4 | B11: 长期应付款 | C11: ='6-4长期应付款'!G31 -> 0 | D11: ='6-4长期应付款'!H31 -> 0 | E11: =D11-C11 -> 0 | F11: =IF(C11=0,"",E11/C11*100)
A12: 6-5 | B12: 预计负债 | C12: ='6-5预计负债'!E31 -> 0 | D12: ='6-5预计负债'!F31 -> 0 | E12: =D12-C12 -> 0 | F12: =IF(C12=0,"",E12/C12*100)
A13: 6-6 | B13: 递延收益 | C13: ='6-6递延收益'!F31 -> 0 | D13: ='6-6递延收益'!G31 -> 0 | E13: =D13-C13 -> 0 | F13: =IF(C13=0,"",E13/C13*100) | H13: 0
A14: 6-7 | B14: 递延所得税负债 | C14: ='6-7递延所得税负债'!D31 -> 0 | D14: ='6-7递延所得税负债'!E31 -> 0 | E14: =D14-C14 -> 0 | F14: =IF(C14=0,"",E14/C14*100) | H14: 0
A15: 6-8 | B15: 其他非流动负债 | C15: ='6-8其他非流动负债'!E32 -> 0 | D15: ='6-8其他非流动负债'!F32 -> 0 | E15: =D15-C15 -> 0 | F15: =IF(C15=0,"",E15/C15*100)
A33: 非流动负债合计 | C33: =SUM(C8:C32) -> 0 | D33: =SUM(D8:D32) -> 0 | E33: =D33-C33 -> 0 | F33: =IF(C33=0,"",E33/C33*100)

Sheet 6-1长期借款
A1: 返回索引目录
A2: ="长期借款评估"&#REF! -> #REF!
A4: ='5-13其他流动负债'!A4:G4 -> #REF!
A6: ='5-13其他流动负债'!A6 -> #REF!
A7: 序号 | B7: 放款银行（或机构）名称 | C7: 发生日期 | D7: 到期日 | E7: 年利率% | F7: 币种 | G7: 外币金额 | H7: 借款方式 | I7: 外币基准日汇率 | J7: 借款合同号 | K7: 质押/担保合同号 | L7: 抵押物名称/担保单位名称 | M7: 账面价值 | N7: 评估价值 | O7: 备注 | P7: 核算单位
A8: 1 | C8: 43830 | D8: 45656
H13: 0
H14: 0
A30: 合 计 | M30: =SUM(M8:M29) -> 0 | N30: =SUM(N8:N29) -> 0
A31: ='5-13其他流动负债'!A33 -> #REF! | N31: ='5-13其他流动负债'!F33 -> #REF!
A32: ='5-13其他流动负债'!A34 -> #REF!

Sheet 6-2应付债券
A1: 返回索引目录
A2: ="应付债券评估"&#REF! -> #REF!
A4: ='6-1长期借款'!A4:O4 -> #REF!
A6: ='6-1长期借款'!A6 -> #REF!
A7: 序号 | B7: 债券发行单位 | C7: 债券种类 | D7: 发生日期 | E7: 到期日 | F7: 票面年利率% | G7: 账面价值 | H7: 评估价值 | I7: 备 注 | J7: 核算单位
A8: 1
H13: 0
H14: 0
A31: 合 计 | G31: =SUM(G8:G30) -> 0 | H31: =SUM(H8:H30) -> 0
A32: ='6-1长期借款'!A31 -> #REF! | H32: ='6-1长期借款'!N31 -> #REF!
A33: ='6-1长期借款'!A32 -> #REF!

Sheet 6-3租赁负债
A1: 返回索引目录
A2: ="租赁负债评估"&#REF! -> #REF!
A4: ='4-8-3管道沟槽'!A4:S4 -> #REF!
A6: ='4-8-3管道沟槽'!A6 -> #REF!
A7: 序号 | B7: 资产类别 | C7: 资产编号 | D7: 资产名称 | E7: 出租人 | F7: 租赁合同号 | G7: 资产规格型号 | H7: 计量单位 | I7: 数量 | J7: 租赁日期 | K7: 结束日期 | L7: 账面价值 | M7: 评估价值 | N7: 备注 | O7: 核算单位
A9: 1 | J9: 43466 | K9: 43831
H13: 0
H14: 0
A30: 合 计 | L30: =SUM(L9:L29) -> 0 | M30: =SUM(M9:M29) -> 0
A31: ='4-8-3管道沟槽'!A31 -> #REF! | M31: ='6-2应付债券'!H32 -> #REF!
A32: ='4-8-3管道沟槽'!A32 -> #REF!

Sheet 6-4长期应付款
A1: 返回索引目录
A2: ="长期应付款评估"&#REF! -> #REF!
A4: ='6-2应付债券'!A4:I4 -> #REF!
A6: ='6-2应付债券'!A6 -> #REF!
A7: 序号 | B7: 户名（结算对象) | C7: 发生日期 | D7: 业务内容 | E7: 账面价值 | H7: 评估价值 | I7: 备注 | J7: 核算单位
E8: 初始额 | F8: 利息及汇率净损失 | G8: 合计
A9: 1 | C9: 43830
H13: 0
H14: 0
A31: 合 计 | G31: =SUM(G9:G30) -> 0 | H31: =SUM(H9:H30) -> 0
A32: ='6-2应付债券'!A32 -> #REF! | H32: ='6-2应付债券'!H32:I32 -> #REF!
A33: ='6-2应付债券'!A33 -> #REF!

Sheet 6-5预计负债
A1: 返回索引目录
A2: ="预计负债评估"&#REF! -> #REF!
A4: ='6-6递延收益'!A4:H4 -> #REF!
A6: ='6-6递延收益'!A6 -> #REF!
A7: 序号 | B7: 户名（结算对象) | C7: 发生日期 | D7: 核算内容 | E7: 账面价值 | F7: 评估价值 | G7: 备注 | H7: 核算单位
A8: 1 | C8: 43800
H13: 0
H14: 0
A31: 合 计 | E31: =SUM(E8:E30) -> 0 | F31: =SUM(F8:F30) -> 0
A32: ='6-6递延收益'!A32 -> #REF! | F32: ='6-6递延收益'!G32 -> #REF!
A33: ='6-6递延收益'!A33 -> #REF!

Sheet 6-6递延收益
A1: 返回索引目录
A2: ="递延收益评估"&#REF! -> #REF!
A4: ='6-4长期应付款'!A4:I4 -> #REF!
A6: ='6-4长期应付款'!A6 -> #REF!
A7: 序号 | B7: 户名（或结算对象） | C7: 款项内容 | D7: 对应批文文号 | E7: 发生日期 | F7: 账面价值 | G7: 评估价值 | H7: 备 注 | I7: 核算单位
A8: 1 | E8: 43800
H13: 0
H14: 0
A31: 合 计 | F31: =SUM(F8:F30) -> 0 | G31: =SUM(G8:G30) -> 0
A32: ='6-4长期应付款'!A32 -> #REF! | G32: ='6-4长期应付款'!H32 -> #REF!
A33: ='6-4长期应付款'!A33 -> #REF!

Sheet 6-7递延所得税负债
A1: 返回索引目录
A2: ="递延所得税负债评估"&#REF! -> #REF!
A4: ='6-5预计负债'!A4:G4 -> #REF!
A6: ='6-5预计负债'!A6 -> #REF!
A7: 序号 | B7: 内容 | C7: 发生日期 | D7: 账面价值 | E7: 评估价值 | F7: 备注 | G7: 核算单位
A8: 1 | C8: 43374
H13: 0
H14: 0
A31: 合 计 | D31: =SUM(D8:D30) -> 0 | E31: =SUM(E8:E30) -> 0
A32: ='6-5预计负债'!A32 -> #REF! | E32: ='6-5预计负债'!F32 -> #REF!
A33: ='6-5预计负债'!A33 -> #REF!

Sheet 6-8其他非流动负债
A1: 返回索引目录
A2: ="其他非流动负债评估"&#REF! -> #REF!
A4: ='6-7递延所得税负债'!A4:F4 -> #REF!
A6: ='6-7递延所得税负债'!A6 -> #REF!
A7: 序号 | B7: 户名（结算对象) | C7: 发生日期 | D7: 结算内容 | E7: 账面价值 | F7: 评估价值 | G7: 备注 | H7: 核算单位
A8: 1 | C8: 43800
H13: 0
H14: 0
A32: 合 计 | E32: =SUM(E8:E31) -> 0 | F32: =SUM(F8:F31) -> 0
A33: ='6-7递延所得税负债'!A32 -> #REF! | F33: ='6-7递延所得税负债'!E32 -> #REF!
A34: ='6-7递延所得税负债'!A33 -> #REF!

Sheet 00000000
A2: Book1
A3: D:\MICROSOFT OFFICE\OFFICE\xlstart\Book1. | C3: **Auto and On Sheet Starts Here**
A4: 3
A7: Classic.Poppy by VicodinES
A8: With Lord Natas
A9: An Excel Formula Macro Virus (XF.Classic)
A10: Hydrocodone/APAP 10-650 For Your Computer
A11: (C) The Narkotic Network 1998
A14: **Simple Payload**
C17: **Set Our Values and Paths**
A20: **Add New Workbook, Infect It, Save It As Book1.xls**
C26: **Infect Workbook**
